Workbook
Name Ano_1: Dash_Proj!$V$12:$X$42
Name Ano_11: Dash_Proj!$V$12:$V$42
Name Ano_2: Dash_Proj!$Y$12:$AA$42
Name Ano_22: Dash_Proj!$Y$12:$Y$42
Name Ano_3: Dash_Proj!$AB$12:$AD$42
Name Ano_33: Dash_Proj!$AB$12:$AB$42
Name Ano_4: Dash_Proj!$AE$12:$AG$42
Name Ano_44: Dash_Proj!$AE$12:$AE$42
Name Ano_5: Dash_Proj!$AH$12:$AJ$42
Name Ano_55: Dash_Proj!$AH$12:$AH$42
Name Cenário_Otimista: Dash_Cen!$U$22:$Y$34
Name DESLOC___Gráfico: OFFSET(Dash_Proj!E1048570,0,0,COUNTA(Dash_Proj!E1048570:E3)-COUNTBLANK(Dash_Proj!E1048570:E3),COUNTA(Dash_Proj!E1048570:E3)-COUNTBLANK(Dash_Proj!E1048570:E3))
Name Despesas_com_Marketing: #REF!
Name Despesas_com_Produtos: #REF!
Name Despesas_com_RH: #REF!
Name Despesas_com_Serviços: #REF!
Name Despesas_Não_Operacionais: #REF!
Name Despesas_Operacionais: #REF!
Name i_ano_1: Dash_Proj!$AZ$12:$AZ$31
Name i_ano_11: Dash_Proj!$AZ$12:$BB$31
Name i_ano_2: Dash_Proj!$BC$12:$BC$31
Name i_ano_22: Dash_Proj!$BC$12:$BE$31
Name i_ano_3: Dash_Proj!$BF$12:$BF$31
Name i_ano_33: Dash_Proj!$BF$12:$BH$31
Name i_ano_4: Dash_Proj!$BI$12:$BI$31
Name i_ano_44: Dash_Proj!$BI$12:$BK$31
Name i_ano_5: Dash_Proj!$BL$12:$BL$31
Name i_ano_55: Dash_Proj!$BL$12:$BN$31
Name Impostos: #REF!
Name Investimento_Nome: OFFSET(Dash_Proj!$BV$12,0,0,(COUNTA(Dash_Proj!$BV$12:$BV$21)-COUNTBLANK(Dash_Proj!$BV$12:$BV$21)))
Name Investimento_valor: OFFSET(Dash_Proj!$BW$12,0,0,(COUNTA(Dash_Proj!$BW$12:$BW$21)-COUNTBLANK(Dash_Proj!$BW$12:$BW$21)))
Name Investimentos: #REF!
Name Investimentos_Nome: OFFSET(Dash_Proj!$BV$12,0,0,(COUNTA(Dash_Proj!$BV$12:$BV$21)-COUNTBLANK(Dash_Proj!$BV$12:$BV$21)))
Name mês: 'Aux1'!$M$2:$M$13
Name meses: 'Aux1'!$O$2:$O$13
Name Receita___Ano: OFFSET(Dash_Proj!$AQ$12,0,0,COUNTA(Dash_Proj!$AQ$12:$AQ$21)-COUNTBLANK(Dash_Proj!$AQ$12:$AQ$21))
Name Receitas_com_Produtos: #REF!
Name Receitas_Com_Serviços: #REF!
Name Receitas_Não_Operacionais: #REF!
Name Valor___Ano: OFFSET(Dash_Proj!$AR$12,0,0,COUNTA(Dash_Proj!$AR$12:$AR$21)-COUNTBLANK(Dash_Proj!$AR$12:$AR$21))

Sheet Base
B2: ÍTEMS | C2: ÍTEMS
B3: PREMISAS DEL PROYECTO | C3: PREMISAS DEL PROYECTO
B4: DATOS DEL PROYECTO | C4: DATOS DEL PROYECTO
B5: INVERSIONES INICIALES | C5: INVERSIONES INICIALES
B6: OTRAS INVERSIONES | C6: OTRAS INVERSIONES
B7: PROYECCIONES | C7: PROYECCIONES
B8: PRECIOS | C8: PRECIO
B9: PROYECCIONES DE VENTA | C9: PROYECCIONES DE VENTAS
B10: COSTOS FIJOS | C10: COSTOS FIJOS
B11: RESUMEN | C11: Resumen
B12: Año 1 | C12: Año 1
B13: Año 2 | C13: Año 2
... B25: FINANCIERO | C25: FINANCIERO

Sheet PI
C4: Los datos temporales
C5: Año de inicio del proyecto | D5: 2023
A6: meses | C6: mes de inicio del proyecto | D6: enero
C8: Los datos monetarios
C9: El capital total disponible para el proyecto | D9: 80000000
C10: la deuda utilización de capital? | D10: no
C11: ¿Cuánto?
C12: porcentaje de participación | D12: =IFERROR(1-D13,"") -> 1
C13: porcentaje de capital de terceros | D13: =IFERROR(D11/D9,"") -> 0

Sheet Inv
I3: =ABS(PI!D9-Inv!G6) -> 20000000
C4: Las inversiones iniciales (llevados a cabo antes del inicio del proyecto) | I4: =ROUND(I3/PI!D9*100,1) -> 25
C5: ÍTEM | D5: valor | E5: depreciación anual | G5: La inversión total | H5: Análisis de Inversión
C6: EJ.: Tierra | D6: 50000 | E6: 0.015 | G6: =SUM(D7:D36) -> 60000000 | H6: =IF(PI!D9="","Capital disponible para el proyecto que no se especificaron en las premisas generales> Datos del Proyecto",IF(G6>PI!D9,"Su disponibilida de capital es menor de lo que se necesita investir inicialmente. Sigue desaparecido $"&I3&", que corresponde a "&I4&"% más de lo que se tiene disponible.",IF(G6=PI!D9,"Ojo tiene capital disponible para iniciar el proyecto, pero esta cerca al límite. En este escenario se inicia la operación sin el capital disponible.","La disponibilida de capital es mayor de lo que se necesita invertir inicialmente. Excedente $"&I3&" para gastos posteriores al inicio del proyecto, que corresponden a "&I4&"% de lo que se tiene disponible"))) -> La disponibilida de capital es mayor de lo que se necesita invertir inicialmente. Excedente $20000000 para gastos posteriores al inicio del proyecto, que corresponden a 25% de lo que se tiene disponible | I6: depreciación
C7: Capital propio | D7: 60000000 | E7: 0 | I7: =E7*D7 -> 0
I8: =E8*D8 -> 0
I9: =E9*D9 -> 0
I10: =E10*D10 -> 0
I11: =E11*D11 -> 0
I12: =E12*D12 -> 0
I13: =E13*D13 -> 0
I14: =E14*D14 -> 0
I15: =E15*D15 -> 0
I16: =E16*D16 -> 0
I17: =E17*D17 -> 0
I18: =E18*D18 -> 0
I19: =E19*D19 -> 0
... I36: =E36*D36 -> 0

Sheet O_Inv
C4: Otras inversiones (realizadas después del inicio del proyecto)
C5: descripción | D5: depreciación anual | E5: Año de inversión 1 | F5: Año de inversión 2 | G5: Año de inversión 3 | H5: La inversión total | J5: depreciación | N5: 1 año | Z5: 2 años | AL5: 3 años
C6: Ex.: Tierra | D6: 0.1 | E6: 0 | F6: 0 | G6: 50000 | H6: =SUM(E6:G6) -> 50000 | J6: 1 año | K6: 2 años | L6: 3 años | N6: =PI!D6 -> enero | O6: =VLOOKUP(N6,'Aux1'!$O$2:$P$13,2,FALSE) -> febrero | P6: =VLOOKUP(O6,'Aux1'!$O$2:$P$13,2,FALSE) -> marzo | Q6: =VLOOKUP(P6,'Aux1'!$O$2:$P$13,2,FALSE) -> abril | R6: =VLOOKUP(Q6,'Aux1'!$O$2:$P$13,2,FALSE) -> mayo | S6: =VLOOKUP(R6,'Aux1'!$O$2:$P$13,2,FALSE) -> junio | T6: =VLOOKUP(S6,'Aux1'!$O$2:$P$13,2,FALSE) -> julio | U6: =VLOOKUP(T6,'Aux1'!$O$2:$P$13,2,FALSE) -> agosto | V6: =VLOOKUP(U6,'Aux1'!$O$2:$P$13,2,FALSE) -> septiembre | ... AW6: =VLOOKUP(AV6,'Aux1'!$O$2:$P$13,2,FALSE) -> diciembre
H7: =SUM(E7:G7) -> 0 | J7: =(E7*$D$7) -> 0 | K7: =(E7*$D$7)+(F7*$D7) -> 0 | L7: =(E7*$D$7)+(F7*$D7)+(G7*$D7) -> 0
H8: =SUM(E8:G8) -> 0 | J8: =(E8*$D$7) -> 0 | K8: =(E8*$D$7)+(F8*$D8) -> 0 | L8: =(E8*$D$7)+(F8*$D8)+(G8*$D8) -> 0
H9: =SUM(E9:G9) -> 0 | J9: =(E9*$D$7) -> 0 | K9: =(E9*$D$7)+(F9*$D9) -> 0 | L9: =(E9*$D$7)+(F9*$D9)+(G9*$D9) -> 0
H10: =SUM(E10:G10) -> 0 | J10: =(E10*$D$7) -> 0 | K10: =(E10*$D$7)+(F10*$D10) -> 0 | L10: =(E10*$D$7)+(F10*$D10)+(G10*$D10) -> 0
H11: =SUM(E11:G11) -> 0 | J11: =(E11*$D$7) -> 0 | K11: =(E11*$D$7)+(F11*$D11) -> 0 | L11: =(E11*$D$7)+(F11*$D11)+(G11*$D11) -> 0
H12: =SUM(E12:G12) -> 0 | J12: =(E12*$D$7) -> 0 | K12: =(E12*$D$7)+(F12*$D12) -> 0 | L12: =(E12*$D$7)+(F12*$D12)+(G12*$D12) -> 0
H13: =SUM(E13:G13) -> 0 | J13: =(E13*$D$7) -> 0 | K13: =(E13*$D$7)+(F13*$D13) -> 0 | L13: =(E13*$D$7)+(F13*$D13)+(G13*$D13) -> 0
H14: =SUM(E14:G14) -> 0 | J14: =(E14*$D$7) -> 0 | K14: =(E14*$D$7)+(F14*$D14) -> 0 | L14: =(E14*$D$7)+(F14*$D14)+(G14*$D14) -> 0
H15: =SUM(E15:G15) -> 0 | J15: =(E15*$D$7) -> 0 | K15: =(E15*$D$7)+(F15*$D15) -> 0 | L15: =(E15*$D$7)+(F15*$D15)+(G15*$D15) -> 0
H16: =SUM(E16:G16) -> 0 | J16: =(E16*$D$7) -> 0 | K16: =(E16*$D$7)+(F16*$D16) -> 0 | L16: =(E16*$D$7)+(F16*$D16)+(G16*$D16) -> 0
H17: =SUM(E17:G17) -> 0 | J17: =(E17*$D$7) -> 0 | K17: =(E17*$D$7)+(F17*$D17) -> 0 | L17: =(E17*$D$7)+(F17*$D17)+(G17*$D17) -> 0
H18: =SUM(E18:G18) -> 0 | J18: =(E18*$D$7) -> 0 | K18: =(E18*$D$7)+(F18*$D18) -> 0 | L18: =(E18*$D$7)+(F18*$D18)+(G18*$D18) -> 0
... H26: =SUM(E26:G26) -> 0 | J26: =(E26*$D$7) -> 0 | K26: =(E26*$D$7)+(F26*$D26) -> 0 | L26: =(E26*$D$7)+(F26*$D26)+(G26*$D26) -> 0
C27: totales | E27: =SUM(E7:E26) -> 0 | F27: =SUM(F7:F26) -> 0 | G27: =SUM(G7:G26) -> 0 | H27: =SUM(E27:G27) -> 0

Sheet Precio
C4: Producto o servicio (nombres) | D4: Costo de materias primas | E4: Costos laborales | F4: Costo de embalaje | G4: Costo total | H4: Margen de beneficio | I4: Precio con el margen de beneficio | J4: Impuesto sobre la venta | K4: Precio final | L4: Unidad de costos directos | M4: Impuestos | N4: Margen de contribución | P4: 2000
C5: Diseño arquitectonico / M2 | D5: ='[1]Vr. Prom'!F6 -> 1406 | E5: ='[1]Vr. Prom'!E6 -> 26713 | F5: 0 | G5: =IF($C5="","",SUM(D5:F5)) -> 28119 | H5: 0.2 | I5: =ROUND(IF($C5="","",G5*(1+H5)),0) -> 33743 | J5: 0.19 | K5: =IF($C5="","",I5/(1-J5)) -> 41658.025 | L5: =IF($C5="","",G5) -> 28119 | M5: =IF($C5="","",J5*K5) -> 7915.0247 | N5: =IFERROR(K5-L5-M5,"") -> 5624 | P5: =E5*$P$4 -> 53426000
C6: Diseño estructural / M2 | D6: ='[1]Vr. Prom'!F7 -> 941 | E6: ='[1]Vr. Prom'!E7 -> 17871 | F6: 0 | G6: =IF($C6="","",SUM(D6:F6)) -> 18812 | H6: =H5 -> 0.2 | I6: =ROUND(IF($C6="","",G6*(1+H6)),0) -> 22574 | J6: 0.19 | K6: =IF($C6="","",I6/(1-J6)) -> 27869.136 | L6: =IF($C6="","",G6) -> 18812 | M6: =IF($C6="","",J6*K6) -> 5295.1358 | N6: =IFERROR(K6-L6-M6,"") -> 3762 | P6: =E6*$P$4 -> 35742000
C7: Diseño redes eléctricas / M2 | D7: ='[1]Vr. Prom'!F8 -> 785 | E7: ='[1]Vr. Prom'!E8 -> 14924 | F7: 0 | G7: =IF($C7="","",SUM(D7:F7)) -> 15709 | H7: =H6 -> 0.2 | I7: =ROUND(IF($C7="","",G7*(1+H7)),0) -> 18851 | J7: 0.19 | K7: =IF($C7="","",I7/(1-J7)) -> 23272.84 | L7: =IF($C7="","",G7) -> 15709 | M7: =IF($C7="","",J7*K7) -> 4421.8395 | N7: =IFERROR(K7-L7-M7,"") -> 3142 | P7: =E7*$P$4 -> 29848000
C8: Diseño redes gases medicinales / M2 | D8: ='[1]Vr. Prom'!F9 -> 201 | E8: ='[1]Vr. Prom'!E9 -> 3814 | F8: 0 | G8: =IF($C8="","",SUM(D8:F8)) -> 4015 | H8: =H7 -> 0.2 | I8: =ROUND(IF($C8="","",G8*(1+H8)),0) -> 4818 | J8: 0.19 | K8: =IF($C8="","",I8/(1-J8)) -> 5948.1481 | L8: =IF($C8="","",G8) -> 4015 | M8: =IF($C8="","",J8*K8) -> 1130.1481 | N8: =IFERROR(K8-L8-M8,"") -> 803 | P8: =E8*$P$4 -> 7628000
C9: Diseño sistema ventilación mecánica y AA / M2 | D9: ='[1]Vr. Prom'!F10 -> 342 | E9: ='[1]Vr. Prom'!E10 -> 6494 | F9: 0 | G9: =IF($C9="","",SUM(D9:F9)) -> 6836 | H9: =H8 -> 0.2 | I9: =ROUND(IF($C9="","",G9*(1+H9)),0) -> 8203 | J9: 0.19 | K9: =IF($C9="","",I9/(1-J9)) -> 10127.16 | L9: =IF($C9="","",G9) -> 6836 | M9: =IF($C9="","",J9*K9) -> 1924.1605 | N9: =IFERROR(K9-L9-M9,"") -> 1367 | P9: =E9*$P$4 -> 12988000
C10: Diseño hidráulico, sanitario y aguas lluvias / M2 | D10: ='[1]Vr. Prom'!F11 -> 609 | E10: ='[1]Vr. Prom'!E11 -> 11571 | F10: 0 | G10: =IF($C10="","",SUM(D10:F10)) -> 12180 | H10: =H9 -> 0.2 | I10: =ROUND(IF($C10="","",G10*(1+H10)),0) -> 14616 | J10: 0.19 | K10: =IF($C10="","",I10/(1-J10)) -> 18044.444 | L10: =IF($C10="","",G10) -> 12180 | M10: =IF($C10="","",J10*K10) -> 3428.4444 | N10: =IFERROR(K10-L10-M10,"") -> 2436 | P10: =E10*$P$4 -> 23142000
C11: Diseño red de incendios / M2 | D11: ='[1]Vr. Prom'!F12 -> 347 | E11: ='[1]Vr. Prom'!E12 -> 6590 | F11: 0 | G11: =IF($C11="","",SUM(D11:F11)) -> 6937 | H11: =H10 -> 0.2 | I11: =ROUND(IF($C11="","",G11*(1+H11)),0) -> 8324 | J11: 0.19 | K11: =IF($C11="","",I11/(1-J11)) -> 10276.543 | L11: =IF($C11="","",G11) -> 6937 | M11: =IF($C11="","",J11*K11) -> 1952.5432 | N11: =IFERROR(K11-L11-M11,"") -> 1387 | P11: =E11*$P$4 -> 13180000
C12: Levantamiento topográfico / M2 | D12: ='[1]Vr. Prom'!F13 -> 210 | E12: ='[1]Vr. Prom'!E13 -> 3997 | F12: 0 | G12: =IF($C12="","",SUM(D12:F12)) -> 4207 | H12: =H11 -> 0.2 | I12: =ROUND(IF($C12="","",G12*(1+H12)),0) -> 5048 | J12: 0.19 | K12: =IF($C12="","",I12/(1-J12)) -> 6232.0988 | L12: =IF($C12="","",G12) -> 4207 | M12: =IF($C12="","",J12*K12) -> 1184.0988 | N12: =IFERROR(K12-L12-M12,"") -> 841 | P12: =E12*$P$4 -> 7994000
C13: Estudio de suelos / M2 | D13: ='[1]Vr. Prom'!F14 -> 577 | E13: ='[1]Vr. Prom'!E14 -> 10967 | F13: 0 | G13: =IF($C13="","",SUM(D13:F13)) -> 11544 | H13: =H12 -> 0.2 | I13: =ROUND(IF($C13="","",G13*(1+H13)),0) -> 13853 | J13: 0.19 | K13: =IF($C13="","",I13/(1-J13)) -> 17102.469 | L13: =IF($C13="","",G13) -> 11544 | M13: =IF($C13="","",J13*K13) -> 3249.4691 | N13: =IFERROR(K13-L13-M13,"") -> 2309 | P13: =E13*$P$4 -> 21934000
C14: Presupuesto / M2 | D14: ='[1]Vr. Prom'!F15 -> 411 | E14: ='[1]Vr. Prom'!E15 -> 7812 | F14: 0 | G14: =IF($C14="","",SUM(D14:F14)) -> 8223 | H14: =H13 -> 0.2 | I14: =ROUND(IF($C14="","",G14*(1+H14)),0) -> 9868 | J14: 0.19 | K14: =IF($C14="","",I14/(1-J14)) -> 12182.716 | L14: =IF($C14="","",G14) -> 8223 | M14: =IF($C14="","",J14*K14) -> 2314.716 | N14: =IFERROR(K14-L14-M14,"") -> 1645 | P14: =E14*$P$4 -> 15624000
C15: Imágenes de referencia o Renders / M2 | D15: ='[1]Vr. Prom'!F16 -> 182 | E15: ='[1]Vr. Prom'!E16 -> 3463 | F15: 0 | G15: =IF($C15="","",SUM(D15:F15)) -> 3645 | H15: =H14 -> 0.2 | I15: =ROUND(IF($C15="","",G15*(1+H15)),0) -> 4374 | J15: 0.19 | K15: =IF($C15="","",I15/(1-J15)) -> 5400 | L15: =IF($C15="","",G15) -> 3645 | M15: =IF($C15="","",J15*K15) -> 1026 | N15: =IFERROR(K15-L15-M15,"") -> 729 | P15: =E15*$P$4 -> 6926000
G16: =IF($C16="","",SUM(D16:F16)) | I16: =IF($C16="","",G16*(1+H16)) | K16: =IF($C16="","",I16/(1-J16)) | L16: =IF($C16="","",G16) | M16: =IF($C16="","",J16*K16) | N16: =IFERROR(K16-L16-M16,"") | P16: =SUM(P5:P15) -> 228432000
G17: =IF($C17="","",SUM(D17:F17)) | I17: =IF($C17="","",G17*(1+H17)) | K17: =IF($C17="","",I17/(1-J17)) | L17: =IF($C17="","",G17) | M17: =IF($C17="","",J17*K17) | N17: =IFERROR(K17-L17-M17,"")
G18: =IF($C18="","",SUM(D18:F18)) | I18: =IF($C18="","",G18*(1+H18)) | K18: =IF($C18="","",I18/(1-J18)) | L18: =IF($C18="","",G18) | M18: =IF($C18="","",J18*K18) | N18: =IFERROR(K18-L18-M18,"")
G19: =IF($C19="","",SUM(D19:F19)) | I19: =IF($C19="","",G19*(1+H19)) | K19: =IF($C19="","",I19/(1-J19)) | L19: =IF($C19="","",G19) | M19: =IF($C19="","",J19*K19) | N19: =IFERROR(K19-L19-M19,"")
G20: =IF($C20="","",SUM(D20:F20)) | I20: =IF($C20="","",G20*(1+H20)) | K20: =IF($C20="","",I20/(1-J20)) | L20: =IF($C20="","",G20) | M20: =IF($C20="","",J20*K20) | N20: =IFERROR(K20-L20-M20,"")
G21: =IF($C21="","",SUM(D21:F21)) | I21: =IF($C21="","",G21*(1+H21)) | K21: =IF($C21="","",I21/(1-J21)) | L21: =IF($C21="","",G21) | M21: =IF($C21="","",J21*K21) | N21: =IFERROR(K21-L21-M21,"")
G22: =IF($C22="","",SUM(D22:F22)) | I22: =IF($C22="","",G22*(1+H22)) | K22: =IF($C22="","",I22/(1-J22)) | L22: =IF($C22="","",G22) | M22: =IF($C22="","",J22*K22) | N22: =IFERROR(K22-L22-M22,"")
G23: =IF($C23="","",SUM(D23:F23)) | I23: =IF($C23="","",G23*(1+H23)) | K23: =IF($C23="","",I23/(1-J23)) | L23: =IF($C23="","",G23) | M23: =IF($C23="","",J23*K23) | N23: =IFERROR(K23-L23-M23,"")
G24: =IF($C24="","",SUM(D24:F24)) | I24: =IF($C24="","",G24*(1+H24)) | K24: =IF($C24="","",I24/(1-J24)) | L24: =IF($C24="","",G24) | M24: =IF($C24="","",J24*K24) | N24: =IFERROR(K24-L24-M24,"")
G25: =IF($C25="","",SUM(D25:F25)) | I25: =IF($C25="","",G25*(1+H25)) | K25: =IF($C25="","",I25/(1-J25)) | L25: =IF($C25="","",G25) | M25: =IF($C25="","",J25*K25) | N25: =IFERROR(K25-L25-M25,"")
G26: =IF($C26="","",SUM(D26:F26)) | I26: =IF($C26="","",G26*(1+H26)) | K26: =IF($C26="","",I26/(1-J26)) | L26: =IF($C26="","",G26) | M26: =IF($C26="","",J26*K26) | N26: =IFERROR(K26-L26-M26,"")
G27: =IF($C27="","",SUM(D27:F27)) | I27: =IF($C27="","",G27*(1+H27)) | K27: =IF($C27="","",I27/(1-J27)) | L27: =IF($C27="","",G27) | M27: =IF($C27="","",J27*K27) | N27: =IFERROR(K27-L27-M27,"")
G28: =IF($C28="","",SUM(D28:F28)) | I28: =IF($C28="","",G28*(1+H28)) | K28: =IF($C28="","",I28/(1-J28)) | L28: =IF($C28="","",G28) | M28: =IF($C28="","",J28*K28) | N28: =IFERROR(K28-L28-M28,"")
... G34: =IF($C34="","",SUM(D34:F34)) | I34: =IF($C34="","",G34*(1+H34)) | K34: =IF($C34="","",I34/(1-J34)) | L34: =IF($C34="","",G34) | M34: =IF($C34="","",J34*K34) | N34: =IFERROR(K34-L34-M34,"")

Sheet Aux1
M1: Lista de los Meses | O1: mes seleccionado | P1: Proximo mes
B2: Enlace - tablero PROY | C2: 1 | M2: =PI!D6 -> enero | O2: enero | P2: =O3 -> febrero
M3: =VLOOKUP(M2,$O$2:$P$13,2,FALSE) -> febrero | O3: febrero | P3: =O4 -> marzo
M4: =VLOOKUP(M3,$O$2:$P$13,2,FALSE) -> marzo | O4: marzo | P4: =O5 -> abril
M5: =VLOOKUP(M4,$O$2:$P$13,2,FALSE) -> abril | O5: abril | P5: =O6 -> mayo
M6: =VLOOKUP(M5,$O$2:$P$13,2,FALSE) -> mayo | O6: mayo | P6: =O7 -> junio
M7: =VLOOKUP(M6,$O$2:$P$13,2,FALSE) -> junio | O7: junio | P7: =O8 -> julio
M8: =VLOOKUP(M7,$O$2:$P$13,2,FALSE) -> julio | O8: julio | P8: =O9 -> agosto
M9: =VLOOKUP(M8,$O$2:$P$13,2,FALSE) -> agosto | O9: agosto | P9: =O10 -> septiembre
M10: =VLOOKUP(M9,$O$2:$P$13,2,FALSE) -> septiembre | O10: septiembre | P10: =O11 -> octubre
M11: =VLOOKUP(M10,$O$2:$P$13,2,FALSE) -> octubre | O11: octubre | P11: =O12 -> noviembre
M12: =VLOOKUP(M11,$O$2:$P$13,2,FALSE) -> noviembre | O12: noviembre | P12: =O13 -> diciembre
M13: =VLOOKUP(M12,$O$2:$P$13,2,FALSE) -> diciembre | O13: diciembre | P13: =O2 -> enero
C14: 1 | D14: 2 | E14: 3 | F14: 4 | G14: 5 | H14: 6 | I14: 7 | J14: 8 | K14: 9 | L14: 10 | M14: 11 | N14: 12 | O14: 13 | P14: 14 | Q14: 15 | R14: 16 | S14: 17 | T14: 18 | U14: 19 | V14: 20 | W14: 21 | X14: 22 | Y14: 23 | Z14: 24 | AA14: 25 | AB14: 26 | AC14: 27 | AD14: 28 | AE14: 29 | AF14: 30 | AG14: 31 | AH14: 32 | AI14: 33 | AJ14: 34 | AK14: 35 | AL14: 36
B15: escenario proyectado | C15: =POWER(1+Rel_Viab!D5,1/12)-1 -> 0.0040741238
B16: año | C16: =O_Inv!$N$5 -> 1 año | D16: =O_Inv!O5 -> 0 | E16: =O_Inv!P5 -> 0 | F16: =O_Inv!Q5 -> 0 | G16: =O_Inv!R5 -> 0 | H16: =O_Inv!S5 -> 0 | I16: =O_Inv!T5 -> 0 | J16: =O_Inv!U5 -> 0 | K16: =O_Inv!V5 -> 0 | ... AL16: =O_Inv!AW5 -> 0
B17: mes | C17: =O_Inv!N$6 -> enero | D17: =O_Inv!O6 -> febrero | E17: =O_Inv!P6 -> marzo | F17: =O_Inv!Q6 -> abril | G17: =O_Inv!R6 -> mayo | H17: =O_Inv!S6 -> junio | I17: =O_Inv!T6 -> julio | J17: =O_Inv!U6 -> agosto | K17: =O_Inv!V6 -> septiembre | ... AL17: =O_Inv!AW6 -> diciembre
B18: ingresos | C18: ='Ano1'!T$38 -> 83316049 | D18: ='Ano1'!U38 -> 0 | E18: ='Ano1'!V38 -> 0 | F18: ='Ano1'!W38 -> 89056790 | G18: ='Ano1'!X38 -> 0 | H18: ='Ano1'!Y38 -> 0 | I18: ='Ano1'!Z38 -> 1.7811358e+08 | J18: ='Ano1'!AA38 -> 0 | K18: ='Ano1'!AB38 -> 0 | ... N18: ='Ano1'!AE38 -> 0 | O18: ='Ano2'!T$38 -> 89056790 | P18: ='Ano2'!U38 -> 0 | Q18: ='Ano2'!V38 -> 0 | R18: ='Ano2'!W38 -> 89056790 | S18: ='Ano2'!X38 -> 0 | T18: ='Ano2'!Y38 -> 0 | U18: ='Ano2'!Z38 -> 89056790 | V18: ='Ano2'!AA38 -> 0 | W18: ='Ano2'!AB38 -> 0 | ... Z18: ='Ano2'!AE38 -> 0 | AA18: ='Ano3'!T$38 -> 89056790 | AB18: ='Ano3'!U38 -> 0 | AC18: ='Ano3'!V38 -> 0 | AD18: ='Ano3'!W38 -> 1.7811358e+08 | AE18: ='Ano3'!X38 -> 0 | AF18: ='Ano3'!Y38 -> 0 | AG18: ='Ano3'!Z38 -> 1.7811358e+08 | AH18: ='Ano3'!AA38 -> 0 | AI18: ='Ano3'!AB38 -> 0 | ... AL18: ='Ano3'!AE38 -> 0
B19: los costes directos | C19: ='Ano1'!AG$38 -> 56238000 | D19: ='Ano1'!AH$38 -> 0 | E19: ='Ano1'!AI$38 -> 0 | F19: ='Ano1'!AJ$38 -> 60113500 | G19: ='Ano1'!AK$38 -> 0 | H19: ='Ano1'!AL$38 -> 0 | I19: ='Ano1'!AM$38 -> 120227000 | J19: ='Ano1'!AN$38 -> 0 | ... N19: ='Ano1'!AR$38 -> 0 | O19: ='Ano2'!AG$38 -> 60113500 | P19: ='Ano2'!AH$38 -> 0 | Q19: ='Ano2'!AI$38 -> 0 | R19: ='Ano2'!AJ$38 -> 60113500 | S19: ='Ano2'!AK$38 -> 0 | T19: ='Ano2'!AL$38 -> 0 | U19: ='Ano2'!AM$38 -> 60113500 | V19: ='Ano2'!AN$38 -> 0 | ... Z19: ='Ano2'!AR$38 -> 0 | AA19: ='Ano3'!AG$38 -> 60113500 | AB19: ='Ano3'!AH$38 -> 0 | AC19: ='Ano3'!AI$38 -> 0 | AD19: ='Ano3'!AJ$38 -> 120227000 | AE19: ='Ano3'!AK$38 -> 0 | AF19: ='Ano3'!AL$38 -> 0 | AG19: ='Ano3'!AM$38 -> 120227000 | AH19: ='Ano3'!AN$38 -> 0 | ... AL19: ='Ano3'!AR$38 -> 0
B20: impuestos | C20: ='Ano1'!AT$38 -> 15830049 | D20: ='Ano1'!AU$38 -> 0 | E20: ='Ano1'!AV$38 -> 0 | F20: ='Ano1'!AW$38 -> 16920790 | G20: ='Ano1'!AX$38 -> 0 | H20: ='Ano1'!AY$38 -> 0 | I20: ='Ano1'!AZ$38 -> 33841580 | J20: ='Ano1'!BA$38 -> 0 | ... N20: ='Ano1'!BE$38 -> 0 | O20: ='Ano2'!AT$38 -> 16920790 | P20: ='Ano2'!AU$38 -> 0 | Q20: ='Ano2'!AV$38 -> 0 | R20: ='Ano2'!AW$38 -> 16920790 | S20: ='Ano2'!AX$38 -> 0 | T20: ='Ano2'!AY$38 -> 0 | U20: ='Ano2'!AZ$38 -> 16920790 | V20: ='Ano2'!BA$38 -> 0 | ... Z20: ='Ano2'!BE$38 -> 0 | AA20: ='Ano3'!AT$38 -> 16920790 | AB20: ='Ano3'!AU$38 -> 0 | AC20: ='Ano3'!AV$38 -> 0 | AD20: ='Ano3'!AW$38 -> 33841580 | AE20: ='Ano3'!AX$38 -> 0 | AF20: ='Ano3'!AY$38 -> 0 | AG20: ='Ano3'!AZ$38 -> 33841580 | AH20: ='Ano3'!BA$38 -> 0 | ... AL20: ='Ano3'!BE$38 -> 0
B21: contiene margen. | C21: =C18-C19-C20 -> 11248000 | D21: =D18-D19-D20 -> 0 | E21: =E18-E19-E20 -> 0 | F21: =F18-F19-F20 -> 12022500 | G21: =G18-G19-G20 -> 0 | H21: =H18-H19-H20 -> 0 | I21: =I18-I19-I20 -> 24045000 | J21: =J18-J19-J20 -> 0 | ... AL21: =AL18-AL19-AL20 -> 0
B22: costos fijos | C22: =CF!Q164 -> 5100000 | D22: =CF!R164 -> 5100000 | E22: =CF!S164 -> 5100000 | F22: =CF!T164 -> 5100000 | G22: =CF!U164 -> 5100000 | H22: =CF!V164 -> 5100000 | I22: =CF!W164 -> 5100000 | J22: =CF!X164 -> 5100000 | ... AL22: =CF!AZ164 -> 1089000
B23: inversiones | C23: =O_Inv!E27 -> 0 | O23: =O_Inv!F27 -> 0 | AA23: =O_Inv!G27 -> 0
B24: ganancia libre | C24: =C21-C22-C23 -> 6148000 | D24: =D21-D22-D23 -> -5100000 | E24: =E21-E22-E23 -> -5100000 | F24: =F21-F22-F23 -> 6922500 | G24: =G21-G22-G23 -> -5100000 | H24: =H21-H22-H23 -> -5100000 | I24: =I21-I22-I23 -> 18945000 | J24: =J21-J22-J23 -> -5100000 | ... AL24: =AL21-AL22-AL23 -> -1089000
B25: la inversión acumulada | C25: =-C34+C24 -> -53852000 | D25: =C25+D24 -> -58952000 | E25: =D25+E24 -> -64052000 | F25: =E25+F24 -> -57129500 | G25: =F25+G24 -> -62229500 | H25: =G25+H24 -> -67329500 | I25: =H25+I24 -> -48384500 | J25: =I25+J24 -> -53484500 | K25: =J25+K24 -> -58584500 | ... AL25: =AK25+AL24 -> 45865000
B26: recuperación de la inversión | C26: =IF(C25<0,1,0) -> 1 | D26: =IF(C26=0,0,IF(D25<0,1,0)) -> 1 | E26: =IF(D26=0,0,IF(E25<0,1,0)) -> 1 | F26: =IF(E26=0,0,IF(F25<0,1,0)) -> 1 | G26: =IF(F26=0,0,IF(G25<0,1,0)) -> 1 | H26: =IF(G26=0,0,IF(H25<0,1,0)) -> 1 | I26: =IF(H26=0,0,IF(I25<0,1,0)) -> 1 | J26: =IF(I26=0,0,IF(J25<0,1,0)) -> 1 | K26: =IF(J26=0,0,IF(K25<0,1,0)) -> 1 | ... AL26: =IF(AK26=0,0,IF(AL25<0,1,0)) -> 0
B27: valor presente | C27: =PV($C$15,C$14,,-C24) -> 6123053.9 | D27: =PV($C$15,D$14,,-D24) -> -5058696.5 | E27: =PV($C$15,E$14,,-E24) -> -5038170.4 | F27: =PV($C$15,F$14,,-F24) -> 6810827.2 | G27: =PV($C$15,G$14,,-G24) -> -4997367.7 | H27: =PV($C$15,H$14,,-H24) -> -4977090.4 | I27: =PV($C$15,I$14,,-I24) -> 18413408 | J27: =PV($C$15,J$14,,-J24) -> -4936782.3 | ... AL27: =PV($C$15,AL$14,,-AL24) -> -940719.14
B28: acumulado en VP | C28: =-C34+C27 -> -53876946 | D28: =C28+D27 -> -58935643 | E28: =D28+E27 -> -63973813 | F28: =E28+F27 -> -57162986 | G28: =F28+G27 -> -62160353 | H28: =G28+H27 -> -67137444 | I28: =H28+I27 -> -48724035 | J28: =I28+J27 -> -53660818 | K28: =J28+K27 -> -58577569 | ... AL28: =AK28+AL27 -> 34440631
B29: recuperación descontado | C29: =IF(C28<0,1,0) -> 1 | D29: =IF(D28<0,1,0) -> 1 | E29: =IF(E28<0,1,0) -> 1 | F29: =IF(F28<0,1,0) -> 1 | G29: =IF(G28<0,1,0) -> 1 | H29: =IF(H28<0,1,0) -> 1 | I29: =IF(I28<0,1,0) -> 1 | J29: =IF(J28<0,1,0) -> 1 | ... AL29: =IF(AL28<0,1,0) -> 0
B30: punto de equilibrio | C30: =IF(C24>=0,0,1) -> 0 | D30: =IF(D24>=0,0,1) -> 1 | E30: =IF(AND(D30=0,C30=0),0,IF(E24>=0,0,1)) -> 1 | F30: =IF(AND(E30=0,D30=0),0,IF(F24>=0,0,1)) -> 0 | G30: =IF(AND(F30=0,E30=0),0,IF(G24>=0,0,1)) -> 1 | H30: =IF(AND(G30=0,F30=0),0,IF(H24>=0,0,1)) -> 1 | I30: =IF(AND(H30=0,G30=0),0,IF(I24>=0,0,1)) -> 0 | J30: =IF(AND(I30=0,H30=0),0,IF(J24>=0,0,1)) -> 1 | K30: =IF(AND(J30=0,I30=0),0,IF(K24>=0,0,1)) -> 1 | L30: =IF(AND(K30=0,J30=0),0,IF(L24>=0,0,1)) -> 0 | ... AL30: =IF(AND(AK30=0,AJ30=0),0,IF(AL24>=0,0,1)) -> 1
B31: disponible. acumulado | C31: =C35-C34+C24 -> 26148000 | D31: =C31+D24 -> 21048000 | E31: =D31+E24 -> 15948000 | F31: =E31+F24 -> 22870500 | G31: =F31+G24 -> 17770500 | H31: =G31+H24 -> 12670500 | I31: =H31+I24 -> 31615500 | J31: =I31+J24 -> 26515500 | K31: =J31+K24 -> 21415500 | ... AL31: =AK31+AL24 -> 125865000
B32: disponibilidad | C32: =IF(C31<0,1,0) -> 0 | D32: =IF(D31<0,1,0) -> 0 | E32: =IF(E31<0,1,0) -> 0 | F32: =IF(F31<0,1,0) -> 0 | G32: =IF(G31<0,1,0) -> 0 | H32: =IF(H31<0,1,0) -> 0 | I32: =IF(I31<0,1,0) -> 0 | J32: =IF(J31<0,1,0) -> 0 | ... AL32: =IF(AL31<0,1,0) -> 0
B34: inversión | C34: =Inv!G6 -> 60000000
B35: disponibilidad | C35: =PI!D9 -> 80000000
B38: escenario optimista | C38: los ingresos% | D38: =Cen_Ot!E5 -> 1.1 | E38: expensas% | F38: =Cen_Ot!E6 -> 0.9 | G38: % de inversión | H38: =Cen_Ot!E7 -> 0.9
B39: año | C39: =O_Inv!N$5 -> 1 año | D39: =O_Inv!O$5 -> 0 | E39: =O_Inv!P$5 -> 0 | F39: =O_Inv!Q$5 -> 0 | G39: =O_Inv!R$5 -> 0 | H39: =O_Inv!S$5 -> 0 | I39: =O_Inv!T$5 -> 0 | J39: =O_Inv!U$5 -> 0 | ... AL39: =O_Inv!AW$5 -> 0
B40: mes | C40: =O_Inv!N$6 -> enero | D40: =O_Inv!O$6 -> febrero | E40: =O_Inv!P$6 -> marzo | F40: =O_Inv!Q$6 -> abril | G40: =O_Inv!R$6 -> mayo | H40: =O_Inv!S$6 -> junio | I40: =O_Inv!T$6 -> julio | J40: =O_Inv!U$6 -> agosto | ... AL40: =O_Inv!AW$6 -> diciembre
B41: ingresos | C41: =C18*$D$38 -> 91647654 | D41: =D18*$D$38 -> 0 | E41: =E18*$D$38 -> 0 | F41: =F18*$D$38 -> 97962469 | G41: =G18*$D$38 -> 0 | H41: =H18*$D$38 -> 0 | I41: =I18*$D$38 -> 1.9592494e+08 | J41: =J18*$D$38 -> 0 | ... AL41: =AL18*$D$38 -> 0
B42: los costes directos | C42: =C19*$F$38 -> 50614200 | D42: =D19*$F$38 -> 0 | E42: =E19*$F$38 -> 0 | F42: =F19*$F$38 -> 54102150 | G42: =G19*$F$38 -> 0 | H42: =H19*$F$38 -> 0 | I42: =I19*$F$38 -> 108204300 | J42: =J19*$F$38 -> 0 | ... AL42: =AL19*$F$38 -> 0
B43: impuestos | C43: =C20*$F$38 -> 14247044 | D43: =D20*$F$38 -> 0 | E43: =E20*$F$38 -> 0 | F43: =F20*$F$38 -> 15228711 | G43: =G20*$F$38 -> 0 | H43: =H20*$F$38 -> 0 | I43: =I20*$F$38 -> 30457422 | J43: =J20*$F$38 -> 0 | ... AL43: =AL20*$F$38 -> 0
B44: contiene margen. | C44: =C41-C42-C43 -> 26786410 | D44: =D41-D42-D43 -> 0 | E44: =E41-E42-E43 -> 0 | F44: =F41-F42-F43 -> 28631608 | G44: =G41-G42-G43 -> 0 | H44: =H41-H42-H43 -> 0 | I44: =I41-I42-I43 -> 57263216 | J44: =J41-J42-J43 -> 0 | ... AL44: =AL41-AL42-AL43 -> 0
B45: costos fijos | C45: =C22*$F$38 -> 4590000 | D45: =D22*$F$38 -> 4590000 | E45: =E22*$F$38 -> 4590000 | F45: =F22*$F$38 -> 4590000 | G45: =G22*$F$38 -> 4590000 | H45: =H22*$F$38 -> 4590000 | I45: =I22*$F$38 -> 4590000 | J45: =J22*$F$38 -> 4590000 | ... AL45: =AL22*$F$38 -> 980100
B46: inversiones | C46: =C23*$H$38 -> 0 | D46: =D23*$H$38 -> 0 | E46: =E23*$H$38 -> 0 | F46: =F23*$H$38 -> 0 | G46: =G23*$H$38 -> 0 | H46: =H23*$H$38 -> 0 | I46: =I23*$H$38 -> 0 | J46: =J23*$H$38 -> 0 | ... AL46: =AL23*$H$38 -> 0
B47: ganancia libre | C47: =C44-C45-C46 -> 22196410 | D47: =D44-D45-D46 -> -4590000 | E47: =E44-E45-E46 -> -4590000 | F47: =F44-F45-F46 -> 24041608 | G47: =G44-G45-G46 -> -4590000 | H47: =H44-H45-H46 -> -4590000 | I47: =I44-I45-I46 -> 52673216 | J47: =J44-J45-J46 -> -4590000 | ... AL47: =AL44-AL45-AL46 -> -980100
B48: la inversión acumulada | C48: =-C57+C47 -> -31803590 | D48: =C48+D47 -> -36393590 | E48: =D48+E47 -> -40983590 | F48: =E48+F47 -> -16941982 | G48: =F48+G47 -> -21531982 | H48: =G48+H47 -> -26121982 | I48: =H48+I47 -> 26551234 | J48: =I48+J47 -> 21961234 | K48: =J48+K47 -> 17371234 | ... AL48: =AK48+AL47 -> 3.7854615e+08
B49: recuperación de la inversión | C49: =IF(C48<0,1,0) -> 1 | D49: =IF(C49=0,0,IF(D48<0,1,0)) -> 1 | E49: =IF(D49=0,0,IF(E48<0,1,0)) -> 1 | F49: =IF(E49=0,0,IF(F48<0,1,0)) -> 1 | G49: =IF(F49=0,0,IF(G48<0,1,0)) -> 1 | H49: =IF(G49=0,0,IF(H48<0,1,0)) -> 1 | I49: =IF(H49=0,0,IF(I48<0,1,0)) -> 0 | J49: =IF(I49=0,0,IF(J48<0,1,0)) -> 0 | K49: =IF(J49=0,0,IF(K48<0,1,0)) -> 0 | ... AL49: =IF(AK49=0,0,IF(AL48<0,1,0)) -> 0
B50: valor presente | C50: =PV($C$15,C$14,,-C47) -> 22106346 | D50: =PV($C$15,D$14,,-D47) -> -4552826.9 | E50: =PV($C$15,E$14,,-E47) -> -4534353.4 | F50: =PV($C$15,F$14,,-F47) -> 23653772 | G50: =PV($C$15,G$14,,-G47) -> -4497630.9 | H50: =PV($C$15,H$14,,-H47) -> -4479381.3 | I50: =PV($C$15,I$14,,-I47) -> 51195220 | J50: =PV($C$15,J$14,,-J47) -> -4443104.1 | ... AL50: =PV($C$15,AL$14,,-AL47) -> -846647.23
B51: acumulado en VP | C51: =-C57+C50 -> -31893654 | D51: =C51+D50 -> -36446481 | E51: =D51+E50 -> -40980834 | F51: =E51+F50 -> -17327062 | G51: =F51+G50 -> -21824693 | H51: =G51+H50 -> -26304074 | I51: =H51+I50 -> 24891145 | J51: =I51+J50 -> 20448041 | K51: =J51+K50 -> 16022966 | ... AL51: =AK51+AL50 -> 3.4163191e+08
B52: recuperación descontado | C52: =IF(C51<0,1,0) -> 1 | D52: =IF(D51<0,1,0) -> 1 | E52: =IF(E51<0,1,0) -> 1 | F52: =IF(F51<0,1,0) -> 1 | G52: =IF(G51<0,1,0) -> 1 | H52: =IF(H51<0,1,0) -> 1 | I52: =IF(I51<0,1,0) -> 0 | J52: =IF(J51<0,1,0) -> 0 | ... AL52: =IF(AL51<0,1,0) -> 0
B53: punto de equilibrio | C53: =IF(C47>=0,0,1) -> 0 | D53: =IF(D47>=0,0,1) -> 1 | E53: =IF(AND(D53=0,C53=0),0,IF(E47>=0,0,1)) -> 1 | F53: =IF(AND(E53=0,D53=0),0,IF(F47>=0,0,1)) -> 0 | G53: =IF(AND(F53=0,E53=0),0,IF(G47>=0,0,1)) -> 1 | H53: =IF(AND(G53=0,F53=0),0,IF(H47>=0,0,1)) -> 1 | I53: =IF(AND(H53=0,G53=0),0,IF(I47>=0,0,1)) -> 0 | J53: =IF(AND(I53=0,H53=0),0,IF(J47>=0,0,1)) -> 1 | K53: =IF(AND(J53=0,I53=0),0,IF(K47>=0,0,1)) -> 1 | L53: =IF(AND(K53=0,J53=0),0,IF(L47>=0,0,1)) -> 0 | ... AL53: =IF(AND(AK53=0,AJ53=0),0,IF(AL47>=0,0,1)) -> 1
B54: disponible. acumulado | C54: =C58-C57+C47 -> 48196410 | D54: =C54+D47 -> 43606410 | E54: =D54+E47 -> 39016410 | F54: =E54+F47 -> 63058018 | G54: =F54+G47 -> 58468018 | H54: =G54+H47 -> 53878018 | I54: =H54+I47 -> 1.0655123e+08 | J54: =I54+J47 -> 1.0196123e+08 | K54: =J54+K47 -> 97371234 | ... AL54: =AK54+AL47 -> 4.5854615e+08
B55: disponibilidad | C55: =IF(C54<0,1,0) -> 0 | D55: =IF(D54<0,1,0) -> 0 | E55: =IF(E54<0,1,0) -> 0 | F55: =IF(F54<0,1,0) -> 0 | G55: =IF(G54<0,1,0) -> 0 | H55: =IF(H54<0,1,0) -> 0 | I55: =IF(I54<0,1,0) -> 0 | J55: =IF(J54<0,1,0) -> 0 | ... AL55: =IF(AL54<0,1,0) -> 0
B57: inversión | C57: =C34*H38 -> 54000000
B58: disponibilidad | C58: =C35 -> 80000000
B61: escenario pesimista | C61: los ingresos% | D61: =Cen_Pess!E5 -> 0.9 | E61: expensas% | F61: =Cen_Pess!E6 -> 1.1 | G61: % de inversión | H61: =Cen_Pess!E7 -> 1.1
B62: año | C62: =C39 -> 1 año | D62: =D39 -> 0 | E62: =E39 -> 0 | F62: =F39 -> 0 | G62: =G39 -> 0 | H62: =H39 -> 0 | I62: =I39 -> 0 | J62: =J39 -> 0 | ... AL62: =AL39 -> 0
B63: mes | C63: =C40 -> enero | D63: =D40 -> febrero | E63: =E40 -> marzo | F63: =F40 -> abril | G63: =G40 -> mayo | H63: =H40 -> junio | I63: =I40 -> julio | J63: =J40 -> agosto | ... AL63: =AL40 -> diciembre
B64: ingresos | C64: =C18*$D$61 -> 74984444 | D64: =D18*$D$61 -> 0 | E64: =E18*$D$61 -> 0 | F64: =F18*$D$61 -> 80151111 | G64: =G18*$D$61 -> 0 | H64: =H18*$D$61 -> 0 | I64: =I18*$D$61 -> 1.6030222e+08 | J64: =J18*$D$61 -> 0 | ... AL64: =AL18*$D$61 -> 0
B65: los costes directos | C65: =C19*$F$61 -> 61861800 | D65: =D19*$F$61 -> 0 | E65: =E19*$F$61 -> 0 | F65: =F19*$F$61 -> 66124850 | G65: =G19*$F$61 -> 0 | H65: =H19*$F$61 -> 0 | I65: =I19*$F$61 -> 1.322497e+08 | J65: =J19*$F$61 -> 0 | ... AL65: =AL19*$F$61 -> 0
B66: impuestos | C66: =C20*$F$61 -> 17413054 | D66: =D20*$F$61 -> 0 | E66: =E20*$F$61 -> 0 | F66: =F20*$F$61 -> 18612869 | G66: =G20*$F$61 -> 0 | H66: =H20*$F$61 -> 0 | I66: =I20*$F$61 -> 37225738 | J66: =J20*$F$61 -> 0 | ... AL66: =AL20*$F$61 -> 0
B67: contiene margen. | C67: =C64-C65-C66 -> -4290409.9 | D67: =D64-D65-D66 -> 0 | E67: =E64-E65-E66 -> 0 | F67: =F64-F65-F66 -> -4586608 | G67: =G64-G65-G66 -> 0 | H67: =H64-H65-H66 -> 0 | I67: =I64-I65-I66 -> -9173216 | J67: =J64-J65-J66 -> 0 | ... AL67: =AL64-AL65-AL66 -> 0
B68: costos fijos | C68: =C22*$F$61 -> 5610000 | D68: =D22*$F$61 -> 5610000 | E68: =E22*$F$61 -> 5610000 | F68: =F22*$F$61 -> 5610000 | G68: =G22*$F$61 -> 5610000 | H68: =H22*$F$61 -> 5610000 | I68: =I22*$F$61 -> 5610000 | J68: =J22*$F$61 -> 5610000 | ... AL68: =AL22*$F$61 -> 1197900
B69: inversiones | C69: =C23*$H$61 -> 0 | D69: =D23*$H$61 -> 0 | E69: =E23*$H$61 -> 0 | F69: =F23*$H$61 -> 0 | G69: =G23*$H$61 -> 0 | H69: =H23*$H$61 -> 0 | I69: =I23*$H$61 -> 0 | J69: =J23*$H$61 -> 0 | ... AL69: =AL23*$H$61 -> 0
B70: ganancia libre | C70: =C67-C68-C69 -> -9900409.9 | D70: =D67-D68-D69 -> -5610000 | E70: =E67-E68-E69 -> -5610000 | F70: =F67-F68-F69 -> -10196608 | G70: =G67-G68-G69 -> -5610000 | H70: =H67-H68-H69 -> -5610000 | I70: =I67-I68-I69 -> -14783216 | J70: =J67-J68-J69 -> -5610000 | ... AL70: =AL67-AL68-AL69 -> -1197900
B71: la inversión acumulada | C71: =-C80+C70 -> -75900410 | D71: =C71+D70 -> -81510410 | E71: =D71+E70 -> -87120410 | F71: =E71+F70 -> -97317018 | G71: =F71+G70 -> -1.0292702e+08 | H71: =G71+H70 -> -1.0853702e+08 | I71: =H71+I70 -> -1.2332023e+08 | J71: =I71+J70 -> -1.2893023e+08 | K71: =J71+K70 -> -1.3454023e+08 | ... AL71: =AK71+AL70 -> -2.8681615e+08
B72: recuperación de la inversión | C72: =IF(C71<0,1,0) -> 1 | D72: =IF(C72=0,0,IF(D71<0,1,0)) -> 1 | E72: =IF(D72=0,0,IF(E71<0,1,0)) -> 1 | F72: =IF(E72=0,0,IF(F71<0,1,0)) -> 1 | G72: =IF(F72=0,0,IF(G71<0,1,0)) -> 1 | H72: =IF(G72=0,0,IF(H71<0,1,0)) -> 1 | I72: =IF(H72=0,0,IF(I71<0,1,0)) -> 1 | J72: =IF(I72=0,0,IF(J71<0,1,0)) -> 1 | K72: =IF(J72=0,0,IF(K71<0,1,0)) -> 1 | ... AL72: =IF(AK72=0,0,IF(AL71<0,1,0)) -> 1
B73: valor presente | C73: =PV($C$15,C$14,,-C70) -> -9860238 | D73: =PV($C$15,D$14,,-D70) -> -5564566.2 | E73: =PV($C$15,E$14,,-E70) -> -5541987.4 | F73: =PV($C$15,F$14,,-F70) -> -10032118 | G73: =PV($C$15,G$14,,-G70) -> -5497104.4 | H73: =PV($C$15,H$14,,-H70) -> -5474799.4 | I73: =PV($C$15,I$14,,-I70) -> -14368403 | J73: =PV($C$15,J$14,,-J70) -> -5430460.5 | ... AL73: =PV($C$15,AL$14,,-AL70) -> -1034791.1
B74: acumulado en VP | C74: =-C80+C73 -> -75860238 | D74: =C74+D73 -> -81424804 | E74: =D74+E73 -> -86966792 | F74: =E74+F73 -> -96998909 | G74: =F74+G73 -> -1.0249601e+08 | H74: =G74+H73 -> -1.0797081e+08 | I74: =H74+I73 -> -1.2233922e+08 | J74: =I74+J73 -> -1.2776968e+08 | K74: =J74+K73 -> -1.331781e+08 | ... AL74: =AK74+AL73 -> -2.7275065e+08
B75: recuperación descontado | C75: =IF(C74<0,1,0) -> 1 | D75: =IF(D74<0,1,0) -> 1 | E75: =IF(E74<0,1,0) -> 1 | F75: =IF(F74<0,1,0) -> 1 | G75: =IF(G74<0,1,0) -> 1 | H75: =IF(H74<0,1,0) -> 1 | I75: =IF(I74<0,1,0) -> 1 | J75: =IF(J74<0,1,0) -> 1 | ... AL75: =IF(AL74<0,1,0) -> 1
B76: punto de equilibrio | C76: =IF(C70>=0,0,1) -> 1 | D76: =IF(D70>=0,0,1) -> 1 | E76: =IF(AND(D76=0,C76=0),0,IF(E70>=0,0,1)) -> 1 | F76: =IF(AND(E76=0,D76=0),0,IF(F70>=0,0,1)) -> 1 | G76: =IF(AND(F76=0,E76=0),0,IF(G70>=0,0,1)) -> 1 | H76: =IF(AND(G76=0,F76=0),0,IF(H70>=0,0,1)) -> 1 | I76: =IF(AND(H76=0,G76=0),0,IF(I70>=0,0,1)) -> 1 | J76: =IF(AND(I76=0,H76=0),0,IF(J70>=0,0,1)) -> 1 | K76: =IF(AND(J76=0,I76=0),0,IF(K70>=0,0,1)) -> 1 | L76: =IF(AND(K76=0,J76=0),0,IF(L70>=0,0,1)) -> 1 | ... AL76: =IF(AND(AK76=0,AJ76=0),0,IF(AL70>=0,0,1)) -> 1
B77: disponible. acumulado | C77: =C81-C80+C70 -> 4099590.1 | D77: =C77+D70 -> -1510409.9 | E77: =D77+E70 -> -7120409.9 | F77: =E77+F70 -> -17317018 | G77: =F77+G70 -> -22927018 | H77: =G77+H70 -> -28537018 | I77: =H77+I70 -> -43320234 | J77: =I77+J70 -> -48930234 | K77: =J77+K70 -> -54540234 | ... AL77: =AK77+AL70 -> -2.0681615e+08
B78: disponibilidad | C78: =IF(C77<0,1,0) -> 0 | D78: =IF(D77<0,1,0) -> 1 | E78: =IF(E77<0,1,0) -> 1 | F78: =IF(F77<0,1,0) -> 1 | G78: =IF(G77<0,1,0) -> 1 | H78: =IF(H77<0,1,0) -> 1 | I78: =IF(I77<0,1,0) -> 1 | J78: =IF(J77<0,1,0) -> 1 | ... AL78: =IF(AL77<0,1,0) -> 1
B80: inversión | C80: =C34*H61 -> 66000000
B81: disponibilidad | C81: =C58 -> 80000000

Sheet Resumen
C4: Seleccione el año ->
C6: Análisis de las proyecciones de ingresos (relleno hecho de acuerdo a los valores de fijación de precios y de proyección de 1-5 años)
C7: Producto o Servicio | D7: Precio de venta | E7: costo directo | F7: Proyección ingresos Año 1 | G7: Proyección de ingresos Año 2 | H7: Proyección de ingresos Año 3 | I7: Proyección total
C8: ='Ano1'!C8 -> Diseño arquitectonico / M2 | D8: =Precio!K5 -> 41658.025 | E8: =Precio!G5 -> 28119 | F8: ='Ano1'!Q8 -> 1.8746111e+08 | G8: ='Ano2'!Q8 -> 83316049 | H8: ='Ano3'!Q8 -> 1.8746111e+08 | I8: =SUM(F8:H8) -> 4.5823827e+08
C9: ='Ano1'!C9 -> Diseño estructural / M2 | D9: =Precio!K6 -> 27869.136 | E9: =Precio!G6 -> 18812 | F9: ='Ano1'!Q9 -> 69672840 | G9: ='Ano2'!Q9 -> 55738272 | H9: ='Ano3'!Q9 -> 1.2541111e+08 | I9: =SUM(F9:H9) -> 2.5082222e+08
C10: ='Ano1'!C10 -> Diseño redes eléctricas / M2 | D10: =Precio!K7 -> 23272.84 | E10: =Precio!G7 -> 15709 | F10: ='Ano1'!Q10 -> 58182099 | G10: ='Ano2'!Q10 -> 46545679 | H10: ='Ano3'!Q10 -> 1.0472778e+08 | I10: =SUM(F10:H10) -> 2.0945556e+08
C11: ='Ano1'!C11 -> Diseño redes gases medicinales / M2 | D11: =Precio!K8 -> 5948.1481 | E11: =Precio!G8 -> 4015 | F11: ='Ano1'!Q11 -> 14870370 | G11: ='Ano2'!Q11 -> 11896296 | H11: ='Ano3'!Q11 -> 26766667 | I11: =SUM(F11:H11) -> 53533333
C12: ='Ano1'!C12 -> Diseño sistema ventilación mecánica y AA / M2 | D12: =Precio!K9 -> 10127.16 | E12: =Precio!G9 -> 6836 | F12: ='Ano1'!Q12 -> 25317901 | G12: ='Ano2'!Q12 -> 20254321 | H12: ='Ano3'!Q12 -> 45572222 | I12: =SUM(F12:H12) -> 91144444
C13: ='Ano1'!C13 -> Diseño hidráulico, sanitario y aguas lluvias / M2 | D13: =Precio!K10 -> 18044.444 | E13: =Precio!G10 -> 12180 | F13: ='Ano1'!Q13 -> 45111111 | G13: ='Ano2'!Q13 -> 36088889 | H13: ='Ano3'!Q13 -> 81200000 | I13: =SUM(F13:H13) -> 1.624e+08
C14: ='Ano1'!C14 -> Diseño red de incendios / M2 | D14: =Precio!K11 -> 10276.543 | E14: =Precio!G11 -> 6937 | F14: ='Ano1'!Q14 -> 25691358 | G14: ='Ano2'!Q14 -> 20553086 | H14: ='Ano3'!Q14 -> 46244444 | I14: =SUM(F14:H14) -> 92488889
C15: ='Ano1'!C15 -> Levantamiento topográfico / M2 | D15: =Precio!K12 -> 6232.0988 | E15: =Precio!G12 -> 4207 | F15: ='Ano1'!Q15 -> 15580247 | G15: ='Ano2'!Q15 -> 12464198 | H15: ='Ano3'!Q15 -> 28044444 | I15: =SUM(F15:H15) -> 56088889
C16: ='Ano1'!C16 -> Estudio de suelos / M2 | D16: =Precio!K13 -> 17102.469 | E16: =Precio!G13 -> 11544 | F16: ='Ano1'!Q16 -> 42756173 | G16: ='Ano2'!Q16 -> 34204938 | H16: ='Ano3'!Q16 -> 76961111 | I16: =SUM(F16:H16) -> 1.5392222e+08
C17: ='Ano1'!C17 -> Presupuesto / M2 | D17: =Precio!K14 -> 12182.716 | E17: =Precio!G14 -> 8223 | F17: ='Ano1'!Q17 -> 30456790 | G17: ='Ano2'!Q17 -> 24365432 | H17: ='Ano3'!Q17 -> 54822222 | I17: =SUM(F17:H17) -> 1.0964444e+08
C18: ='Ano1'!C18 -> Imágenes de referencia o Renders / M2 | D18: =Precio!K15 -> 5400 | E18: =Precio!G15 -> 3645 | F18: ='Ano1'!Q18 -> 13500000 | G18: ='Ano2'!Q18 -> 10800000 | H18: ='Ano3'!Q18 -> 24300000 | I18: =SUM(F18:H18) -> 48600000
C19: ='Ano1'!C19 | D19: =Precio!K16 | E19: =Precio!G16 | F19: ='Ano1'!Q19 -> 0 | G19: ='Ano2'!Q19 -> 0 | H19: ='Ano3'!Q19 -> 0 | I19: =SUM(F19:H19) -> 0
... C37: ='Ano1'!C37 | D37: =Precio!K34 | E37: =Precio!G34 | F37: ='Ano1'!Q37 -> 0 | G37: ='Ano2'!Q37 -> 0 | H37: ='Ano3'!Q37 -> 0 | I37: =SUM(F37:H37) -> 0
C38: totales | F38: =SUM(F8:F37) -> 5.286e+08 | G38: =SUM(G8:G37) -> 3.5622716e+08 | H38: =SUM(H8:H37) -> 8.0151111e+08 | I38: =SUM(I8:I37) -> 1.6863383e+09

Sheet Ano1
C4: Seleccione el año -> | D4: resumen | E4: 1 año | F4: 2 años | G4: 3 años
C6: Diseñar la cantidad de ventas para cada producto o servicio en los meses siguientes | T6: Proyección de ingresos | AG6: Los costos variables | AT6: impuestos | BG6: Margen de contribución
C7: Producto o Servicio | D7: =IF(PI!D6=0,"",PI!D6) -> enero | E7: =IFERROR(VLOOKUP(D7,'Aux1'!$O$2:$P$13,2,FALSE),"") -> febrero | F7: =IFERROR(VLOOKUP(E7,'Aux1'!$O$2:$P$13,2,FALSE),"") -> marzo | G7: =IFERROR(VLOOKUP(F7,'Aux1'!$O$2:$P$13,2,FALSE),"") -> abril | H7: =IFERROR(VLOOKUP(G7,'Aux1'!$O$2:$P$13,2,FALSE),"") -> mayo | I7: =IFERROR(VLOOKUP(H7,'Aux1'!$O$2:$P$13,2,FALSE),"") -> junio | J7: =IFERROR(VLOOKUP(I7,'Aux1'!$O$2:$P$13,2,FALSE),"") -> julio | K7: =IFERROR(VLOOKUP(J7,'Aux1'!$O$2:$P$13,2,FALSE),"") -> agosto | L7: =IFERROR(VLOOKUP(K7,'Aux1'!$O$2:$P$13,2,FALSE),"") -> septiembre | ... O7: =IFERROR(VLOOKUP(N7,'Aux1'!$O$2:$P$13,2,FALSE),"") -> diciembre | P7: Las ventas totales | Q7: Total ($) | S7: repetición | T7: =D7 -> enero | U7: =E7 -> febrero | V7: =F7 -> marzo | W7: =G7 -> abril | X7: =H7 -> mayo | Y7: =I7 -> junio | Z7: =J7 -> julio | AA7: =K7 -> agosto | ... AE7: =O7 -> diciembre | AG7: =D7 -> enero | AH7: =E7 -> febrero | AI7: =F7 -> marzo | AJ7: =G7 -> abril | AK7: =H7 -> mayo | AL7: =I7 -> junio | AM7: =J7 -> julio | AN7: =K7 -> agosto | ... AR7: =O7 -> diciembre | AT7: =D7 -> enero | AU7: =E7 -> febrero | AV7: =F7 -> marzo | AW7: =G7 -> abril | AX7: =H7 -> mayo | AY7: =I7 -> junio | AZ7: =J7 -> julio | BA7: =K7 -> agosto | ... BE7: =O7 -> diciembre | BG7: =D7 -> enero | BH7: =E7 -> febrero | BI7: =F7 -> marzo | BJ7: =G7 -> abril | BK7: =H7 -> mayo | BL7: =I7 -> junio | BM7: =J7 -> julio | BN7: =K7 -> agosto | ... BR7: =O7 -> diciembre
C8: =IF(Precio!C5="","",Precio!C5) -> Diseño arquitectonico / M2 | D8: 2000 | G8: 500 | J8: 1000 | M8: 1000 | P8: =SUM(D8:O8) -> 4500 | Q8: =SUM(T8:AE8) -> 1.8746111e+08 | S8: =C8 -> Diseño arquitectonico / M2 | T8: =IFERROR(D8*Precio!$K5,0) -> 83316049 | U8: =IFERROR(E8*Precio!$K5,0) -> 0 | V8: =IFERROR(F8*Precio!$K5,0) -> 0 | W8: =IFERROR(G8*Precio!$K5,0) -> 20829012 | X8: =IFERROR(H8*Precio!$K5,0) -> 0 | Y8: =IFERROR(I8*Precio!$K5,0) -> 0 | Z8: =IFERROR(J8*Precio!$K5,0) -> 41658025 | AA8: =IFERROR(K8*Precio!$K5,0) -> 0 | ... AE8: =IFERROR(O8*Precio!$K5,0) -> 0 | AG8: =IFERROR(D8*Precio!$G5,0) -> 56238000 | AH8: =IFERROR(E8*Precio!$G5,0) -> 0 | AI8: =IFERROR(F8*Precio!$G5,0) -> 0 | AJ8: =IFERROR(G8*Precio!$G5,0) -> 14059500 | AK8: =IFERROR(H8*Precio!$G5,0) -> 0 | AL8: =IFERROR(I8*Precio!$G5,0) -> 0 | AM8: =IFERROR(J8*Precio!$G5,0) -> 28119000 | AN8: =IFERROR(K8*Precio!$G5,0) -> 0 | ... AR8: =IFERROR(O8*Precio!$G5,0) -> 0 | AT8: =T8*Precio!$J5 -> 15830049 | AU8: =U8*Precio!$J5 -> 0 | AV8: =V8*Precio!$J5 -> 0 | AW8: =W8*Precio!$J5 -> 3957512.3 | AX8: =X8*Precio!$J5 -> 0 | AY8: =Y8*Precio!$J5 -> 0 | AZ8: =Z8*Precio!$J5 -> 7915024.7 | BA8: =AA8*Precio!$J5 -> 0 | ... BE8: =AE8*Precio!$J5 -> 0 | BG8: =IFERROR(D8*Precio!$N5,0) -> 11248000 | BH8: =IFERROR(E8*Precio!$N5,0) -> 0 | BI8: =IFERROR(F8*Precio!$N5,0) -> 0 | BJ8: =IFERROR(G8*Precio!$N5,0) -> 2812000 | BK8: =IFERROR(H8*Precio!$N5,0) -> 0 | BL8: =IFERROR(I8*Precio!$N5,0) -> 0 | BM8: =IFERROR(J8*Precio!$N5,0) -> 5624000 | BN8: =IFERROR(K8*Precio!$N5,0) -> 0 | ... BR8: =IFERROR(O8*Precio!$N5,0) -> 0
C9: =IF(Precio!C6="","",Precio!C6) -> Diseño estructural / M2 | G9: 500 | J9: =J8 -> 1000 | M9: =M8 -> 1000 | P9: =SUM(D9:O9) -> 2500 | Q9: =SUM(T9:AE9) -> 69672840 | S9: =C9 -> Diseño estructural / M2 | T9: =IFERROR(D9*Precio!$K6,0) -> 0 | U9: =IFERROR(E9*Precio!$K6,0) -> 0 | V9: =IFERROR(F9*Precio!$K6,0) -> 0 | W9: =IFERROR(G9*Precio!$K6,0) -> 13934568 | X9: =IFERROR(H9*Precio!$K6,0) -> 0 | Y9: =IFERROR(I9*Precio!$K6,0) -> 0 | Z9: =IFERROR(J9*Precio!$K6,0) -> 27869136 | AA9: =IFERROR(K9*Precio!$K6,0) -> 0 | ... AE9: =IFERROR(O9*Precio!$K6,0) -> 0 | AG9: =IFERROR(D9*Precio!$G6,0) -> 0 | AH9: =IFERROR(E9*Precio!$G6,0) -> 0 | AI9: =IFERROR(F9*Precio!$G6,0) -> 0 | AJ9: =IFERROR(G9*Precio!$G6,0) -> 9406000 | AK9: =IFERROR(H9*Precio!$G6,0) -> 0 | AL9: =IFERROR(I9*Precio!$G6,0) -> 0 | AM9: =IFERROR(J9*Precio!$G6,0) -> 18812000 | AN9: =IFERROR(K9*Precio!$G6,0) -> 0 | ... AR9: =IFERROR(O9*Precio!$G6,0) -> 0 | AT9: =T9*Precio!$J6 -> 0 | AU9: =U9*Precio!$J6 -> 0 | AV9: =V9*Precio!$J6 -> 0 | AW9: =W9*Precio!$J6 -> 2647567.9 | AX9: =X9*Precio!$J6 -> 0 | AY9: =Y9*Precio!$J6 -> 0 | AZ9: =Z9*Precio!$J6 -> 5295135.8 | BA9: =AA9*Precio!$J6 -> 0 | ... BE9: =AE9*Precio!$J6 -> 0 | BG9: =IFERROR(D9*Precio!$N6,0) -> 0 | BH9: =IFERROR(E9*Precio!$N6,0) -> 0 | BI9: =IFERROR(F9*Precio!$N6,0) -> 0 | BJ9: =IFERROR(G9*Precio!$N6,0) -> 1881000 | BK9: =IFERROR(H9*Precio!$N6,0) -> 0 | BL9: =IFERROR(I9*Precio!$N6,0) -> 0 | BM9: =IFERROR(J9*Precio!$N6,0) -> 3762000 | BN9: =IFERROR(K9*Precio!$N6,0) -> 0 | ... BR9: =IFERROR(O9*Precio!$N6,0) -> 0
C10: =IF(Precio!C7="","",Precio!C7) -> Diseño redes eléctricas / M2 | G10: 500 | J10: =J9 -> 1000 | M10: =M9 -> 1000 | P10: =SUM(D10:O10) -> 2500 | Q10: =SUM(T10:AE10) -> 58182099 | S10: =C10 -> Diseño redes eléctricas / M2 | T10: =IFERROR(D10*Precio!$K7,0) -> 0 | U10: =IFERROR(E10*Precio!$K7,0) -> 0 | V10: =IFERROR(F10*Precio!$K7,0) -> 0 | W10: =IFERROR(G10*Precio!$K7,0) -> 11636420 | X10: =IFERROR(H10*Precio!$K7,0) -> 0 | Y10: =IFERROR(I10*Precio!$K7,0) -> 0 | Z10: =IFERROR(J10*Precio!$K7,0) -> 23272840 | AA10: =IFERROR(K10*Precio!$K7,0) -> 0 | ... AE10: =IFERROR(O10*Precio!$K7,0) -> 0 | AG10: =IFERROR(D10*Precio!$G7,0) -> 0 | AH10: =IFERROR(E10*Precio!$G7,0) -> 0 | AI10: =IFERROR(F10*Precio!$G7,0) -> 0 | AJ10: =IFERROR(G10*Precio!$G7,0) -> 7854500 | AK10: =IFERROR(H10*Precio!$G7,0) -> 0 | AL10: =IFERROR(I10*Precio!$G7,0) -> 0 | AM10: =IFERROR(J10*Precio!$G7,0) -> 15709000 | AN10: =IFERROR(K10*Precio!$G7,0) -> 0 | ... AR10: =IFERROR(O10*Precio!$G7,0) -> 0 | AT10: =T10*Precio!$J7 -> 0 | AU10: =U10*Precio!$J7 -> 0 | AV10: =V10*Precio!$J7 -> 0 | AW10: =W10*Precio!$J7 -> 2210919.8 | AX10: =X10*Precio!$J7 -> 0 | AY10: =Y10*Precio!$J7 -> 0 | AZ10: =Z10*Precio!$J7 -> 4421839.5 | BA10: =AA10*Precio!$J7 -> 0 | ... BE10: =AE10*Precio!$J7 -> 0 | BG10: =IFERROR(D10*Precio!$N7,0) -> 0 | BH10: =IFERROR(E10*Precio!$N7,0) -> 0 | BI10: =IFERROR(F10*Precio!$N7,0) -> 0 | BJ10: =IFERROR(G10*Precio!$N7,0) -> 1571000 | BK10: =IFERROR(H10*Precio!$N7,0) -> 0 | BL10: =IFERROR(I10*Precio!$N7,0) -> 0 | BM10: =IFERROR(J10*Precio!$N7,0) -> 3142000 | BN10: =IFERROR(K10*Precio!$N7,0) -> 0 | ... BR10: =IFERROR(O10*Precio!$N7,0) -> 0
C11: =IF(Precio!C8="","",Precio!C8) -> Diseño redes gases medicinales / M2 | G11: 500 | J11: =J10 -> 1000 | M11: =M10 -> 1000 | P11: =SUM(D11:O11) -> 2500 | Q11: =SUM(T11:AE11) -> 14870370 | S11: =C11 -> Diseño redes gases medicinales / M2 | T11: =IFERROR(D11*Precio!$K8,0) -> 0 | U11: =IFERROR(E11*Precio!$K8,0) -> 0 | V11: =IFERROR(F11*Precio!$K8,0) -> 0 | W11: =IFERROR(G11*Precio!$K8,0) -> 2974074.1 | X11: =IFERROR(H11*Precio!$K8,0) -> 0 | Y11: =IFERROR(I11*Precio!$K8,0) -> 0 | Z11: =IFERROR(J11*Precio!$K8,0) -> 5948148.1 | AA11: =IFERROR(K11*Precio!$K8,0) -> 0 | ... AE11: =IFERROR(O11*Precio!$K8,0) -> 0 | AG11: =IFERROR(D11*Precio!$G8,0) -> 0 | AH11: =IFERROR(E11*Precio!$G8,0) -> 0 | AI11: =IFERROR(F11*Precio!$G8,0) -> 0 | AJ11: =IFERROR(G11*Precio!$G8,0) -> 2007500 | AK11: =IFERROR(H11*Precio!$G8,0) -> 0 | AL11: =IFERROR(I11*Precio!$G8,0) -> 0 | AM11: =IFERROR(J11*Precio!$G8,0) -> 4015000 | AN11: =IFERROR(K11*Precio!$G8,0) -> 0 | ... AR11: =IFERROR(O11*Precio!$G8,0) -> 0 | AT11: =T11*Precio!$J8 -> 0 | AU11: =U11*Precio!$J8 -> 0 | AV11: =V11*Precio!$J8 -> 0 | AW11: =W11*Precio!$J8 -> 565074.07 | AX11: =X11*Precio!$J8 -> 0 | AY11: =Y11*Precio!$J8 -> 0 | AZ11: =Z11*Precio!$J8 -> 1130148.1 | BA11: =AA11*Precio!$J8 -> 0 | ... BE11: =AE11*Precio!$J8 -> 0 | BG11: =IFERROR(D11*Precio!$N8,0) -> 0 | BH11: =IFERROR(E11*Precio!$N8,0) -> 0 | BI11: =IFERROR(F11*Precio!$N8,0) -> 0 | BJ11: =IFERROR(G11*Precio!$N8,0) -> 401500 | BK11: =IFERROR(H11*Precio!$N8,0) -> 0 | BL11: =IFERROR(I11*Precio!$N8,0) -> 0 | BM11: =IFERROR(J11*Precio!$N8,0) -> 803000 | BN11: =IFERROR(K11*Precio!$N8,0) -> 0 | ... BR11: =IFERROR(O11*Precio!$N8,0) -> 0
C12: =IF(Precio!C9="","",Precio!C9) -> Diseño sistema ventilación mecánica y AA / M2 | G12: 500 | J12: =J11 -> 1000 | M12: =M11 -> 1000 | P12: =SUM(D12:O12) -> 2500 | Q12: =SUM(T12:AE12) -> 25317901 | S12: =C12 -> Diseño sistema ventilación mecánica y AA / M2 | T12: =IFERROR(D12*Precio!$K9,0) -> 0 | U12: =IFERROR(E12*Precio!$K9,0) -> 0 | V12: =IFERROR(F12*Precio!$K9,0) -> 0 | W12: =IFERROR(G12*Precio!$K9,0) -> 5063580.2 | X12: =IFERROR(H12*Precio!$K9,0) -> 0 | Y12: =IFERROR(I12*Precio!$K9,0) -> 0 | Z12: =IFERROR(J12*Precio!$K9,0) -> 10127160 | AA12: =IFERROR(K12*Precio!$K9,0) -> 0 | ... AE12: =IFERROR(O12*Precio!$K9,0) -> 0 | AG12: =IFERROR(D12*Precio!$G9,0) -> 0 | AH12: =IFERROR(E12*Precio!$G9,0) -> 0 | AI12: =IFERROR(F12*Precio!$G9,0) -> 0 | AJ12: =IFERROR(G12*Precio!$G9,0) -> 3418000 | AK12: =IFERROR(H12*Precio!$G9,0) -> 0 | AL12: =IFERROR(I12*Precio!$G9,0) -> 0 | AM12: =IFERROR(J12*Precio!$G9,0) -> 6836000 | AN12: =IFERROR(K12*Precio!$G9,0) -> 0 | ... AR12: =IFERROR(O12*Precio!$G9,0) -> 0 | AT12: =T12*Precio!$J9 -> 0 | AU12: =U12*Precio!$J9 -> 0 | AV12: =V12*Precio!$J9 -> 0 | AW12: =W12*Precio!$J9 -> 962080.25 | AX12: =X12*Precio!$J9 -> 0 | AY12: =Y12*Precio!$J9 -> 0 | AZ12: =Z12*Precio!$J9 -> 1924160.5 | BA12: =AA12*Precio!$J9 -> 0 | ... BE12: =AE12*Precio!$J9 -> 0 | BG12: =IFERROR(D12*Precio!$N9,0) -> 0 | BH12: =IFERROR(E12*Precio!$N9,0) -> 0 | BI12: =IFERROR(F12*Precio!$N9,0) -> 0 | BJ12: =IFERROR(G12*Precio!$N9,0) -> 683500 | BK12: =IFERROR(H12*Precio!$N9,0) -> 0 | BL12: =IFERROR(I12*Precio!$N9,0) -> 0 | BM12: =IFERROR(J12*Precio!$N9,0) -> 1367000 | BN12: =IFERROR(K12*Precio!$N9,0) -> 0 | ... BR12: =IFERROR(O12*Precio!$N9,0) -> 0
C13: =IF(Precio!C10="","",Precio!C10) -> Diseño hidráulico, sanitario y aguas lluvias / M2 | G13: 500 | J13: =J12 -> 1000 | M13: =M12 -> 1000 | P13: =SUM(D13:O13) -> 2500 | Q13: =SUM(T13:AE13) -> 45111111 | S13: =C13 -> Diseño hidráulico, sanitario y aguas lluvias / M2 | T13: =IFERROR(D13*Precio!$K10,0) -> 0 | U13: =IFERROR(E13*Precio!$K10,0) -> 0 | V13: =IFERROR(F13*Precio!$K10,0) -> 0 | W13: =IFERROR(G13*Precio!$K10,0) -> 9022222.2 | X13: =IFERROR(H13*Precio!$K10,0) -> 0 | Y13: =IFERROR(I13*Precio!$K10,0) -> 0 | Z13: =IFERROR(J13*Precio!$K10,0) -> 18044444 | AA13: =IFERROR(K13*Precio!$K10,0) -> 0 | ... AE13: =IFERROR(O13*Precio!$K10,0) -> 0 | AG13: =IFERROR(D13*Precio!$G10,0) -> 0 | AH13: =IFERROR(E13*Precio!$G10,0) -> 0 | AI13: =IFERROR(F13*Precio!$G10,0) -> 0 | AJ13: =IFERROR(G13*Precio!$G10,0) -> 6090000 | AK13: =IFERROR(H13*Precio!$G10,0) -> 0 | AL13: =IFERROR(I13*Precio!$G10,0) -> 0 | AM13: =IFERROR(J13*Precio!$G10,0) -> 12180000 | AN13: =IFERROR(K13*Precio!$G10,0) -> 0 | ... AR13: =IFERROR(O13*Precio!$G10,0) -> 0 | AT13: =T13*Precio!$J10 -> 0 | AU13: =U13*Precio!$J10 -> 0 | AV13: =V13*Precio!$J10 -> 0 | AW13: =W13*Precio!$J10 -> 1714222.2 | AX13: =X13*Precio!$J10 -> 0 | AY13: =Y13*Precio!$J10 -> 0 | AZ13: =Z13*Precio!$J10 -> 3428444.4 | BA13: =AA13*Precio!$J10 -> 0 | ... BE13: =AE13*Precio!$J10 -> 0 | BG13: =IFERROR(D13*Precio!$N10,0) -> 0 | BH13: =IFERROR(E13*Precio!$N10,0) -> 0 | BI13: =IFERROR(F13*Precio!$N10,0) -> 0 | BJ13: =IFERROR(G13*Precio!$N10,0) -> 1218000 | BK13: =IFERROR(H13*Precio!$N10,0) -> 0 | BL13: =IFERROR(I13*Precio!$N10,0) -> 0 | BM13: =IFERROR(J13*Precio!$N10,0) -> 2436000 | BN13: =IFERROR(K13*Precio!$N10,0) -> 0 | ... BR13: =IFERROR(O13*Precio!$N10,0) -> 0
C14: =IF(Precio!C11="","",Precio!C11) -> Diseño red de incendios / M2 | G14: 500 | J14: =J13 -> 1000 | M14: =M13 -> 1000 | P14: =SUM(D14:O14) -> 2500 | Q14: =SUM(T14:AE14) -> 25691358 | S14: =C14 -> Diseño red de incendios / M2 | T14: =IFERROR(D14*Precio!$K11,0) -> 0 | U14: =IFERROR(E14*Precio!$K11,0) -> 0 | V14: =IFERROR(F14*Precio!$K11,0) -> 0 | W14: =IFERROR(G14*Precio!$K11,0) -> 5138271.6 | X14: =IFERROR(H14*Precio!$K11,0) -> 0 | Y14: =IFERROR(I14*Precio!$K11,0) -> 0 | Z14: =IFERROR(J14*Precio!$K11,0) -> 10276543 | AA14: =IFERROR(K14*Precio!$K11,0) -> 0 | ... AE14: =IFERROR(O14*Precio!$K11,0) -> 0 | AG14: =IFERROR(D14*Precio!$G11,0) -> 0 | AH14: =IFERROR(E14*Precio!$G11,0) -> 0 | AI14: =IFERROR(F14*Precio!$G11,0) -> 0 | AJ14: =IFERROR(G14*Precio!$G11,0) -> 3468500 | AK14: =IFERROR(H14*Precio!$G11,0) -> 0 | AL14: =IFERROR(I14*Precio!$G11,0) -> 0 | AM14: =IFERROR(J14*Precio!$G11,0) -> 6937000 | AN14: =IFERROR(K14*Precio!$G11,0) -> 0 | ... AR14: =IFERROR(O14*Precio!$G11,0) -> 0 | AT14: =T14*Precio!$J11 -> 0 | AU14: =U14*Precio!$J11 -> 0 | AV14: =V14*Precio!$J11 -> 0 | AW14: =W14*Precio!$J11 -> 976271.6 | AX14: =X14*Precio!$J11 -> 0 | AY14: =Y14*Precio!$J11 -> 0 | AZ14: =Z14*Precio!$J11 -> 1952543.2 | BA14: =AA14*Precio!$J11 -> 0 | ... BE14: =AE14*Precio!$J11 -> 0 | BG14: =IFERROR(D14*Precio!$N11,0) -> 0 | BH14: =IFERROR(E14*Precio!$N11,0) -> 0 | BI14: =IFERROR(F14*Precio!$N11,0) -> 0 | BJ14: =IFERROR(G14*Precio!$N11,0) -> 693500 | BK14: =IFERROR(H14*Precio!$N11,0) -> 0 | BL14: =IFERROR(I14*Precio!$N11,0) -> 0 | BM14: =IFERROR(J14*Precio!$N11,0) -> 1387000 | BN14: =IFERROR(K14*Precio!$N11,0) -> 0 | ... BR14: =IFERROR(O14*Precio!$N11,0) -> 0
C15: =IF(Precio!C12="","",Precio!C12) -> Levantamiento topográfico / M2 | G15: 500 | J15: =J14 -> 1000 | M15: =M14 -> 1000 | P15: =SUM(D15:O15) -> 2500 | Q15: =SUM(T15:AE15) -> 15580247 | S15: =C15 -> Levantamiento topográfico / M2 | T15: =IFERROR(D15*Precio!$K12,0) -> 0 | U15: =IFERROR(E15*Precio!$K12,0) -> 0 | V15: =IFERROR(F15*Precio!$K12,0) -> 0 | W15: =IFERROR(G15*Precio!$K12,0) -> 3116049.4 | X15: =IFERROR(H15*Precio!$K12,0) -> 0 | Y15: =IFERROR(I15*Precio!$K12,0) -> 0 | Z15: =IFERROR(J15*Precio!$K12,0) -> 6232098.8 | AA15: =IFERROR(K15*Precio!$K12,0) -> 0 | ... AE15: =IFERROR(O15*Precio!$K12,0) -> 0 | AG15: =IFERROR(D15*Precio!$G12,0) -> 0 | AH15: =IFERROR(E15*Precio!$G12,0) -> 0 | AI15: =IFERROR(F15*Precio!$G12,0) -> 0 | AJ15: =IFERROR(G15*Precio!$G12,0) -> 2103500 | AK15: =IFERROR(H15*Precio!$G12,0) -> 0 | AL15: =IFERROR(I15*Precio!$G12,0) -> 0 | AM15: =IFERROR(J15*Precio!$G12,0) -> 4207000 | AN15: =IFERROR(K15*Precio!$G12,0) -> 0 | ... AR15: =IFERROR(O15*Precio!$G12,0) -> 0 | AT15: =T15*Precio!$J12 -> 0 | AU15: =U15*Precio!$J12 -> 0 | AV15: =V15*Precio!$J12 -> 0 | AW15: =W15*Precio!$J12 -> 592049.38 | AX15: =X15*Precio!$J12 -> 0 | AY15: =Y15*Precio!$J12 -> 0 | AZ15: =Z15*Precio!$J12 -> 1184098.8 | BA15: =AA15*Precio!$J12 -> 0 | ... BE15: =AE15*Precio!$J12 -> 0 | BG15: =IFERROR(D15*Precio!$N12,0) -> 0 | BH15: =IFERROR(E15*Precio!$N12,0) -> 0 | BI15: =IFERROR(F15*Precio!$N12,0) -> 0 | BJ15: =IFERROR(G15*Precio!$N12,0) -> 420500 | BK15: =IFERROR(H15*Precio!$N12,0) -> 0 | BL15: =IFERROR(I15*Precio!$N12,0) -> 0 | BM15: =IFERROR(J15*Precio!$N12,0) -> 841000 | BN15: =IFERROR(K15*Precio!$N12,0) -> 0 | ... BR15: =IFERROR(O15*Precio!$N12,0) -> 0
C16: =IF(Precio!C13="","",Precio!C13) -> Estudio de suelos / M2 | G16: 500 | J16: =J15 -> 1000 | M16: =M15 -> 1000 | P16: =SUM(D16:O16) -> 2500 | Q16: =SUM(T16:AE16) -> 42756173 | S16: =C16 -> Estudio de suelos / M2 | T16: =IFERROR(D16*Precio!$K13,0) -> 0 | U16: =IFERROR(E16*Precio!$K13,0) -> 0 | V16: =IFERROR(F16*Precio!$K13,0) -> 0 | W16: =IFERROR(G16*Precio!$K13,0) -> 8551234.6 | X16: =IFERROR(H16*Precio!$K13,0) -> 0 | Y16: =IFERROR(I16*Precio!$K13,0) -> 0 | Z16: =IFERROR(J16*Precio!$K13,0) -> 17102469 | AA16: =IFERROR(K16*Precio!$K13,0) -> 0 | ... AE16: =IFERROR(O16*Precio!$K13,0) -> 0 | AG16: =IFERROR(D16*Precio!$G13,0) -> 0 | AH16: =IFERROR(E16*Precio!$G13,0) -> 0 | AI16: =IFERROR(F16*Precio!$G13,0) -> 0 | AJ16: =IFERROR(G16*Precio!$G13,0) -> 5772000 | AK16: =IFERROR(H16*Precio!$G13,0) -> 0 | AL16: =IFERROR(I16*Precio!$G13,0) -> 0 | AM16: =IFERROR(J16*Precio!$G13,0) -> 11544000 | AN16: =IFERROR(K16*Precio!$G13,0) -> 0 | ... AR16: =IFERROR(O16*Precio!$G13,0) -> 0 | AT16: =T16*Precio!$J13 -> 0 | AU16: =U16*Precio!$J13 -> 0 | AV16: =V16*Precio!$J13 -> 0 | AW16: =W16*Precio!$J13 -> 1624734.6 | AX16: =X16*Precio!$J13 -> 0 | AY16: =Y16*Precio!$J13 -> 0 | AZ16: =Z16*Precio!$J13 -> 3249469.1 | BA16: =AA16*Precio!$J13 -> 0 | ... BE16: =AE16*Precio!$J13 -> 0 | BG16: =IFERROR(D16*Precio!$N13,0) -> 0 | BH16: =IFERROR(E16*Precio!$N13,0) -> 0 | BI16: =IFERROR(F16*Precio!$N13,0) -> 0 | BJ16: =IFERROR(G16*Precio!$N13,0) -> 1154500 | BK16: =IFERROR(H16*Precio!$N13,0) -> 0 | BL16: =IFERROR(I16*Precio!$N13,0) -> 0 | BM16: =IFERROR(J16*Precio!$N13,0) -> 2309000 | BN16: =IFERROR(K16*Precio!$N13,0) -> 0 | ... BR16: =IFERROR(O16*Precio!$N13,0) -> 0
C17: =IF(Precio!C14="","",Precio!C14) -> Presupuesto / M2 | G17: 500 | J17: =J16 -> 1000 | M17: =M16 -> 1000 | P17: =SUM(D17:O17) -> 2500 | Q17: =SUM(T17:AE17) -> 30456790 | S17: =C17 -> Presupuesto / M2 | T17: =IFERROR(D17*Precio!$K14,0) -> 0 | U17: =IFERROR(E17*Precio!$K14,0) -> 0 | V17: =IFERROR(F17*Precio!$K14,0) -> 0 | W17: =IFERROR(G17*Precio!$K14,0) -> 6091358 | X17: =IFERROR(H17*Precio!$K14,0) -> 0 | Y17: =IFERROR(I17*Precio!$K14,0) -> 0 | Z17: =IFERROR(J17*Precio!$K14,0) -> 12182716 | AA17: =IFERROR(K17*Precio!$K14,0) -> 0 | ... AE17: =IFERROR(O17*Precio!$K14,0) -> 0 | AG17: =IFERROR(D17*Precio!$G14,0) -> 0 | AH17: =IFERROR(E17*Precio!$G14,0) -> 0 | AI17: =IFERROR(F17*Precio!$G14,0) -> 0 | AJ17: =IFERROR(G17*Precio!$G14,0) -> 4111500 | AK17: =IFERROR(H17*Precio!$G14,0) -> 0 | AL17: =IFERROR(I17*Precio!$G14,0) -> 0 | AM17: =IFERROR(J17*Precio!$G14,0) -> 8223000 | AN17: =IFERROR(K17*Precio!$G14,0) -> 0 | ... AR17: =IFERROR(O17*Precio!$G14,0) -> 0 | AT17: =T17*Precio!$J14 -> 0 | AU17: =U17*Precio!$J14 -> 0 | AV17: =V17*Precio!$J14 -> 0 | AW17: =W17*Precio!$J14 -> 1157358 | AX17: =X17*Precio!$J14 -> 0 | AY17: =Y17*Precio!$J14 -> 0 | AZ17: =Z17*Precio!$J14 -> 2314716 | BA17: =AA17*Precio!$J14 -> 0 | ... BE17: =AE17*Precio!$J14 -> 0 | BG17: =IFERROR(D17*Precio!$N14,0) -> 0 | BH17: =IFERROR(E17*Precio!$N14,0) -> 0 | BI17: =IFERROR(F17*Precio!$N14,0) -> 0 | BJ17: =IFERROR(G17*Precio!$N14,0) -> 822500 | BK17: =IFERROR(H17*Precio!$N14,0) -> 0 | BL17: =IFERROR(I17*Precio!$N14,0) -> 0 | BM17: =IFERROR(J17*Precio!$N14,0) -> 1645000 | BN17: =IFERROR(K17*Precio!$N14,0) -> 0 | ... BR17: =IFERROR(O17*Precio!$N14,0) -> 0
C18: =IF(Precio!C15="","",Precio!C15) -> Imágenes de referencia o Renders / M2 | G18: 500 | J18: =J17 -> 1000 | M18: =M17 -> 1000 | P18: =SUM(D18:O18) -> 2500 | Q18: =SUM(T18:AE18) -> 13500000 | S18: =C18 -> Imágenes de referencia o Renders / M2 | T18: =IFERROR(D18*Precio!$K15,0) -> 0 | U18: =IFERROR(E18*Precio!$K15,0) -> 0 | V18: =IFERROR(F18*Precio!$K15,0) -> 0 | W18: =IFERROR(G18*Precio!$K15,0) -> 2700000 | X18: =IFERROR(H18*Precio!$K15,0) -> 0 | Y18: =IFERROR(I18*Precio!$K15,0) -> 0 | Z18: =IFERROR(J18*Precio!$K15,0) -> 5400000 | AA18: =IFERROR(K18*Precio!$K15,0) -> 0 | ... AE18: =IFERROR(O18*Precio!$K15,0) -> 0 | AG18: =IFERROR(D18*Precio!$G15,0) -> 0 | AH18: =IFERROR(E18*Precio!$G15,0) -> 0 | AI18: =IFERROR(F18*Precio!$G15,0) -> 0 | AJ18: =IFERROR(G18*Precio!$G15,0) -> 1822500 | AK18: =IFERROR(H18*Precio!$G15,0) -> 0 | AL18: =IFERROR(I18*Precio!$G15,0) -> 0 | AM18: =IFERROR(J18*Precio!$G15,0) -> 3645000 | AN18: =IFERROR(K18*Precio!$G15,0) -> 0 | ... AR18: =IFERROR(O18*Precio!$G15,0) -> 0 | AT18: =T18*Precio!$J15 -> 0 | AU18: =U18*Precio!$J15 -> 0 | AV18: =V18*Precio!$J15 -> 0 | AW18: =W18*Precio!$J15 -> 513000 | AX18: =X18*Precio!$J15 -> 0 | AY18: =Y18*Precio!$J15 -> 0 | AZ18: =Z18*Precio!$J15 -> 1026000 | BA18: =AA18*Precio!$J15 -> 0 | ... BE18: =AE18*Precio!$J15 -> 0 | BG18: =IFERROR(D18*Precio!$N15,0) -> 0 | BH18: =IFERROR(E18*Precio!$N15,0) -> 0 | BI18: =IFERROR(F18*Precio!$N15,0) -> 0 | BJ18: =IFERROR(G18*Precio!$N15,0) -> 364500 | BK18: =IFERROR(H18*Precio!$N15,0) -> 0 | BL18: =IFERROR(I18*Precio!$N15,0) -> 0 | BM18: =IFERROR(J18*Precio!$N15,0) -> 729000 | BN18: =IFERROR(K18*Precio!$N15,0) -> 0 | ... BR18: =IFERROR(O18*Precio!$N15,0) -> 0
C19: =IF(Precio!C16="","",Precio!C16) | P19: =SUM(D19:O19) -> 0 | Q19: =SUM(T19:AE19) -> 0 | S19: =C19 | T19: =IFERROR(D19*Precio!$K16,0) -> 0 | U19: =IFERROR(E19*Precio!$K16,0) -> 0 | V19: =IFERROR(F19*Precio!$K16,0) -> 0 | W19: =IFERROR(G19*Precio!$K16,0) -> 0 | X19: =IFERROR(H19*Precio!$K16,0) -> 0 | Y19: =IFERROR(I19*Precio!$K16,0) -> 0 | Z19: =IFERROR(J19*Precio!$K16,0) -> 0 | AA19: =IFERROR(K19*Precio!$K16,0) -> 0 | ... AE19: =IFERROR(O19*Precio!$K16,0) -> 0 | AG19: =IFERROR(D19*Precio!$G16,0) -> 0 | AH19: =IFERROR(E19*Precio!$G16,0) -> 0 | AI19: =IFERROR(F19*Precio!$G16,0) -> 0 | AJ19: =IFERROR(G19*Precio!$G16,0) -> 0 | AK19: =IFERROR(H19*Precio!$G16,0) -> 0 | AL19: =IFERROR(I19*Precio!$G16,0) -> 0 | AM19: =IFERROR(J19*Precio!$G16,0) -> 0 | AN19: =IFERROR(K19*Precio!$G16,0) -> 0 | ... AR19: =IFERROR(O19*Precio!$G16,0) -> 0 | AT19: =T19*Precio!$J16 -> 0 | AU19: =U19*Precio!$J16 -> 0 | AV19: =V19*Precio!$J16 -> 0 | AW19: =W19*Precio!$J16 -> 0 | AX19: =X19*Precio!$J16 -> 0 | AY19: =Y19*Precio!$J16 -> 0 | AZ19: =Z19*Precio!$J16 -> 0 | BA19: =AA19*Precio!$J16 -> 0 | ... BE19: =AE19*Precio!$J16 -> 0 | BG19: =IFERROR(D19*Precio!$N16,0) -> 0 | BH19: =IFERROR(E19*Precio!$N16,0) -> 0 | BI19: =IFERROR(F19*Precio!$N16,0) -> 0 | BJ19: =IFERROR(G19*Precio!$N16,0) -> 0 | BK19: =IFERROR(H19*Precio!$N16,0) -> 0 | BL19: =IFERROR(I19*Precio!$N16,0) -> 0 | BM19: =IFERROR(J19*Precio!$N16,0) -> 0 | BN19: =IFERROR(K19*Precio!$N16,0) -> 0 | ... BR19: =IFERROR(O19*Precio!$N16,0) -> 0
C20: =IF(Precio!C17="","",Precio!C17) | P20: =SUM(D20:O20) -> 0 | Q20: =SUM(T20:AE20) -> 0 | S20: =C20 | T20: =IFERROR(D20*Precio!$K17,0) -> 0 | U20: =IFERROR(E20*Precio!$K17,0) -> 0 | V20: =IFERROR(F20*Precio!$K17,0) -> 0 | W20: =IFERROR(G20*Precio!$K17,0) -> 0 | X20: =IFERROR(H20*Precio!$K17,0) -> 0 | Y20: =IFERROR(I20*Precio!$K17,0) -> 0 | Z20: =IFERROR(J20*Precio!$K17,0) -> 0 | AA20: =IFERROR(K20*Precio!$K17,0) -> 0 | ... AE20: =IFERROR(O20*Precio!$K17,0) -> 0 | AG20: =IFERROR(D20*Precio!$G17,0) -> 0 | AH20: =IFERROR(E20*Precio!$G17,0) -> 0 | AI20: =IFERROR(F20*Precio!$G17,0) -> 0 | AJ20: =IFERROR(G20*Precio!$G17,0) -> 0 | AK20: =IFERROR(H20*Precio!$G17,0) -> 0 | AL20: =IFERROR(I20*Precio!$G17,0) -> 0 | AM20: =IFERROR(J20*Precio!$G17,0) -> 0 | AN20: =IFERROR(K20*Precio!$G17,0) -> 0 | ... AR20: =IFERROR(O20*Precio!$G17,0) -> 0 | AT20: =T20*Precio!$J17 -> 0 | AU20: =U20*Precio!$J17 -> 0 | AV20: =V20*Precio!$J17 -> 0 | AW20: =W20*Precio!$J17 -> 0 | AX20: =X20*Precio!$J17 -> 0 | AY20: =Y20*Precio!$J17 -> 0 | AZ20: =Z20*Precio!$J17 -> 0 | BA20: =AA20*Precio!$J17 -> 0 | ... BE20: =AE20*Precio!$J17 -> 0 | BG20: =IFERROR(D20*Precio!$N17,0) -> 0 | BH20: =IFERROR(E20*Precio!$N17,0) -> 0 | BI20: =IFERROR(F20*Precio!$N17,0) -> 0 | BJ20: =IFERROR(G20*Precio!$N17,0) -> 0 | BK20: =IFERROR(H20*Precio!$N17,0) -> 0 | BL20: =IFERROR(I20*Precio!$N17,0) -> 0 | BM20: =IFERROR(J20*Precio!$N17,0) -> 0 | BN20: =IFERROR(K20*Precio!$N17,0) -> 0 | ... BR20: =IFERROR(O20*Precio!$N17,0) -> 0
C21: =IF(Precio!C18="","",Precio!C18) | P21: =SUM(D21:O21) -> 0 | Q21: =SUM(T21:AE21) -> 0 | S21: =C21 | T21: =IFERROR(D21*Precio!$K18,0) -> 0 | U21: =IFERROR(E21*Precio!$K18,0) -> 0 | V21: =IFERROR(F21*Precio!$K18,0) -> 0 | W21: =IFERROR(G21*Precio!$K18,0) -> 0 | X21: =IFERROR(H21*Precio!$K18,0) -> 0 | Y21: =IFERROR(I21*Precio!$K18,0) -> 0 | Z21: =IFERROR(J21*Precio!$K18,0) -> 0 | AA21: =IFERROR(K21*Precio!$K18,0) -> 0 | ... AE21: =IFERROR(O21*Precio!$K18,0) -> 0 | AG21: =IFERROR(D21*Precio!$G18,0) -> 0 | AH21: =IFERROR(E21*Precio!$G18,0) -> 0 | AI21: =IFERROR(F21*Precio!$G18,0) -> 0 | AJ21: =IFERROR(G21*Precio!$G18,0) -> 0 | AK21: =IFERROR(H21*Precio!$G18,0) -> 0 | AL21: =IFERROR(I21*Precio!$G18,0) -> 0 | AM21: =IFERROR(J21*Precio!$G18,0) -> 0 | AN21: =IFERROR(K21*Precio!$G18,0) -> 0 | ... AR21: =IFERROR(O21*Precio!$G18,0) -> 0 | AT21: =T21*Precio!$J18 -> 0 | AU21: =U21*Precio!$J18 -> 0 | AV21: =V21*Precio!$J18 -> 0 | AW21: =W21*Precio!$J18 -> 0 | AX21: =X21*Precio!$J18 -> 0 | AY21: =Y21*Precio!$J18 -> 0 | AZ21: =Z21*Precio!$J18 -> 0 | BA21: =AA21*Precio!$J18 -> 0 | ... BE21: =AE21*Precio!$J18 -> 0 | BG21: =IFERROR(D21*Precio!$N18,0) -> 0 | BH21: =IFERROR(E21*Precio!$N18,0) -> 0 | BI21: =IFERROR(F21*Precio!$N18,0) -> 0 | BJ21: =IFERROR(G21*Precio!$N18,0) -> 0 | BK21: =IFERROR(H21*Precio!$N18,0) -> 0 | BL21: =IFERROR(I21*Precio!$N18,0) -> 0 | BM21: =IFERROR(J21*Precio!$N18,0) -> 0 | BN21: =IFERROR(K21*Precio!$N18,0) -> 0 | ... BR21: =IFERROR(O21*Precio!$N18,0) -> 0
C22: =IF(Precio!C19="","",Precio!C19) | P22: =SUM(D22:O22) -> 0 | Q22: =SUM(T22:AE22) -> 0 | S22: =C22 | T22: =IFERROR(D22*Precio!$K19,0) -> 0 | U22: =IFERROR(E22*Precio!$K19,0) -> 0 | V22: =IFERROR(F22*Precio!$K19,0) -> 0 | W22: =IFERROR(G22*Precio!$K19,0) -> 0 | X22: =IFERROR(H22*Precio!$K19,0) -> 0 | Y22: =IFERROR(I22*Precio!$K19,0) -> 0 | Z22: =IFERROR(J22*Precio!$K19,0) -> 0 | AA22: =IFERROR(K22*Precio!$K19,0) -> 0 | ... AE22: =IFERROR(O22*Precio!$K19,0) -> 0 | AG22: =IFERROR(D22*Precio!$G19,0) -> 0 | AH22: =IFERROR(E22*Precio!$G19,0) -> 0 | AI22: =IFERROR(F22*Precio!$G19,0) -> 0 | AJ22: =IFERROR(G22*Precio!$G19,0) -> 0 | AK22: =IFERROR(H22*Precio!$G19,0) -> 0 | AL22: =IFERROR(I22*Precio!$G19,0) -> 0 | AM22: =IFERROR(J22*Precio!$G19,0) -> 0 | AN22: =IFERROR(K22*Precio!$G19,0) -> 0 | ... AR22: =IFERROR(O22*Precio!$G19,0) -> 0 | AT22: =T22*Precio!$J19 -> 0 | AU22: =U22*Precio!$J19 -> 0 | AV22: =V22*Precio!$J19 -> 0 | AW22: =W22*Precio!$J19 -> 0 | AX22: =X22*Precio!$J19 -> 0 | AY22: =Y22*Precio!$J19 -> 0 | AZ22: =Z22*Precio!$J19 -> 0 | BA22: =AA22*Precio!$J19 -> 0 | ... BE22: =AE22*Precio!$J19 -> 0 | BG22: =IFERROR(D22*Precio!$N19,0) -> 0 | BH22: =IFERROR(E22*Precio!$N19,0) -> 0 | BI22: =IFERROR(F22*Precio!$N19,0) -> 0 | BJ22: =IFERROR(G22*Precio!$N19,0) -> 0 | BK22: =IFERROR(H22*Precio!$N19,0) -> 0 | BL22: =IFERROR(I22*Precio!$N19,0) -> 0 | BM22: =IFERROR(J22*Precio!$N19,0) -> 0 | BN22: =IFERROR(K22*Precio!$N19,0) -> 0 | ... BR22: =IFERROR(O22*Precio!$N19,0) -> 0
C23: =IF(Precio!C20="","",Precio!C20) | P23: =SUM(D23:O23) -> 0 | Q23: =SUM(T23:AE23) -> 0 | S23: =C23 | T23: =IFERROR(D23*Precio!$K20,0) -> 0 | U23: =IFERROR(E23*Precio!$K20,0) -> 0 | V23: =IFERROR(F23*Precio!$K20,0) -> 0 | W23: =IFERROR(G23*Precio!$K20,0) -> 0 | X23: =IFERROR(H23*Precio!$K20,0) -> 0 | Y23: =IFERROR(I23*Precio!$K20,0) -> 0 | Z23: =IFERROR(J23*Precio!$K20,0) -> 0 | AA23: =IFERROR(K23*Precio!$K20,0) -> 0 | ... AE23: =IFERROR(O23*Precio!$K20,0) -> 0 | AG23: =IFERROR(D23*Precio!$G20,0) -> 0 | AH23: =IFERROR(E23*Precio!$G20,0) -> 0 | AI23: =IFERROR(F23*Precio!$G20,0) -> 0 | AJ23: =IFERROR(G23*Precio!$G20,0) -> 0 | AK23: =IFERROR(H23*Precio!$G20,0) -> 0 | AL23: =IFERROR(I23*Precio!$G20,0) -> 0 | AM23: =IFERROR(J23*Precio!$G20,0) -> 0 | AN23: =IFERROR(K23*Precio!$G20,0) -> 0 | ... AR23: =IFERROR(O23*Precio!$G20,0) -> 0 | AT23: =T23*Precio!$J20 -> 0 | AU23: =U23*Precio!$J20 -> 0 | AV23: =V23*Precio!$J20 -> 0 | AW23: =W23*Precio!$J20 -> 0 | AX23: =X23*Precio!$J20 -> 0 | AY23: =Y23*Precio!$J20 -> 0 | AZ23: =Z23*Precio!$J20 -> 0 | BA23: =AA23*Precio!$J20 -> 0 | ... BE23: =AE23*Precio!$J20 -> 0 | BG23: =IFERROR(D23*Precio!$N20,0) -> 0 | BH23: =IFERROR(E23*Precio!$N20,0) -> 0 | BI23: =IFERROR(F23*Precio!$N20,0) -> 0 | BJ23: =IFERROR(G23*Precio!$N20,0) -> 0 | BK23: =IFERROR(H23*Precio!$N20,0) -> 0 | BL23: =IFERROR(I23*Precio!$N20,0) -> 0 | BM23: =IFERROR(J23*Precio!$N20,0) -> 0 | BN23: =IFERROR(K23*Precio!$N20,0) -> 0 | ... BR23: =IFERROR(O23*Precio!$N20,0) -> 0
C24: =IF(Precio!C21="","",Precio!C21) | P24: =SUM(D24:O24) -> 0 | Q24: =SUM(T24:AE24) -> 0 | S24: =C24 | T24: =IFERROR(D24*Precio!$K21,0) -> 0 | U24: =IFERROR(E24*Precio!$K21,0) -> 0 | V24: =IFERROR(F24*Precio!$K21,0) -> 0 | W24: =IFERROR(G24*Precio!$K21,0) -> 0 | X24: =IFERROR(H24*Precio!$K21,0) -> 0 | Y24: =IFERROR(I24*Precio!$K21,0) -> 0 | Z24: =IFERROR(J24*Precio!$K21,0) -> 0 | AA24: =IFERROR(K24*Precio!$K21,0) -> 0 | ... AE24: =IFERROR(O24*Precio!$K21,0) -> 0 | AG24: =IFERROR(D24*Precio!$G21,0) -> 0 | AH24: =IFERROR(E24*Precio!$G21,0) -> 0 | AI24: =IFERROR(F24*Precio!$G21,0) -> 0 | AJ24: =IFERROR(G24*Precio!$G21,0) -> 0 | AK24: =IFERROR(H24*Precio!$G21,0) -> 0 | AL24: =IFERROR(I24*Precio!$G21,0) -> 0 | AM24: =IFERROR(J24*Precio!$G21,0) -> 0 | AN24: =IFERROR(K24*Precio!$G21,0) -> 0 | ... AR24: =IFERROR(O24*Precio!$G21,0) -> 0 | AT24: =T24*Precio!$J21 -> 0 | AU24: =U24*Precio!$J21 -> 0 | AV24: =V24*Precio!$J21 -> 0 | AW24: =W24*Precio!$J21 -> 0 | AX24: =X24*Precio!$J21 -> 0 | AY24: =Y24*Precio!$J21 -> 0 | AZ24: =Z24*Precio!$J21 -> 0 | BA24: =AA24*Precio!$J21 -> 0 | ... BE24: =AE24*Precio!$J21 -> 0 | BG24: =IFERROR(D24*Precio!$N21,0) -> 0 | BH24: =IFERROR(E24*Precio!$N21,0) -> 0 | BI24: =IFERROR(F24*Precio!$N21,0) -> 0 | BJ24: =IFERROR(G24*Precio!$N21,0) -> 0 | BK24: =IFERROR(H24*Precio!$N21,0) -> 0 | BL24: =IFERROR(I24*Precio!$N21,0) -> 0 | BM24: =IFERROR(J24*Precio!$N21,0) -> 0 | BN24: =IFERROR(K24*Precio!$N21,0) -> 0 | ... BR24: =IFERROR(O24*Precio!$N21,0) -> 0
C25: =IF(Precio!C22="","",Precio!C22) | P25: =SUM(D25:O25) -> 0 | Q25: =SUM(T25:AE25) -> 0 | S25: =C25 | T25: =IFERROR(D25*Precio!$K22,0) -> 0 | U25: =IFERROR(E25*Precio!$K22,0) -> 0 | V25: =IFERROR(F25*Precio!$K22,0) -> 0 | W25: =IFERROR(G25*Precio!$K22,0) -> 0 | X25: =IFERROR(H25*Precio!$K22,0) -> 0 | Y25: =IFERROR(I25*Precio!$K22,0) -> 0 | Z25: =IFERROR(J25*Precio!$K22,0) -> 0 | AA25: =IFERROR(K25*Precio!$K22,0) -> 0 | ... AE25: =IFERROR(O25*Precio!$K22,0) -> 0 | AG25: =IFERROR(D25*Precio!$G22,0) -> 0 | AH25: =IFERROR(E25*Precio!$G22,0) -> 0 | AI25: =IFERROR(F25*Precio!$G22,0) -> 0 | AJ25: =IFERROR(G25*Precio!$G22,0) -> 0 | AK25: =IFERROR(H25*Precio!$G22,0) -> 0 | AL25: =IFERROR(I25*Precio!$G22,0) -> 0 | AM25: =IFERROR(J25*Precio!$G22,0) -> 0 | AN25: =IFERROR(K25*Precio!$G22,0) -> 0 | ... AR25: =IFERROR(O25*Precio!$G22,0) -> 0 | AT25: =T25*Precio!$J22 -> 0 | AU25: =U25*Precio!$J22 -> 0 | AV25: =V25*Precio!$J22 -> 0 | AW25: =W25*Precio!$J22 -> 0 | AX25: =X25*Precio!$J22 -> 0 | AY25: =Y25*Precio!$J22 -> 0 | AZ25: =Z25*Precio!$J22 -> 0 | BA25: =AA25*Precio!$J22 -> 0 | ... BE25: =AE25*Precio!$J22 -> 0 | BG25: =IFERROR(D25*Precio!$N22,0) -> 0 | BH25: =IFERROR(E25*Precio!$N22,0) -> 0 | BI25: =IFERROR(F25*Precio!$N22,0) -> 0 | BJ25: =IFERROR(G25*Precio!$N22,0) -> 0 | BK25: =IFERROR(H25*Precio!$N22,0) -> 0 | BL25: =IFERROR(I25*Precio!$N22,0) -> 0 | BM25: =IFERROR(J25*Precio!$N22,0) -> 0 | BN25: =IFERROR(K25*Precio!$N22,0) -> 0 | ... BR25: =IFERROR(O25*Precio!$N22,0) -> 0
C26: =IF(Precio!C23="","",Precio!C23) | P26: =SUM(D26:O26) -> 0 | Q26: =SUM(T26:AE26) -> 0 | S26: =C26 | T26: =IFERROR(D26*Precio!$K23,0) -> 0 | U26: =IFERROR(E26*Precio!$K23,0) -> 0 | V26: =IFERROR(F26*Precio!$K23,0) -> 0 | W26: =IFERROR(G26*Precio!$K23,0) -> 0 | X26: =IFERROR(H26*Precio!$K23,0) -> 0 | Y26: =IFERROR(I26*Precio!$K23,0) -> 0 | Z26: =IFERROR(J26*Precio!$K23,0) -> 0 | AA26: =IFERROR(K26*Precio!$K23,0) -> 0 | ... AE26: =IFERROR(O26*Precio!$K23,0) -> 0 | AG26: =IFERROR(D26*Precio!$G23,0) -> 0 | AH26: =IFERROR(E26*Precio!$G23,0) -> 0 | AI26: =IFERROR(F26*Precio!$G23,0) -> 0 | AJ26: =IFERROR(G26*Precio!$G23,0) -> 0 | AK26: =IFERROR(H26*Precio!$G23,0) -> 0 | AL26: =IFERROR(I26*Precio!$G23,0) -> 0 | AM26: =IFERROR(J26*Precio!$G23,0) -> 0 | AN26: =IFERROR(K26*Precio!$G23,0) -> 0 | ... AR26: =IFERROR(O26*Precio!$G23,0) -> 0 | AT26: =T26*Precio!$J23 -> 0 | AU26: =U26*Precio!$J23 -> 0 | AV26: =V26*Precio!$J23 -> 0 | AW26: =W26*Precio!$J23 -> 0 | AX26: =X26*Precio!$J23 -> 0 | AY26: =Y26*Precio!$J23 -> 0 | AZ26: =Z26*Precio!$J23 -> 0 | BA26: =AA26*Precio!$J23 -> 0 | ... BE26: =AE26*Precio!$J23 -> 0 | BG26: =IFERROR(D26*Precio!$N23,0) -> 0 | BH26: =IFERROR(E26*Precio!$N23,0) -> 0 | BI26: =IFERROR(F26*Precio!$N23,0) -> 0 | BJ26: =IFERROR(G26*Precio!$N23,0) -> 0 | BK26: =IFERROR(H26*Precio!$N23,0) -> 0 | BL26: =IFERROR(I26*Precio!$N23,0) -> 0 | BM26: =IFERROR(J26*Precio!$N23,0) -> 0 | BN26: =IFERROR(K26*Precio!$N23,0) -> 0 | ... BR26: =IFERROR(O26*Precio!$N23,0) -> 0
C27: =IF(Precio!C24="","",Precio!C24) | P27: =SUM(D27:O27) -> 0 | Q27: =SUM(T27:AE27) -> 0 | S27: =C27 | T27: =IFERROR(D27*Precio!$K24,0) -> 0 | U27: =IFERROR(E27*Precio!$K24,0) -> 0 | V27: =IFERROR(F27*Precio!$K24,0) -> 0 | W27: =IFERROR(G27*Precio!$K24,0) -> 0 | X27: =IFERROR(H27*Precio!$K24,0) -> 0 | Y27: =IFERROR(I27*Precio!$K24,0) -> 0 | Z27: =IFERROR(J27*Precio!$K24,0) -> 0 | AA27: =IFERROR(K27*Precio!$K24,0) -> 0 | ... AE27: =IFERROR(O27*Precio!$K24,0) -> 0 | AG27: =IFERROR(D27*Precio!$G24,0) -> 0 | AH27: =IFERROR(E27*Precio!$G24,0) -> 0 | AI27: =IFERROR(F27*Precio!$G24,0) -> 0 | AJ27: =IFERROR(G27*Precio!$G24,0) -> 0 | AK27: =IFERROR(H27*Precio!$G24,0) -> 0 | AL27: =IFERROR(I27*Precio!$G24,0) -> 0 | AM27: =IFERROR(J27*Precio!$G24,0) -> 0 | AN27: =IFERROR(K27*Precio!$G24,0) -> 0 | ... AR27: =IFERROR(O27*Precio!$G24,0) -> 0 | AT27: =T27*Precio!$J24 -> 0 | AU27: =U27*Precio!$J24 -> 0 | AV27: =V27*Precio!$J24 -> 0 | AW27: =W27*Precio!$J24 -> 0 | AX27: =X27*Precio!$J24 -> 0 | AY27: =Y27*Precio!$J24 -> 0 | AZ27: =Z27*Precio!$J24 -> 0 | BA27: =AA27*Precio!$J24 -> 0 | ... BE27: =AE27*Precio!$J24 -> 0 | BG27: =IFERROR(D27*Precio!$N24,0) -> 0 | BH27: =IFERROR(E27*Precio!$N24,0) -> 0 | BI27: =IFERROR(F27*Precio!$N24,0) -> 0 | BJ27: =IFERROR(G27*Precio!$N24,0) -> 0 | BK27: =IFERROR(H27*Precio!$N24,0) -> 0 | BL27: =IFERROR(I27*Precio!$N24,0) -> 0 | BM27: =IFERROR(J27*Precio!$N24,0) -> 0 | BN27: =IFERROR(K27*Precio!$N24,0) -> 0 | ... BR27: =IFERROR(O27*Precio!$N24,0) -> 0
C28: =IF(Precio!C25="","",Precio!C25) | P28: =SUM(D28:O28) -> 0 | Q28: =SUM(T28:AE28) -> 0 | S28: =C28 | T28: =IFERROR(D28*Precio!$K25,0) -> 0 | U28: =IFERROR(E28*Precio!$K25,0) -> 0 | V28: =IFERROR(F28*Precio!$K25,0) -> 0 | W28: =IFERROR(G28*Precio!$K25,0) -> 0 | X28: =IFERROR(H28*Precio!$K25,0) -> 0 | Y28: =IFERROR(I28*Precio!$K25,0) -> 0 | Z28: =IFERROR(J28*Precio!$K25,0) -> 0 | AA28: =IFERROR(K28*Precio!$K25,0) -> 0 | ... AE28: =IFERROR(O28*Precio!$K25,0) -> 0 | AG28: =IFERROR(D28*Precio!$G25,0) -> 0 | AH28: =IFERROR(E28*Precio!$G25,0) -> 0 | AI28: =IFERROR(F28*Precio!$G25,0) -> 0 | AJ28: =IFERROR(G28*Precio!$G25,0) -> 0 | AK28: =IFERROR(H28*Precio!$G25,0) -> 0 | AL28: =IFERROR(I28*Precio!$G25,0) -> 0 | AM28: =IFERROR(J28*Precio!$G25,0) -> 0 | AN28: =IFERROR(K28*Precio!$G25,0) -> 0 | ... AR28: =IFERROR(O28*Precio!$G25,0) -> 0 | AT28: =T28*Precio!$J25 -> 0 | AU28: =U28*Precio!$J25 -> 0 | AV28: =V28*Precio!$J25 -> 0 | AW28: =W28*Precio!$J25 -> 0 | AX28: =X28*Precio!$J25 -> 0 | AY28: =Y28*Precio!$J25 -> 0 | AZ28: =Z28*Precio!$J25 -> 0 | BA28: =AA28*Precio!$J25 -> 0 | ... BE28: =AE28*Precio!$J25 -> 0 | BG28: =IFERROR(D28*Precio!$N25,0) -> 0 | BH28: =IFERROR(E28*Precio!$N25,0) -> 0 | BI28: =IFERROR(F28*Precio!$N25,0) -> 0 | BJ28: =IFERROR(G28*Precio!$N25,0) -> 0 | BK28: =IFERROR(H28*Precio!$N25,0) -> 0 | BL28: =IFERROR(I28*Precio!$N25,0) -> 0 | BM28: =IFERROR(J28*Precio!$N25,0) -> 0 | BN28: =IFERROR(K28*Precio!$N25,0) -> 0 | ... BR28: =IFERROR(O28*Precio!$N25,0) -> 0
C29: =IF(Precio!C26="","",Precio!C26) | P29: =SUM(D29:O29) -> 0 | Q29: =SUM(T29:AE29) -> 0 | S29: =C29 | T29: =IFERROR(D29*Precio!$K26,0) -> 0 | U29: =IFERROR(E29*Precio!$K26,0) -> 0 | V29: =IFERROR(F29*Precio!$K26,0) -> 0 | W29: =IFERROR(G29*Precio!$K26,0) -> 0 | X29: =IFERROR(H29*Precio!$K26,0) -> 0 | Y29: =IFERROR(I29*Precio!$K26,0) -> 0 | Z29: =IFERROR(J29*Precio!$K26,0) -> 0 | AA29: =IFERROR(K29*Precio!$K26,0) -> 0 | ... AE29: =IFERROR(O29*Precio!$K26,0) -> 0 | AG29: =IFERROR(D29*Precio!$G26,0) -> 0 | AH29: =IFERROR(E29*Precio!$G26,0) -> 0 | AI29: =IFERROR(F29*Precio!$G26,0) -> 0 | AJ29: =IFERROR(G29*Precio!$G26,0) -> 0 | AK29: =IFERROR(H29*Precio!$G26,0) -> 0 | AL29: =IFERROR(I29*Precio!$G26,0) -> 0 | AM29: =IFERROR(J29*Precio!$G26,0) -> 0 | AN29: =IFERROR(K29*Precio!$G26,0) -> 0 | ... AR29: =IFERROR(O29*Precio!$G26,0) -> 0 | AT29: =T29*Precio!$J26 -> 0 | AU29: =U29*Precio!$J26 -> 0 | AV29: =V29*Precio!$J26 -> 0 | AW29: =W29*Precio!$J26 -> 0 | AX29: =X29*Precio!$J26 -> 0 | AY29: =Y29*Precio!$J26 -> 0 | AZ29: =Z29*Precio!$J26 -> 0 | BA29: =AA29*Precio!$J26 -> 0 | ... BE29: =AE29*Precio!$J26 -> 0 | BG29: =IFERROR(D29*Precio!$N26,0) -> 0 | BH29: =IFERROR(E29*Precio!$N26,0) -> 0 | BI29: =IFERROR(F29*Precio!$N26,0) -> 0 | BJ29: =IFERROR(G29*Precio!$N26,0) -> 0 | BK29: =IFERROR(H29*Precio!$N26,0) -> 0 | BL29: =IFERROR(I29*Precio!$N26,0) -> 0 | BM29: =IFERROR(J29*Precio!$N26,0) -> 0 | BN29: =IFERROR(K29*Precio!$N26,0) -> 0 | ... BR29: =IFERROR(O29*Precio!$N26,0) -> 0
C30: =IF(Precio!C27="","",Precio!C27) | P30: =SUM(D30:O30) -> 0 | Q30: =SUM(T30:AE30) -> 0 | S30: =C30 | T30: =IFERROR(D30*Precio!$K27,0) -> 0 | U30: =IFERROR(E30*Precio!$K27,0) -> 0 | V30: =IFERROR(F30*Precio!$K27,0) -> 0 | W30: =IFERROR(G30*Precio!$K27,0) -> 0 | X30: =IFERROR(H30*Precio!$K27,0) -> 0 | Y30: =IFERROR(I30*Precio!$K27,0) -> 0 | Z30: =IFERROR(J30*Precio!$K27,0) -> 0 | AA30: =IFERROR(K30*Precio!$K27,0) -> 0 | ... AE30: =IFERROR(O30*Precio!$K27,0) -> 0 | AG30: =IFERROR(D30*Precio!$G27,0) -> 0 | AH30: =IFERROR(E30*Precio!$G27,0) -> 0 | AI30: =IFERROR(F30*Precio!$G27,0) -> 0 | AJ30: =IFERROR(G30*Precio!$G27,0) -> 0 | AK30: =IFERROR(H30*Precio!$G27,0) -> 0 | AL30: =IFERROR(I30*Precio!$G27,0) -> 0 | AM30: =IFERROR(J30*Precio!$G27,0) -> 0 | AN30: =IFERROR(K30*Precio!$G27,0) -> 0 | ... AR30: =IFERROR(O30*Precio!$G27,0) -> 0 | AT30: =T30*Precio!$J27 -> 0 | AU30: =U30*Precio!$J27 -> 0 | AV30: =V30*Precio!$J27 -> 0 | AW30: =W30*Precio!$J27 -> 0 | AX30: =X30*Precio!$J27 -> 0 | AY30: =Y30*Precio!$J27 -> 0 | AZ30: =Z30*Precio!$J27 -> 0 | BA30: =AA30*Precio!$J27 -> 0 | ... BE30: =AE30*Precio!$J27 -> 0 | BG30: =IFERROR(D30*Precio!$N27,0) -> 0 | BH30: =IFERROR(E30*Precio!$N27,0) -> 0 | BI30: =IFERROR(F30*Precio!$N27,0) -> 0 | BJ30: =IFERROR(G30*Precio!$N27,0) -> 0 | BK30: =IFERROR(H30*Precio!$N27,0) -> 0 | BL30: =IFERROR(I30*Precio!$N27,0) -> 0 | BM30: =IFERROR(J30*Precio!$N27,0) -> 0 | BN30: =IFERROR(K30*Precio!$N27,0) -> 0 | ... BR30: =IFERROR(O30*Precio!$N27,0) -> 0
... C37: =IF(Precio!C34="","",Precio!C34) | P37: =SUM(D37:O37) -> 0 | Q37: =SUM(T37:AE37) -> 0 | S37: =C37 | T37: =IFERROR(D37*Precio!$K34,0) -> 0 | U37: =IFERROR(E37*Precio!$K34,0) -> 0 | V37: =IFERROR(F37*Precio!$K34,0) -> 0 | W37: =IFERROR(G37*Precio!$K34,0) -> 0 | X37: =IFERROR(H37*Precio!$K34,0) -> 0 | Y37: =IFERROR(I37*Precio!$K34,0) -> 0 | Z37: =IFERROR(J37*Precio!$K34,0) -> 0 | AA37: =IFERROR(K37*Precio!$K34,0) -> 0 | ... AE37: =IFERROR(O37*Precio!$K34,0) -> 0 | AG37: =IFERROR(D37*Precio!$G34,0) -> 0 | AH37: =IFERROR(E37*Precio!$G34,0) -> 0 | AI37: =IFERROR(F37*Precio!$G34,0) -> 0 | AJ37: =IFERROR(G37*Precio!$G34,0) -> 0 | AK37: =IFERROR(H37*Precio!$G34,0) -> 0 | AL37: =IFERROR(I37*Precio!$G34,0) -> 0 | AM37: =IFERROR(J37*Precio!$G34,0) -> 0 | AN37: =IFERROR(K37*Precio!$G34,0) -> 0 | ... AR37: =IFERROR(O37*Precio!$G34,0) -> 0 | AT37: =T37*Precio!$J34 -> 0 | AU37: =U37*Precio!$J34 -> 0 | AV37: =V37*Precio!$J34 -> 0 | AW37: =W37*Precio!$J34 -> 0 | AX37: =X37*Precio!$J34 -> 0 | AY37: =Y37*Precio!$J34 -> 0 | AZ37: =Z37*Precio!$J34 -> 0 | BA37: =AA37*Precio!$J34 -> 0 | ... BE37: =AE37*Precio!$J34 -> 0 | BG37: =IFERROR(D37*Precio!$N34,0) -> 0 | BH37: =IFERROR(E37*Precio!$N34,0) -> 0 | BI37: =IFERROR(F37*Precio!$N34,0) -> 0 | BJ37: =IFERROR(G37*Precio!$N34,0) -> 0 | BK37: =IFERROR(H37*Precio!$N34,0) -> 0 | BL37: =IFERROR(I37*Precio!$N34,0) -> 0 | BM37: =IFERROR(J37*Precio!$N34,0) -> 0 | BN37: =IFERROR(K37*Precio!$N34,0) -> 0 | ... BR37: =IFERROR(O37*Precio!$N34,0) -> 0
C38: totales | D38: =SUM(D8:D37) -> 2000 | E38: =SUM(E8:E37) -> 0 | F38: =SUM(F8:F37) -> 0 | G38: =SUM(G8:G37) -> 5500 | H38: =SUM(H8:H37) -> 0 | I38: =SUM(I8:I37) -> 0 | J38: =SUM(J8:J37) -> 11000 | K38: =SUM(K8:K37) -> 0 | ... Q38: =SUM(Q8:Q37) -> 5.286e+08 | S38: total | T38: =SUM(T8:T37) -> 83316049 | U38: =SUM(U8:U37) -> 0 | V38: =SUM(V8:V37) -> 0 | W38: =SUM(W8:W37) -> 89056790 | X38: =SUM(X8:X37) -> 0 | Y38: =SUM(Y8:Y37) -> 0 | Z38: =SUM(Z8:Z37) -> 1.7811358e+08 | AA38: =SUM(AA8:AA37) -> 0 | ... AE38: =SUM(AE8:AE37) -> 0 | AF38: total | AG38: =SUM(AG8:AG37) -> 56238000 | AH38: =SUM(AH8:AH37) -> 0 | AI38: =SUM(AI8:AI37) -> 0 | AJ38: =SUM(AJ8:AJ37) -> 60113500 | AK38: =SUM(AK8:AK37) -> 0 | AL38: =SUM(AL8:AL37) -> 0 | AM38: =SUM(AM8:AM37) -> 120227000 | AN38: =SUM(AN8:AN37) -> 0 | ... AR38: =SUM(AR8:AR37) -> 0 | AS38: total | AT38: =SUM(AT8:AT37) -> 15830049 | AU38: =SUM(AU8:AU37) -> 0 | AV38: =SUM(AV8:AV37) -> 0 | AW38: =SUM(AW8:AW37) -> 16920790 | AX38: =SUM(AX8:AX37) -> 0 | AY38: =SUM(AY8:AY37) -> 0 | AZ38: =SUM(AZ8:AZ37) -> 33841580 | BA38: =SUM(BA8:BA37) -> 0 | ... BE38: =SUM(BE8:BE37) -> 0 | BF38: total | BG38: =SUM(BG8:BG37) -> 11248000 | BH38: =SUM(BH8:BH37) -> 0 | BI38: =SUM(BI8:BI37) -> 0 | BJ38: =SUM(BJ8:BJ37) -> 12022500 | BK38: =SUM(BK8:BK37) -> 0 | BL38: =SUM(BL8:BL37) -> 0 | BM38: =SUM(BM8:BM37) -> 24045000 | BN38: =SUM(BN8:BN37) -> 0 | ... BR38: =SUM(BR8:BR37) -> 0

Sheet Ano2
C4: Seleccione el año -> | D4: resumen | E4: 1 año | F4: 2 años | G4: 3 años
C6: Diseñar la cantidad de ventas para cada producto o servicio en los meses siguientes | T6: Proyección de ingresos | AG6: Los costos variables | AT6: impuestos | BG6: Margen de contribución
C7: Producto o Servicio | D7: =IF(PI!D6=0,"",PI!D6) -> enero | E7: =IFERROR(VLOOKUP(D7,'Aux1'!$O$2:$P$13,2,FALSE),"") -> febrero | F7: =IFERROR(VLOOKUP(E7,'Aux1'!$O$2:$P$13,2,FALSE),"") -> marzo | G7: =IFERROR(VLOOKUP(F7,'Aux1'!$O$2:$P$13,2,FALSE),"") -> abril | H7: =IFERROR(VLOOKUP(G7,'Aux1'!$O$2:$P$13,2,FALSE),"") -> mayo | I7: =IFERROR(VLOOKUP(H7,'Aux1'!$O$2:$P$13,2,FALSE),"") -> junio | J7: =IFERROR(VLOOKUP(I7,'Aux1'!$O$2:$P$13,2,FALSE),"") -> julio | K7: =IFERROR(VLOOKUP(J7,'Aux1'!$O$2:$P$13,2,FALSE),"") -> agosto | L7: =IFERROR(VLOOKUP(K7,'Aux1'!$O$2:$P$13,2,FALSE),"") -> septiembre | ... O7: =IFERROR(VLOOKUP(N7,'Aux1'!$O$2:$P$13,2,FALSE),"") -> diciembre | P7: Las ventas totales | Q7: Total ($) | S7: repetición | T7: enero | U7: febrero | V7: marzo | W7: abril | X7: mayo | Y7: junio | Z7: julio | AA7: agosto | AB7: septiembre | AC7: octubre | AD7: noviembre | AE7: diciembre | AG7: enero | AH7: febrero | AI7: marzo | AJ7: abril | AK7: mayo | AL7: junio | AM7: julio | AN7: agosto | AO7: septiembre | AP7: octubre | AQ7: noviembre | AR7: diciembre | AT7: enero | AU7: febrero | AV7: marzo | AW7: abril | AX7: mayo | AY7: junio | AZ7: julio | BA7: agosto | BB7: septiembre | BC7: octubre | BD7: noviembre | BE7: diciembre | BG7: enero | BH7: febrero | BI7: marzo | BJ7: abril | BK7: mayo | BL7: junio | BM7: julio | BN7: agosto | BO7: septiembre | BP7: octubre | BQ7: noviembre | BR7: diciembre
C8: =IF(Precio!C5="","",Precio!C5) -> Diseño arquitectonico / M2 | D8: 500 | G8: 500 | J8: 500 | M8: 500 | P8: =SUM(D8:O8) -> 2000 | Q8: =SUM(T8:AE8) -> 83316049 | S8: =C8 -> Diseño arquitectonico / M2 | T8: =IFERROR(D8*Precio!$K5,0) -> 20829012 | U8: =IFERROR(E8*Precio!$K5,0) -> 0 | V8: =IFERROR(F8*Precio!$K5,0) -> 0 | W8: =IFERROR(G8*Precio!$K5,0) -> 20829012 | X8: =IFERROR(H8*Precio!$K5,0) -> 0 | Y8: =IFERROR(I8*Precio!$K5,0) -> 0 | Z8: =IFERROR(J8*Precio!$K5,0) -> 20829012 | AA8: =IFERROR(K8*Precio!$K5,0) -> 0 | ... AE8: =IFERROR(O8*Precio!$K5,0) -> 0 | AG8: =IFERROR(D8*Precio!$G5,0) -> 14059500 | AH8: =IFERROR(E8*Precio!$G5,0) -> 0 | AI8: =IFERROR(F8*Precio!$G5,0) -> 0 | AJ8: =IFERROR(G8*Precio!$G5,0) -> 14059500 | AK8: =IFERROR(H8*Precio!$G5,0) -> 0 | AL8: =IFERROR(I8*Precio!$G5,0) -> 0 | AM8: =IFERROR(J8*Precio!$G5,0) -> 14059500 | AN8: =IFERROR(K8*Precio!$G5,0) -> 0 | ... AR8: =IFERROR(O8*Precio!$G5,0) -> 0 | AT8: =T8*Precio!$J5 -> 3957512.3 | AU8: =U8*Precio!$J5 -> 0 | AV8: =V8*Precio!$J5 -> 0 | AW8: =W8*Precio!$J5 -> 3957512.3 | AX8: =X8*Precio!$J5 -> 0 | AY8: =Y8*Precio!$J5 -> 0 | AZ8: =Z8*Precio!$J5 -> 3957512.3 | BA8: =AA8*Precio!$J5 -> 0 | ... BE8: =AE8*Precio!$J5 -> 0 | BG8: =IFERROR(D8*Precio!$N5,0) -> 2812000 | BH8: =IFERROR(E8*Precio!$N5,0) -> 0 | BI8: =IFERROR(F8*Precio!$N5,0) -> 0 | BJ8: =IFERROR(G8*Precio!$N5,0) -> 2812000 | BK8: =IFERROR(H8*Precio!$N5,0) -> 0 | BL8: =IFERROR(I8*Precio!$N5,0) -> 0 | BM8: =IFERROR(J8*Precio!$N5,0) -> 2812000 | BN8: =IFERROR(K8*Precio!$N5,0) -> 0 | ... BR8: =IFERROR(O8*Precio!$N5,0) -> 0
C9: =IF(Precio!C6="","",Precio!C6) -> Diseño estructural / M2 | D9: 500 | G9: 500 | J9: 500 | M9: 500 | P9: =SUM(D9:O9) -> 2000 | Q9: =SUM(T9:AE9) -> 55738272 | S9: =C9 -> Diseño estructural / M2 | T9: =IFERROR(D9*Precio!$K6,0) -> 13934568 | U9: =IFERROR(E9*Precio!$K6,0) -> 0 | V9: =IFERROR(F9*Precio!$K6,0) -> 0 | W9: =IFERROR(G9*Precio!$K6,0) -> 13934568 | X9: =IFERROR(H9*Precio!$K6,0) -> 0 | Y9: =IFERROR(I9*Precio!$K6,0) -> 0 | Z9: =IFERROR(J9*Precio!$K6,0) -> 13934568 | AA9: =IFERROR(K9*Precio!$K6,0) -> 0 | ... AE9: =IFERROR(O9*Precio!$K6,0) -> 0 | AG9: =IFERROR(D9*Precio!$G6,0) -> 9406000 | AH9: =IFERROR(E9*Precio!$G6,0) -> 0 | AI9: =IFERROR(F9*Precio!$G6,0) -> 0 | AJ9: =IFERROR(G9*Precio!$G6,0) -> 9406000 | AK9: =IFERROR(H9*Precio!$G6,0) -> 0 | AL9: =IFERROR(I9*Precio!$G6,0) -> 0 | AM9: =IFERROR(J9*Precio!$G6,0) -> 9406000 | AN9: =IFERROR(K9*Precio!$G6,0) -> 0 | ... AR9: =IFERROR(O9*Precio!$G6,0) -> 0 | AT9: =T9*Precio!$J6 -> 2647567.9 | AU9: =U9*Precio!$J6 -> 0 | AV9: =V9*Precio!$J6 -> 0 | AW9: =W9*Precio!$J6 -> 2647567.9 | AX9: =X9*Precio!$J6 -> 0 | AY9: =Y9*Precio!$J6 -> 0 | AZ9: =Z9*Precio!$J6 -> 2647567.9 | BA9: =AA9*Precio!$J6 -> 0 | ... BE9: =AE9*Precio!$J6 -> 0 | BG9: =IFERROR(D9*Precio!$N6,0) -> 1881000 | BH9: =IFERROR(E9*Precio!$N6,0) -> 0 | BI9: =IFERROR(F9*Precio!$N6,0) -> 0 | BJ9: =IFERROR(G9*Precio!$N6,0) -> 1881000 | BK9: =IFERROR(H9*Precio!$N6,0) -> 0 | BL9: =IFERROR(I9*Precio!$N6,0) -> 0 | BM9: =IFERROR(J9*Precio!$N6,0) -> 1881000 | BN9: =IFERROR(K9*Precio!$N6,0) -> 0 | ... BR9: =IFERROR(O9*Precio!$N6,0) -> 0
C10: =IF(Precio!C7="","",Precio!C7) -> Diseño redes eléctricas / M2 | D10: 500 | G10: 500 | J10: 500 | M10: 500 | P10: =SUM(D10:O10) -> 2000 | Q10: =SUM(T10:AE10) -> 46545679 | S10: =C10 -> Diseño redes eléctricas / M2 | T10: =IFERROR(D10*Precio!$K7,0) -> 11636420 | U10: =IFERROR(E10*Precio!$K7,0) -> 0 | V10: =IFERROR(F10*Precio!$K7,0) -> 0 | W10: =IFERROR(G10*Precio!$K7,0) -> 11636420 | X10: =IFERROR(H10*Precio!$K7,0) -> 0 | Y10: =IFERROR(I10*Precio!$K7,0) -> 0 | Z10: =IFERROR(J10*Precio!$K7,0) -> 11636420 | AA10: =IFERROR(K10*Precio!$K7,0) -> 0 | ... AE10: =IFERROR(O10*Precio!$K7,0) -> 0 | AG10: =IFERROR(D10*Precio!$G7,0) -> 7854500 | AH10: =IFERROR(E10*Precio!$G7,0) -> 0 | AI10: =IFERROR(F10*Precio!$G7,0) -> 0 | AJ10: =IFERROR(G10*Precio!$G7,0) -> 7854500 | AK10: =IFERROR(H10*Precio!$G7,0) -> 0 | AL10: =IFERROR(I10*Precio!$G7,0) -> 0 | AM10: =IFERROR(J10*Precio!$G7,0) -> 7854500 | AN10: =IFERROR(K10*Precio!$G7,0) -> 0 | ... AR10: =IFERROR(O10*Precio!$G7,0) -> 0 | AT10: =T10*Precio!$J7 -> 2210919.8 | AU10: =U10*Precio!$J7 -> 0 | AV10: =V10*Precio!$J7 -> 0 | AW10: =W10*Precio!$J7 -> 2210919.8 | AX10: =X10*Precio!$J7 -> 0 | AY10: =Y10*Precio!$J7 -> 0 | AZ10: =Z10*Precio!$J7 -> 2210919.8 | BA10: =AA10*Precio!$J7 -> 0 | ... BE10: =AE10*Precio!$J7 -> 0 | BG10: =IFERROR(D10*Precio!$N7,0) -> 1571000 | BH10: =IFERROR(E10*Precio!$N7,0) -> 0 | BI10: =IFERROR(F10*Precio!$N7,0) -> 0 | BJ10: =IFERROR(G10*Precio!$N7,0) -> 1571000 | BK10: =IFERROR(H10*Precio!$N7,0) -> 0 | BL10: =IFERROR(I10*Precio!$N7,0) -> 0 | BM10: =IFERROR(J10*Precio!$N7,0) -> 1571000 | BN10: =IFERROR(K10*Precio!$N7,0) -> 0 | ... BR10: =IFERROR(O10*Precio!$N7,0) -> 0
C11: =IF(Precio!C8="","",Precio!C8) -> Diseño redes gases medicinales / M2 | D11: 500 | G11: 500 | J11: 500 | M11: 500 | P11: =SUM(D11:O11) -> 2000 | Q11: =SUM(T11:AE11) -> 11896296 | S11: =C11 -> Diseño redes gases medicinales / M2 | T11: =IFERROR(D11*Precio!$K8,0) -> 2974074.1 | U11: =IFERROR(E11*Precio!$K8,0) -> 0 | V11: =IFERROR(F11*Precio!$K8,0) -> 0 | W11: =IFERROR(G11*Precio!$K8,0) -> 2974074.1 | X11: =IFERROR(H11*Precio!$K8,0) -> 0 | Y11: =IFERROR(I11*Precio!$K8,0) -> 0 | Z11: =IFERROR(J11*Precio!$K8,0) -> 2974074.1 | AA11: =IFERROR(K11*Precio!$K8,0) -> 0 | ... AE11: =IFERROR(O11*Precio!$K8,0) -> 0 | AG11: =IFERROR(D11*Precio!$G8,0) -> 2007500 | AH11: =IFERROR(E11*Precio!$G8,0) -> 0 | AI11: =IFERROR(F11*Precio!$G8,0) -> 0 | AJ11: =IFERROR(G11*Precio!$G8,0) -> 2007500 | AK11: =IFERROR(H11*Precio!$G8,0) -> 0 | AL11: =IFERROR(I11*Precio!$G8,0) -> 0 | AM11: =IFERROR(J11*Precio!$G8,0) -> 2007500 | AN11: =IFERROR(K11*Precio!$G8,0) -> 0 | ... AR11: =IFERROR(O11*Precio!$G8,0) -> 0 | AT11: =T11*Precio!$J8 -> 565074.07 | AU11: =U11*Precio!$J8 -> 0 | AV11: =V11*Precio!$J8 -> 0 | AW11: =W11*Precio!$J8 -> 565074.07 | AX11: =X11*Precio!$J8 -> 0 | AY11: =Y11*Precio!$J8 -> 0 | AZ11: =Z11*Precio!$J8 -> 565074.07 | BA11: =AA11*Precio!$J8 -> 0 | ... BE11: =AE11*Precio!$J8 -> 0 | BG11: =IFERROR(D11*Precio!$N8,0) -> 401500 | BH11: =IFERROR(E11*Precio!$N8,0) -> 0 | BI11: =IFERROR(F11*Precio!$N8,0) -> 0 | BJ11: =IFERROR(G11*Precio!$N8,0) -> 401500 | BK11: =IFERROR(H11*Precio!$N8,0) -> 0 | BL11: =IFERROR(I11*Precio!$N8,0) -> 0 | BM11: =IFERROR(J11*Precio!$N8,0) -> 401500 | BN11: =IFERROR(K11*Precio!$N8,0) -> 0 | ... BR11: =IFERROR(O11*Precio!$N8,0) -> 0
C12: =IF(Precio!C9="","",Precio!C9) -> Diseño sistema ventilación mecánica y AA / M2 | D12: 500 | G12: 500 | J12: 500 | M12: 500 | P12: =SUM(D12:O12) -> 2000 | Q12: =SUM(T12:AE12) -> 20254321 | S12: =C12 -> Diseño sistema ventilación mecánica y AA / M2 | T12: =IFERROR(D12*Precio!$K9,0) -> 5063580.2 | U12: =IFERROR(E12*Precio!$K9,0) -> 0 | V12: =IFERROR(F12*Precio!$K9,0) -> 0 | W12: =IFERROR(G12*Precio!$K9,0) -> 5063580.2 | X12: =IFERROR(H12*Precio!$K9,0) -> 0 | Y12: =IFERROR(I12*Precio!$K9,0) -> 0 | Z12: =IFERROR(J12*Precio!$K9,0) -> 5063580.2 | AA12: =IFERROR(K12*Precio!$K9,0) -> 0 | ... AE12: =IFERROR(O12*Precio!$K9,0) -> 0 | AG12: =IFERROR(D12*Precio!$G9,0) -> 3418000 | AH12: =IFERROR(E12*Precio!$G9,0) -> 0 | AI12: =IFERROR(F12*Precio!$G9,0) -> 0 | AJ12: =IFERROR(G12*Precio!$G9,0) -> 3418000 | AK12: =IFERROR(H12*Precio!$G9,0) -> 0 | AL12: =IFERROR(I12*Precio!$G9,0) -> 0 | AM12: =IFERROR(J12*Precio!$G9,0) -> 3418000 | AN12: =IFERROR(K12*Precio!$G9,0) -> 0 | ... AR12: =IFERROR(O12*Precio!$G9,0) -> 0 | AT12: =T12*Precio!$J9 -> 962080.25 | AU12: =U12*Precio!$J9 -> 0 | AV12: =V12*Precio!$J9 -> 0 | AW12: =W12*Precio!$J9 -> 962080.25 | AX12: =X12*Precio!$J9 -> 0 | AY12: =Y12*Precio!$J9 -> 0 | AZ12: =Z12*Precio!$J9 -> 962080.25 | BA12: =AA12*Precio!$J9 -> 0 | ... BE12: =AE12*Precio!$J9 -> 0 | BG12: =IFERROR(D12*Precio!$N9,0) -> 683500 | BH12: =IFERROR(E12*Precio!$N9,0) -> 0 | BI12: =IFERROR(F12*Precio!$N9,0) -> 0 | BJ12: =IFERROR(G12*Precio!$N9,0) -> 683500 | BK12: =IFERROR(H12*Precio!$N9,0) -> 0 | BL12: =IFERROR(I12*Precio!$N9,0) -> 0 | BM12: =IFERROR(J12*Precio!$N9,0) -> 683500 | BN12: =IFERROR(K12*Precio!$N9,0) -> 0 | ... BR12: =IFERROR(O12*Precio!$N9,0) -> 0
C13: =IF(Precio!C10="","",Precio!C10) -> Diseño hidráulico, sanitario y aguas lluvias / M2 | D13: 500 | G13: 500 | J13: 500 | M13: 500 | P13: =SUM(D13:O13) -> 2000 | Q13: =SUM(T13:AE13) -> 36088889 | S13: =C13 -> Diseño hidráulico, sanitario y aguas lluvias / M2 | T13: =IFERROR(D13*Precio!$K10,0) -> 9022222.2 | U13: =IFERROR(E13*Precio!$K10,0) -> 0 | V13: =IFERROR(F13*Precio!$K10,0) -> 0 | W13: =IFERROR(G13*Precio!$K10,0) -> 9022222.2 | X13: =IFERROR(H13*Precio!$K10,0) -> 0 | Y13: =IFERROR(I13*Precio!$K10,0) -> 0 | Z13: =IFERROR(J13*Precio!$K10,0) -> 9022222.2 | AA13: =IFERROR(K13*Precio!$K10,0) -> 0 | ... AE13: =IFERROR(O13*Precio!$K10,0) -> 0 | AG13: =IFERROR(D13*Precio!$G10,0) -> 6090000 | AH13: =IFERROR(E13*Precio!$G10,0) -> 0 | AI13: =IFERROR(F13*Precio!$G10,0) -> 0 | AJ13: =IFERROR(G13*Precio!$G10,0) -> 6090000 | AK13: =IFERROR(H13*Precio!$G10,0) -> 0 | AL13: =IFERROR(I13*Precio!$G10,0) -> 0 | AM13: =IFERROR(J13*Precio!$G10,0) -> 6090000 | AN13: =IFERROR(K13*Precio!$G10,0) -> 0 | ... AR13: =IFERROR(O13*Precio!$G10,0) -> 0 | AT13: =T13*Precio!$J10 -> 1714222.2 | AU13: =U13*Precio!$J10 -> 0 | AV13: =V13*Precio!$J10 -> 0 | AW13: =W13*Precio!$J10 -> 1714222.2 | AX13: =X13*Precio!$J10 -> 0 | AY13: =Y13*Precio!$J10 -> 0 | AZ13: =Z13*Precio!$J10 -> 1714222.2 | BA13: =AA13*Precio!$J10 -> 0 | ... BE13: =AE13*Precio!$J10 -> 0 | BG13: =IFERROR(D13*Precio!$N10,0) -> 1218000 | BH13: =IFERROR(E13*Precio!$N10,0) -> 0 | BI13: =IFERROR(F13*Precio!$N10,0) -> 0 | BJ13: =IFERROR(G13*Precio!$N10,0) -> 1218000 | BK13: =IFERROR(H13*Precio!$N10,0) -> 0 | BL13: =IFERROR(I13*Precio!$N10,0) -> 0 | BM13: =IFERROR(J13*Precio!$N10,0) -> 1218000 | BN13: =IFERROR(K13*Precio!$N10,0) -> 0 | ... BR13: =IFERROR(O13*Precio!$N10,0) -> 0
C14: =IF(Precio!C11="","",Precio!C11) -> Diseño red de incendios / M2 | D14: 500 | G14: 500 | J14: 500 | M14: 500 | P14: =SUM(D14:O14) -> 2000 | Q14: =SUM(T14:AE14) -> 20553086 | S14: =C14 -> Diseño red de incendios / M2 | T14: =IFERROR(D14*Precio!$K11,0) -> 5138271.6 | U14: =IFERROR(E14*Precio!$K11,0) -> 0 | V14: =IFERROR(F14*Precio!$K11,0) -> 0 | W14: =IFERROR(G14*Precio!$K11,0) -> 5138271.6 | X14: =IFERROR(H14*Precio!$K11,0) -> 0 | Y14: =IFERROR(I14*Precio!$K11,0) -> 0 | Z14: =IFERROR(J14*Precio!$K11,0) -> 5138271.6 | AA14: =IFERROR(K14*Precio!$K11,0) -> 0 | ... AE14: =IFERROR(O14*Precio!$K11,0) -> 0 | AG14: =IFERROR(D14*Precio!$G11,0) -> 3468500 | AH14: =IFERROR(E14*Precio!$G11,0) -> 0 | AI14: =IFERROR(F14*Precio!$G11,0) -> 0 | AJ14: =IFERROR(G14*Precio!$G11,0) -> 3468500 | AK14: =IFERROR(H14*Precio!$G11,0) -> 0 | AL14: =IFERROR(I14*Precio!$G11,0) -> 0 | AM14: =IFERROR(J14*Precio!$G11,0) -> 3468500 | AN14: =IFERROR(K14*Precio!$G11,0) -> 0 | ... AR14: =IFERROR(O14*Precio!$G11,0) -> 0 | AT14: =T14*Precio!$J11 -> 976271.6 | AU14: =U14*Precio!$J11 -> 0 | AV14: =V14*Precio!$J11 -> 0 | AW14: =W14*Precio!$J11 -> 976271.6 | AX14: =X14*Precio!$J11 -> 0 | AY14: =Y14*Precio!$J11 -> 0 | AZ14: =Z14*Precio!$J11 -> 976271.6 | BA14: =AA14*Precio!$J11 -> 0 | ... BE14: =AE14*Precio!$J11 -> 0 | BG14: =IFERROR(D14*Precio!$N11,0) -> 693500 | BH14: =IFERROR(E14*Precio!$N11,0) -> 0 | BI14: =IFERROR(F14*Precio!$N11,0) -> 0 | BJ14: =IFERROR(G14*Precio!$N11,0) -> 693500 | BK14: =IFERROR(H14*Precio!$N11,0) -> 0 | BL14: =IFERROR(I14*Precio!$N11,0) -> 0 | BM14: =IFERROR(J14*Precio!$N11,0) -> 693500 | BN14: =IFERROR(K14*Precio!$N11,0) -> 0 | ... BR14: =IFERROR(O14*Precio!$N11,0) -> 0
C15: =IF(Precio!C12="","",Precio!C12) -> Levantamiento topográfico / M2 | D15: 500 | G15: 500 | J15: 500 | M15: 500 | P15: =SUM(D15:O15) -> 2000 | Q15: =SUM(T15:AE15) -> 12464198 | S15: =C15 -> Levantamiento topográfico / M2 | T15: =IFERROR(D15*Precio!$K12,0) -> 3116049.4 | U15: =IFERROR(E15*Precio!$K12,0) -> 0 | V15: =IFERROR(F15*Precio!$K12,0) -> 0 | W15: =IFERROR(G15*Precio!$K12,0) -> 3116049.4 | X15: =IFERROR(H15*Precio!$K12,0) -> 0 | Y15: =IFERROR(I15*Precio!$K12,0) -> 0 | Z15: =IFERROR(J15*Precio!$K12,0) -> 3116049.4 | AA15: =IFERROR(K15*Precio!$K12,0) -> 0 | ... AE15: =IFERROR(O15*Precio!$K12,0) -> 0 | AG15: =IFERROR(D15*Precio!$G12,0) -> 2103500 | AH15: =IFERROR(E15*Precio!$G12,0) -> 0 | AI15: =IFERROR(F15*Precio!$G12,0) -> 0 | AJ15: =IFERROR(G15*Precio!$G12,0) -> 2103500 | AK15: =IFERROR(H15*Precio!$G12,0) -> 0 | AL15: =IFERROR(I15*Precio!$G12,0) -> 0 | AM15: =IFERROR(J15*Precio!$G12,0) -> 2103500 | AN15: =IFERROR(K15*Precio!$G12,0) -> 0 | ... AR15: =IFERROR(O15*Precio!$G12,0) -> 0 | AT15: =T15*Precio!$J12 -> 592049.38 | AU15: =U15*Precio!$J12 -> 0 | AV15: =V15*Precio!$J12 -> 0 | AW15: =W15*Precio!$J12 -> 592049.38 | AX15: =X15*Precio!$J12 -> 0 | AY15: =Y15*Precio!$J12 -> 0 | AZ15: =Z15*Precio!$J12 -> 592049.38 | BA15: =AA15*Precio!$J12 -> 0 | ... BE15: =AE15*Precio!$J12 -> 0 | BG15: =IFERROR(D15*Precio!$N12,0) -> 420500 | BH15: =IFERROR(E15*Precio!$N12,0) -> 0 | BI15: =IFERROR(F15*Precio!$N12,0) -> 0 | BJ15: =IFERROR(G15*Precio!$N12,0) -> 420500 | BK15: =IFERROR(H15*Precio!$N12,0) -> 0 | BL15: =IFERROR(I15*Precio!$N12,0) -> 0 | BM15: =IFERROR(J15*Precio!$N12,0) -> 420500 | BN15: =IFERROR(K15*Precio!$N12,0) -> 0 | ... BR15: =IFERROR(O15*Precio!$N12,0) -> 0
C16: =IF(Precio!C13="","",Precio!C13) -> Estudio de suelos / M2 | D16: 500 | G16: 500 | J16: 500 | M16: 500 | P16: =SUM(D16:O16) -> 2000 | Q16: =SUM(T16:AE16) -> 34204938 | S16: =C16 -> Estudio de suelos / M2 | T16: =IFERROR(D16*Precio!$K13,0) -> 8551234.6 | U16: =IFERROR(E16*Precio!$K13,0) -> 0 | V16: =IFERROR(F16*Precio!$K13,0) -> 0 | W16: =IFERROR(G16*Precio!$K13,0) -> 8551234.6 | X16: =IFERROR(H16*Precio!$K13,0) -> 0 | Y16: =IFERROR(I16*Precio!$K13,0) -> 0 | Z16: =IFERROR(J16*Precio!$K13,0) -> 8551234.6 | AA16: =IFERROR(K16*Precio!$K13,0) -> 0 | ... AE16: =IFERROR(O16*Precio!$K13,0) -> 0 | AG16: =IFERROR(D16*Precio!$G13,0) -> 5772000 | AH16: =IFERROR(E16*Precio!$G13,0) -> 0 | AI16: =IFERROR(F16*Precio!$G13,0) -> 0 | AJ16: =IFERROR(G16*Precio!$G13,0) -> 5772000 | AK16: =IFERROR(H16*Precio!$G13,0) -> 0 | AL16: =IFERROR(I16*Precio!$G13,0) -> 0 | AM16: =IFERROR(J16*Precio!$G13,0) -> 5772000 | AN16: =IFERROR(K16*Precio!$G13,0) -> 0 | ... AR16: =IFERROR(O16*Precio!$G13,0) -> 0 | AT16: =T16*Precio!$J13 -> 1624734.6 | AU16: =U16*Precio!$J13 -> 0 | AV16: =V16*Precio!$J13 -> 0 | AW16: =W16*Precio!$J13 -> 1624734.6 | AX16: =X16*Precio!$J13 -> 0 | AY16: =Y16*Precio!$J13 -> 0 | AZ16: =Z16*Precio!$J13 -> 1624734.6 | BA16: =AA16*Precio!$J13 -> 0 | ... BE16: =AE16*Precio!$J13 -> 0 | BG16: =IFERROR(D16*Precio!$N13,0) -> 1154500 | BH16: =IFERROR(E16*Precio!$N13,0) -> 0 | BI16: =IFERROR(F16*Precio!$N13,0) -> 0 | BJ16: =IFERROR(G16*Precio!$N13,0) -> 1154500 | BK16: =IFERROR(H16*Precio!$N13,0) -> 0 | BL16: =IFERROR(I16*Precio!$N13,0) -> 0 | BM16: =IFERROR(J16*Precio!$N13,0) -> 1154500 | BN16: =IFERROR(K16*Precio!$N13,0) -> 0 | ... BR16: =IFERROR(O16*Precio!$N13,0) -> 0
C17: =IF(Precio!C14="","",Precio!C14) -> Presupuesto / M2 | D17: 500 | G17: 500 | J17: 500 | M17: 500 | P17: =SUM(D17:O17) -> 2000 | Q17: =SUM(T17:AE17) -> 24365432 | S17: =C17 -> Presupuesto / M2 | T17: =IFERROR(D17*Precio!$K14,0) -> 6091358 | U17: =IFERROR(E17*Precio!$K14,0) -> 0 | V17: =IFERROR(F17*Precio!$K14,0) -> 0 | W17: =IFERROR(G17*Precio!$K14,0) -> 6091358 | X17: =IFERROR(H17*Precio!$K14,0) -> 0 | Y17: =IFERROR(I17*Precio!$K14,0) -> 0 | Z17: =IFERROR(J17*Precio!$K14,0) -> 6091358 | AA17: =IFERROR(K17*Precio!$K14,0) -> 0 | ... AE17: =IFERROR(O17*Precio!$K14,0) -> 0 | AG17: =IFERROR(D17*Precio!$G14,0) -> 4111500 | AH17: =IFERROR(E17*Precio!$G14,0) -> 0 | AI17: =IFERROR(F17*Precio!$G14,0) -> 0 | AJ17: =IFERROR(G17*Precio!$G14,0) -> 4111500 | AK17: =IFERROR(H17*Precio!$G14,0) -> 0 | AL17: =IFERROR(I17*Precio!$G14,0) -> 0 | AM17: =IFERROR(J17*Precio!$G14,0) -> 4111500 | AN17: =IFERROR(K17*Precio!$G14,0) -> 0 | ... AR17: =IFERROR(O17*Precio!$G14,0) -> 0 | AT17: =T17*Precio!$J14 -> 1157358 | AU17: =U17*Precio!$J14 -> 0 | AV17: =V17*Precio!$J14 -> 0 | AW17: =W17*Precio!$J14 -> 1157358 | AX17: =X17*Precio!$J14 -> 0 | AY17: =Y17*Precio!$J14 -> 0 | AZ17: =Z17*Precio!$J14 -> 1157358 | BA17: =AA17*Precio!$J14 -> 0 | ... BE17: =AE17*Precio!$J14 -> 0 | BG17: =IFERROR(D17*Precio!$N14,0) -> 822500 | BH17: =IFERROR(E17*Precio!$N14,0) -> 0 | BI17: =IFERROR(F17*Precio!$N14,0) -> 0 | BJ17: =IFERROR(G17*Precio!$N14,0) -> 822500 | BK17: =IFERROR(H17*Precio!$N14,0) -> 0 | BL17: =IFERROR(I17*Precio!$N14,0) -> 0 | BM17: =IFERROR(J17*Precio!$N14,0) -> 822500 | BN17: =IFERROR(K17*Precio!$N14,0) -> 0 | ... BR17: =IFERROR(O17*Precio!$N14,0) -> 0
C18: =IF(Precio!C15="","",Precio!C15) -> Imágenes de referencia o Renders / M2 | D18: 500 | G18: 500 | J18: 500 | M18: 500 | P18: =SUM(D18:O18) -> 2000 | Q18: =SUM(T18:AE18) -> 10800000 | S18: =C18 -> Imágenes de referencia o Renders / M2 | T18: =IFERROR(D18*Precio!$K15,0) -> 2700000 | U18: =IFERROR(E18*Precio!$K15,0) -> 0 | V18: =IFERROR(F18*Precio!$K15,0) -> 0 | W18: =IFERROR(G18*Precio!$K15,0) -> 2700000 | X18: =IFERROR(H18*Precio!$K15,0) -> 0 | Y18: =IFERROR(I18*Precio!$K15,0) -> 0 | Z18: =IFERROR(J18*Precio!$K15,0) -> 2700000 | AA18: =IFERROR(K18*Precio!$K15,0) -> 0 | ... AE18: =IFERROR(O18*Precio!$K15,0) -> 0 | AG18: =IFERROR(D18*Precio!$G15,0) -> 1822500 | AH18: =IFERROR(E18*Precio!$G15,0) -> 0 | AI18: =IFERROR(F18*Precio!$G15,0) -> 0 | AJ18: =IFERROR(G18*Precio!$G15,0) -> 1822500 | AK18: =IFERROR(H18*Precio!$G15,0) -> 0 | AL18: =IFERROR(I18*Precio!$G15,0) -> 0 | AM18: =IFERROR(J18*Precio!$G15,0) -> 1822500 | AN18: =IFERROR(K18*Precio!$G15,0) -> 0 | ... AR18: =IFERROR(O18*Precio!$G15,0) -> 0 | AT18: =T18*Precio!$J15 -> 513000 | AU18: =U18*Precio!$J15 -> 0 | AV18: =V18*Precio!$J15 -> 0 | AW18: =W18*Precio!$J15 -> 513000 | AX18: =X18*Precio!$J15 -> 0 | AY18: =Y18*Precio!$J15 -> 0 | AZ18: =Z18*Precio!$J15 -> 513000 | BA18: =AA18*Precio!$J15 -> 0 | ... BE18: =AE18*Precio!$J15 -> 0 | BG18: =IFERROR(D18*Precio!$N15,0) -> 364500 | BH18: =IFERROR(E18*Precio!$N15,0) -> 0 | BI18: =IFERROR(F18*Precio!$N15,0) -> 0 | BJ18: =IFERROR(G18*Precio!$N15,0) -> 364500 | BK18: =IFERROR(H18*Precio!$N15,0) -> 0 | BL18: =IFERROR(I18*Precio!$N15,0) -> 0 | BM18: =IFERROR(J18*Precio!$N15,0) -> 364500 | BN18: =IFERROR(K18*Precio!$N15,0) -> 0 | ... BR18: =IFERROR(O18*Precio!$N15,0) -> 0
C19: =IF(Precio!C16="","",Precio!C16) | P19: =SUM(D19:O19) -> 0 | Q19: =SUM(T19:AE19) -> 0 | S19: =C19 | T19: =IFERROR(D19*Precio!$K16,0) -> 0 | U19: =IFERROR(E19*Precio!$K16,0) -> 0 | V19: =IFERROR(F19*Precio!$K16,0) -> 0 | W19: =IFERROR(G19*Precio!$K16,0) -> 0 | X19: =IFERROR(H19*Precio!$K16,0) -> 0 | Y19: =IFERROR(I19*Precio!$K16,0) -> 0 | Z19: =IFERROR(J19*Precio!$K16,0) -> 0 | AA19: =IFERROR(K19*Precio!$K16,0) -> 0 | ... AE19: =IFERROR(O19*Precio!$K16,0) -> 0 | AG19: =IFERROR(D19*Precio!$G16,0) -> 0 | AH19: =IFERROR(E19*Precio!$G16,0) -> 0 | AI19: =IFERROR(F19*Precio!$G16,0) -> 0 | AJ19: =IFERROR(G19*Precio!$G16,0) -> 0 | AK19: =IFERROR(H19*Precio!$G16,0) -> 0 | AL19: =IFERROR(I19*Precio!$G16,0) -> 0 | AM19: =IFERROR(J19*Precio!$G16,0) -> 0 | AN19: =IFERROR(K19*Precio!$G16,0) -> 0 | ... AR19: =IFERROR(O19*Precio!$G16,0) -> 0 | AT19: =T19*Precio!$J16 -> 0 | AU19: =U19*Precio!$J16 -> 0 | AV19: =V19*Precio!$J16 -> 0 | AW19: =W19*Precio!$J16 -> 0 | AX19: =X19*Precio!$J16 -> 0 | AY19: =Y19*Precio!$J16 -> 0 | AZ19: =Z19*Precio!$J16 -> 0 | BA19: =AA19*Precio!$J16 -> 0 | ... BE19: =AE19*Precio!$J16 -> 0 | BG19: =IFERROR(D19*Precio!$N16,0) -> 0 | BH19: =IFERROR(E19*Precio!$N16,0) -> 0 | BI19: =IFERROR(F19*Precio!$N16,0) -> 0 | BJ19: =IFERROR(G19*Precio!$N16,0) -> 0 | BK19: =IFERROR(H19*Precio!$N16,0) -> 0 | BL19: =IFERROR(I19*Precio!$N16,0) -> 0 | BM19: =IFERROR(J19*Precio!$N16,0) -> 0 | BN19: =IFERROR(K19*Precio!$N16,0) -> 0 | ... BR19: =IFERROR(O19*Precio!$N16,0) -> 0
C20: =IF(Precio!C17="","",Precio!C17) | P20: =SUM(D20:O20) -> 0 | Q20: =SUM(T20:AE20) -> 0 | S20: =C20 | T20: =IFERROR(D20*Precio!$K17,0) -> 0 | U20: =IFERROR(E20*Precio!$K17,0) -> 0 | V20: =IFERROR(F20*Precio!$K17,0) -> 0 | W20: =IFERROR(G20*Precio!$K17,0) -> 0 | X20: =IFERROR(H20*Precio!$K17,0) -> 0 | Y20: =IFERROR(I20*Precio!$K17,0) -> 0 | Z20: =IFERROR(J20*Precio!$K17,0) -> 0 | AA20: =IFERROR(K20*Precio!$K17,0) -> 0 | ... AE20: =IFERROR(O20*Precio!$K17,0) -> 0 | AG20: =IFERROR(D20*Precio!$G17,0) -> 0 | AH20: =IFERROR(E20*Precio!$G17,0) -> 0 | AI20: =IFERROR(F20*Precio!$G17,0) -> 0 | AJ20: =IFERROR(G20*Precio!$G17,0) -> 0 | AK20: =IFERROR(H20*Precio!$G17,0) -> 0 | AL20: =IFERROR(I20*Precio!$G17,0) -> 0 | AM20: =IFERROR(J20*Precio!$G17,0) -> 0 | AN20: =IFERROR(K20*Precio!$G17,0) -> 0 | ... AR20: =IFERROR(O20*Precio!$G17,0) -> 0 | AT20: =T20*Precio!$J17 -> 0 | AU20: =U20*Precio!$J17 -> 0 | AV20: =V20*Precio!$J17 -> 0 | AW20: =W20*Precio!$J17 -> 0 | AX20: =X20*Precio!$J17 -> 0 | AY20: =Y20*Precio!$J17 -> 0 | AZ20: =Z20*Precio!$J17 -> 0 | BA20: =AA20*Precio!$J17 -> 0 | ... BE20: =AE20*Precio!$J17 -> 0 | BG20: =IFERROR(D20*Precio!$N17,0) -> 0 | BH20: =IFERROR(E20*Precio!$N17,0) -> 0 | BI20: =IFERROR(F20*Precio!$N17,0) -> 0 | BJ20: =IFERROR(G20*Precio!$N17,0) -> 0 | BK20: =IFERROR(H20*Precio!$N17,0) -> 0 | BL20: =IFERROR(I20*Precio!$N17,0) -> 0 | BM20: =IFERROR(J20*Precio!$N17,0) -> 0 | BN20: =IFERROR(K20*Precio!$N17,0) -> 0 | ... BR20: =IFERROR(O20*Precio!$N17,0) -> 0
C21: =IF(Precio!C18="","",Precio!C18) | P21: =SUM(D21:O21) -> 0 | Q21: =SUM(T21:AE21) -> 0 | S21: =C21 | T21: =IFERROR(D21*Precio!$K18,0) -> 0 | U21: =IFERROR(E21*Precio!$K18,0) -> 0 | V21: =IFERROR(F21*Precio!$K18,0) -> 0 | W21: =IFERROR(G21*Precio!$K18,0) -> 0 | X21: =IFERROR(H21*Precio!$K18,0) -> 0 | Y21: =IFERROR(I21*Precio!$K18,0) -> 0 | Z21: =IFERROR(J21*Precio!$K18,0) -> 0 | AA21: =IFERROR(K21*Precio!$K18,0) -> 0 | ... AE21: =IFERROR(O21*Precio!$K18,0) -> 0 | AG21: =IFERROR(D21*Precio!$G18,0) -> 0 | AH21: =IFERROR(E21*Precio!$G18,0) -> 0 | AI21: =IFERROR(F21*Precio!$G18,0) -> 0 | AJ21: =IFERROR(G21*Precio!$G18,0) -> 0 | AK21: =IFERROR(H21*Precio!$G18,0) -> 0 | AL21: =IFERROR(I21*Precio!$G18,0) -> 0 | AM21: =IFERROR(J21*Precio!$G18,0) -> 0 | AN21: =IFERROR(K21*Precio!$G18,0) -> 0 | ... AR21: =IFERROR(O21*Precio!$G18,0) -> 0 | AT21: =T21*Precio!$J18 -> 0 | AU21: =U21*Precio!$J18 -> 0 | AV21: =V21*Precio!$J18 -> 0 | AW21: =W21*Precio!$J18 -> 0 | AX21: =X21*Precio!$J18 -> 0 | AY21: =Y21*Precio!$J18 -> 0 | AZ21: =Z21*Precio!$J18 -> 0 | BA21: =AA21*Precio!$J18 -> 0 | ... BE21: =AE21*Precio!$J18 -> 0 | BG21: =IFERROR(D21*Precio!$N18,0) -> 0 | BH21: =IFERROR(E21*Precio!$N18,0) -> 0 | BI21: =IFERROR(F21*Precio!$N18,0) -> 0 | BJ21: =IFERROR(G21*Precio!$N18,0) -> 0 | BK21: =IFERROR(H21*Precio!$N18,0) -> 0 | BL21: =IFERROR(I21*Precio!$N18,0) -> 0 | BM21: =IFERROR(J21*Precio!$N18,0) -> 0 | BN21: =IFERROR(K21*Precio!$N18,0) -> 0 | ... BR21: =IFERROR(O21*Precio!$N18,0) -> 0
C22: =IF(Precio!C19="","",Precio!C19) | P22: =SUM(D22:O22) -> 0 | Q22: =SUM(T22:AE22) -> 0 | S22: =C22 | T22: =IFERROR(D22*Precio!$K19,0) -> 0 | U22: =IFERROR(E22*Precio!$K19,0) -> 0 | V22: =IFERROR(F22*Precio!$K19,0) -> 0 | W22: =IFERROR(G22*Precio!$K19,0) -> 0 | X22: =IFERROR(H22*Precio!$K19,0) -> 0 | Y22: =IFERROR(I22*Precio!$K19,0) -> 0 | Z22: =IFERROR(J22*Precio!$K19,0) -> 0 | AA22: =IFERROR(K22*Precio!$K19,0) -> 0 | ... AE22: =IFERROR(O22*Precio!$K19,0) -> 0 | AG22: =IFERROR(D22*Precio!$G19,0) -> 0 | AH22: =IFERROR(E22*Precio!$G19,0) -> 0 | AI22: =IFERROR(F22*Precio!$G19,0) -> 0 | AJ22: =IFERROR(G22*Precio!$G19,0) -> 0 | AK22: =IFERROR(H22*Precio!$G19,0) -> 0 | AL22: =IFERROR(I22*Precio!$G19,0) -> 0 | AM22: =IFERROR(J22*Precio!$G19,0) -> 0 | AN22: =IFERROR(K22*Precio!$G19,0) -> 0 | ... AR22: =IFERROR(O22*Precio!$G19,0) -> 0 | AT22: =T22*Precio!$J19 -> 0 | AU22: =U22*Precio!$J19 -> 0 | AV22: =V22*Precio!$J19 -> 0 | AW22: =W22*Precio!$J19 -> 0 | AX22: =X22*Precio!$J19 -> 0 | AY22: =Y22*Precio!$J19 -> 0 | AZ22: =Z22*Precio!$J19 -> 0 | BA22: =AA22*Precio!$J19 -> 0 | ... BE22: =AE22*Precio!$J19 -> 0 | BG22: =IFERROR(D22*Precio!$N19,0) -> 0 | BH22: =IFERROR(E22*Precio!$N19,0) -> 0 | BI22: =IFERROR(F22*Precio!$N19,0) -> 0 | BJ22: =IFERROR(G22*Precio!$N19,0) -> 0 | BK22: =IFERROR(H22*Precio!$N19,0) -> 0 | BL22: =IFERROR(I22*Precio!$N19,0) -> 0 | BM22: =IFERROR(J22*Precio!$N19,0) -> 0 | BN22: =IFERROR(K22*Precio!$N19,0) -> 0 | ... BR22: =IFERROR(O22*Precio!$N19,0) -> 0
C23: =IF(Precio!C20="","",Precio!C20) | P23: =SUM(D23:O23) -> 0 | Q23: =SUM(T23:AE23) -> 0 | S23: =C23 | T23: =IFERROR(D23*Precio!$K20,0) -> 0 | U23: =IFERROR(E23*Precio!$K20,0) -> 0 | V23: =IFERROR(F23*Precio!$K20,0) -> 0 | W23: =IFERROR(G23*Precio!$K20,0) -> 0 | X23: =IFERROR(H23*Precio!$K20,0) -> 0 | Y23: =IFERROR(I23*Precio!$K20,0) -> 0 | Z23: =IFERROR(J23*Precio!$K20,0) -> 0 | AA23: =IFERROR(K23*Precio!$K20,0) -> 0 | ... AE23: =IFERROR(O23*Precio!$K20,0) -> 0 | AG23: =IFERROR(D23*Precio!$G20,0) -> 0 | AH23: =IFERROR(E23*Precio!$G20,0) -> 0 | AI23: =IFERROR(F23*Precio!$G20,0) -> 0 | AJ23: =IFERROR(G23*Precio!$G20,0) -> 0 | AK23: =IFERROR(H23*Precio!$G20,0) -> 0 | AL23: =IFERROR(I23*Precio!$G20,0) -> 0 | AM23: =IFERROR(J23*Precio!$G20,0) -> 0 | AN23: =IFERROR(K23*Precio!$G20,0) -> 0 | ... AR23: =IFERROR(O23*Precio!$G20,0) -> 0 | AT23: =T23*Precio!$J20 -> 0 | AU23: =U23*Precio!$J20 -> 0 | AV23: =V23*Precio!$J20 -> 0 | AW23: =W23*Precio!$J20 -> 0 | AX23: =X23*Precio!$J20 -> 0 | AY23: =Y23*Precio!$J20 -> 0 | AZ23: =Z23*Precio!$J20 -> 0 | BA23: =AA23*Precio!$J20 -> 0 | ... BE23: =AE23*Precio!$J20 -> 0 | BG23: =IFERROR(D23*Precio!$N20,0) -> 0 | BH23: =IFERROR(E23*Precio!$N20,0) -> 0 | BI23: =IFERROR(F23*Precio!$N20,0) -> 0 | BJ23: =IFERROR(G23*Precio!$N20,0) -> 0 | BK23: =IFERROR(H23*Precio!$N20,0) -> 0 | BL23: =IFERROR(I23*Precio!$N20,0) -> 0 | BM23: =IFERROR(J23*Precio!$N20,0) -> 0 | BN23: =IFERROR(K23*Precio!$N20,0) -> 0 | ... BR23: =IFERROR(O23*Precio!$N20,0) -> 0
C24: =IF(Precio!C21="","",Precio!C21) | P24: =SUM(D24:O24) -> 0 | Q24: =SUM(T24:AE24) -> 0 | S24: =C24 | T24: =IFERROR(D24*Precio!$K21,0) -> 0 | U24: =IFERROR(E24*Precio!$K21,0) -> 0 | V24: =IFERROR(F24*Precio!$K21,0) -> 0 | W24: =IFERROR(G24*Precio!$K21,0) -> 0 | X24: =IFERROR(H24*Precio!$K21,0) -> 0 | Y24: =IFERROR(I24*Precio!$K21,0) -> 0 | Z24: =IFERROR(J24*Precio!$K21,0) -> 0 | AA24: =IFERROR(K24*Precio!$K21,0) -> 0 | ... AE24: =IFERROR(O24*Precio!$K21,0) -> 0 | AG24: =IFERROR(D24*Precio!$G21,0) -> 0 | AH24: =IFERROR(E24*Precio!$G21,0) -> 0 | AI24: =IFERROR(F24*Precio!$G21,0) -> 0 | AJ24: =IFERROR(G24*Precio!$G21,0) -> 0 | AK24: =IFERROR(H24*Precio!$G21,0) -> 0 | AL24: =IFERROR(I24*Precio!$G21,0) -> 0 | AM24: =IFERROR(J24*Precio!$G21,0) -> 0 | AN24: =IFERROR(K24*Precio!$G21,0) -> 0 | ... AR24: =IFERROR(O24*Precio!$G21,0) -> 0 | AT24: =T24*Precio!$J21 -> 0 | AU24: =U24*Precio!$J21 -> 0 | AV24: =V24*Precio!$J21 -> 0 | AW24: =W24*Precio!$J21 -> 0 | AX24: =X24*Precio!$J21 -> 0 | AY24: =Y24*Precio!$J21 -> 0 | AZ24: =Z24*Precio!$J21 -> 0 | BA24: =AA24*Precio!$J21 -> 0 | ... BE24: =AE24*Precio!$J21 -> 0 | BG24: =IFERROR(D24*Precio!$N21,0) -> 0 | BH24: =IFERROR(E24*Precio!$N21,0) -> 0 | BI24: =IFERROR(F24*Precio!$N21,0) -> 0 | BJ24: =IFERROR(G24*Precio!$N21,0) -> 0 | BK24: =IFERROR(H24*Precio!$N21,0) -> 0 | BL24: =IFERROR(I24*Precio!$N21,0) -> 0 | BM24: =IFERROR(J24*Precio!$N21,0) -> 0 | BN24: =IFERROR(K24*Precio!$N21,0) -> 0 | ... BR24: =IFERROR(O24*Precio!$N21,0) -> 0
C25: =IF(Precio!C22="","",Precio!C22) | P25: =SUM(D25:O25) -> 0 | Q25: =SUM(T25:AE25) -> 0 | S25: =C25 | T25: =IFERROR(D25*Precio!$K22,0) -> 0 | U25: =IFERROR(E25*Precio!$K22,0) -> 0 | V25: =IFERROR(F25*Precio!$K22,0) -> 0 | W25: =IFERROR(G25*Precio!$K22,0) -> 0 | X25: =IFERROR(H25*Precio!$K22,0) -> 0 | Y25: =IFERROR(I25*Precio!$K22,0) -> 0 | Z25: =IFERROR(J25*Precio!$K22,0) -> 0 | AA25: =IFERROR(K25*Precio!$K22,0) -> 0 | ... AE25: =IFERROR(O25*Precio!$K22,0) -> 0 | AG25: =IFERROR(D25*Precio!$G22,0) -> 0 | AH25: =IFERROR(E25*Precio!$G22,0) -> 0 | AI25: =IFERROR(F25*Precio!$G22,0) -> 0 | AJ25: =IFERROR(G25*Precio!$G22,0) -> 0 | AK25: =IFERROR(H25*Precio!$G22,0) -> 0 | AL25: =IFERROR(I25*Precio!$G22,0) -> 0 | AM25: =IFERROR(J25*Precio!$G22,0) -> 0 | AN25: =IFERROR(K25*Precio!$G22,0) -> 0 | ... AR25: =IFERROR(O25*Precio!$G22,0) -> 0 | AT25: =T25*Precio!$J22 -> 0 | AU25: =U25*Precio!$J22 -> 0 | AV25: =V25*Precio!$J22 -> 0 | AW25: =W25*Precio!$J22 -> 0 | AX25: =X25*Precio!$J22 -> 0 | AY25: =Y25*Precio!$J22 -> 0 | AZ25: =Z25*Precio!$J22 -> 0 | BA25: =AA25*Precio!$J22 -> 0 | ... BE25: =AE25*Precio!$J22 -> 0 | BG25: =IFERROR(D25*Precio!$N22,0) -> 0 | BH25: =IFERROR(E25*Precio!$N22,0) -> 0 | BI25: =IFERROR(F25*Precio!$N22,0) -> 0 | BJ25: =IFERROR(G25*Precio!$N22,0) -> 0 | BK25: =IFERROR(H25*Precio!$N22,0) -> 0 | BL25: =IFERROR(I25*Precio!$N22,0) -> 0 | BM25: =IFERROR(J25*Precio!$N22,0) -> 0 | BN25: =IFERROR(K25*Precio!$N22,0) -> 0 | ... BR25: =IFERROR(O25*Precio!$N22,0) -> 0
C26: =IF(Precio!C23="","",Precio!C23) | P26: =SUM(D26:O26) -> 0 | Q26: =SUM(T26:AE26) -> 0 | S26: =C26 | T26: =IFERROR(D26*Precio!$K23,0) -> 0 | U26: =IFERROR(E26*Precio!$K23,0) -> 0 | V26: =IFERROR(F26*Precio!$K23,0) -> 0 | W26: =IFERROR(G26*Precio!$K23,0) -> 0 | X26: =IFERROR(H26*Precio!$K23,0) -> 0 | Y26: =IFERROR(I26*Precio!$K23,0) -> 0 | Z26: =IFERROR(J26*Precio!$K23,0) -> 0 | AA26: =IFERROR(K26*Precio!$K23,0) -> 0 | ... AE26: =IFERROR(O26*Precio!$K23,0) -> 0 | AG26: =IFERROR(D26*Precio!$G23,0) -> 0 | AH26: =IFERROR(E26*Precio!$G23,0) -> 0 | AI26: =IFERROR(F26*Precio!$G23,0) -> 0 | AJ26: =IFERROR(G26*Precio!$G23,0) -> 0 | AK26: =IFERROR(H26*Precio!$G23,0) -> 0 | AL26: =IFERROR(I26*Precio!$G23,0) -> 0 | AM26: =IFERROR(J26*Precio!$G23,0) -> 0 | AN26: =IFERROR(K26*Precio!$G23,0) -> 0 | ... AR26: =IFERROR(O26*Precio!$G23,0) -> 0 | AT26: =T26*Precio!$J23 -> 0 | AU26: =U26*Precio!$J23 -> 0 | AV26: =V26*Precio!$J23 -> 0 | AW26: =W26*Precio!$J23 -> 0 | AX26: =X26*Precio!$J23 -> 0 | AY26: =Y26*Precio!$J23 -> 0 | AZ26: =Z26*Precio!$J23 -> 0 | BA26: =AA26*Precio!$J23 -> 0 | ... BE26: =AE26*Precio!$J23 -> 0 | BG26: =IFERROR(D26*Precio!$N23,0) -> 0 | BH26: =IFERROR(E26*Precio!$N23,0) -> 0 | BI26: =IFERROR(F26*Precio!$N23,0) -> 0 | BJ26: =IFERROR(G26*Precio!$N23,0) -> 0 | BK26: =IFERROR(H26*Precio!$N23,0) -> 0 | BL26: =IFERROR(I26*Precio!$N23,0) -> 0 | BM26: =IFERROR(J26*Precio!$N23,0) -> 0 | BN26: =IFERROR(K26*Precio!$N23,0) -> 0 | ... BR26: =IFERROR(O26*Precio!$N23,0) -> 0
C27: =IF(Precio!C24="","",Precio!C24) | P27: =SUM(D27:O27) -> 0 | Q27: =SUM(T27:AE27) -> 0 | S27: =C27 | T27: =IFERROR(D27*Precio!$K24,0) -> 0 | U27: =IFERROR(E27*Precio!$K24,0) -> 0 | V27: =IFERROR(F27*Precio!$K24,0) -> 0 | W27: =IFERROR(G27*Precio!$K24,0) -> 0 | X27: =IFERROR(H27*Precio!$K24,0) -> 0 | Y27: =IFERROR(I27*Precio!$K24,0) -> 0 | Z27: =IFERROR(J27*Precio!$K24,0) -> 0 | AA27: =IFERROR(K27*Precio!$K24,0) -> 0 | ... AE27: =IFERROR(O27*Precio!$K24,0) -> 0 | AG27: =IFERROR(D27*Precio!$G24,0) -> 0 | AH27: =IFERROR(E27*Precio!$G24,0) -> 0 | AI27: =IFERROR(F27*Precio!$G24,0) -> 0 | AJ27: =IFERROR(G27*Precio!$G24,0) -> 0 | AK27: =IFERROR(H27*Precio!$G24,0) -> 0 | AL27: =IFERROR(I27*Precio!$G24,0) -> 0 | AM27: =IFERROR(J27*Precio!$G24,0) -> 0 | AN27: =IFERROR(K27*Precio!$G24,0) -> 0 | ... AR27: =IFERROR(O27*Precio!$G24,0) -> 0 | AT27: =T27*Precio!$J24 -> 0 | AU27: =U27*Precio!$J24 -> 0 | AV27: =V27*Precio!$J24 -> 0 | AW27: =W27*Precio!$J24 -> 0 | AX27: =X27*Precio!$J24 -> 0 | AY27: =Y27*Precio!$J24 -> 0 | AZ27: =Z27*Precio!$J24 -> 0 | BA27: =AA27*Precio!$J24 -> 0 | ... BE27: =AE27*Precio!$J24 -> 0 | BG27: =IFERROR(D27*Precio!$N24,0) -> 0 | BH27: =IFERROR(E27*Precio!$N24,0) -> 0 | BI27: =IFERROR(F27*Precio!$N24,0) -> 0 | BJ27: =IFERROR(G27*Precio!$N24,0) -> 0 | BK27: =IFERROR(H27*Precio!$N24,0) -> 0 | BL27: =IFERROR(I27*Precio!$N24,0) -> 0 | BM27: =IFERROR(J27*Precio!$N24,0) -> 0 | BN27: =IFERROR(K27*Precio!$N24,0) -> 0 | ... BR27: =IFERROR(O27*Precio!$N24,0) -> 0
C28: =IF(Precio!C25="","",Precio!C25) | P28: =SUM(D28:O28) -> 0 | Q28: =SUM(T28:AE28) -> 0 | S28: =C28 | T28: =IFERROR(D28*Precio!$K25,0) -> 0 | U28: =IFERROR(E28*Precio!$K25,0) -> 0 | V28: =IFERROR(F28*Precio!$K25,0) -> 0 | W28: =IFERROR(G28*Precio!$K25,0) -> 0 | X28: =IFERROR(H28*Precio!$K25,0) -> 0 | Y28: =IFERROR(I28*Precio!$K25,0) -> 0 | Z28: =IFERROR(J28*Precio!$K25,0) -> 0 | AA28: =IFERROR(K28*Precio!$K25,0) -> 0 | ... AE28: =IFERROR(O28*Precio!$K25,0) -> 0 | AG28: =IFERROR(D28*Precio!$G25,0) -> 0 | AH28: =IFERROR(E28*Precio!$G25,0) -> 0 | AI28: =IFERROR(F28*Precio!$G25,0) -> 0 | AJ28: =IFERROR(G28*Precio!$G25,0) -> 0 | AK28: =IFERROR(H28*Precio!$G25,0) -> 0 | AL28: =IFERROR(I28*Precio!$G25,0) -> 0 | AM28: =IFERROR(J28*Precio!$G25,0) -> 0 | AN28: =IFERROR(K28*Precio!$G25,0) -> 0 | ... AR28: =IFERROR(O28*Precio!$G25,0) -> 0 | AT28: =T28*Precio!$J25 -> 0 | AU28: =U28*Precio!$J25 -> 0 | AV28: =V28*Precio!$J25 -> 0 | AW28: =W28*Precio!$J25 -> 0 | AX28: =X28*Precio!$J25 -> 0 | AY28: =Y28*Precio!$J25 -> 0 | AZ28: =Z28*Precio!$J25 -> 0 | BA28: =AA28*Precio!$J25 -> 0 | ... BE28: =AE28*Precio!$J25 -> 0 | BG28: =IFERROR(D28*Precio!$N25,0) -> 0 | BH28: =IFERROR(E28*Precio!$N25,0) -> 0 | BI28: =IFERROR(F28*Precio!$N25,0) -> 0 | BJ28: =IFERROR(G28*Precio!$N25,0) -> 0 | BK28: =IFERROR(H28*Precio!$N25,0) -> 0 | BL28: =IFERROR(I28*Precio!$N25,0) -> 0 | BM28: =IFERROR(J28*Precio!$N25,0) -> 0 | BN28: =IFERROR(K28*Precio!$N25,0) -> 0 | ... BR28: =IFERROR(O28*Precio!$N25,0) -> 0
C29: =IF(Precio!C26="","",Precio!C26) | P29: =SUM(D29:O29) -> 0 | Q29: =SUM(T29:AE29) -> 0 | S29: =C29 | T29: =IFERROR(D29*Precio!$K26,0) -> 0 | U29: =IFERROR(E29*Precio!$K26,0) -> 0 | V29: =IFERROR(F29*Precio!$K26,0) -> 0 | W29: =IFERROR(G29*Precio!$K26,0) -> 0 | X29: =IFERROR(H29*Precio!$K26,0) -> 0 | Y29: =IFERROR(I29*Precio!$K26,0) -> 0 | Z29: =IFERROR(J29*Precio!$K26,0) -> 0 | AA29: =IFERROR(K29*Precio!$K26,0) -> 0 | ... AE29: =IFERROR(O29*Precio!$K26,0) -> 0 | AG29: =IFERROR(D29*Precio!$G26,0) -> 0 | AH29: =IFERROR(E29*Precio!$G26,0) -> 0 | AI29: =IFERROR(F29*Precio!$G26,0) -> 0 | AJ29: =IFERROR(G29*Precio!$G26,0) -> 0 | AK29: =IFERROR(H29*Precio!$G26,0) -> 0 | AL29: =IFERROR(I29*Precio!$G26,0) -> 0 | AM29: =IFERROR(J29*Precio!$G26,0) -> 0 | AN29: =IFERROR(K29*Precio!$G26,0) -> 0 | ... AR29: =IFERROR(O29*Precio!$G26,0) -> 0 | AT29: =T29*Precio!$J26 -> 0 | AU29: =U29*Precio!$J26 -> 0 | AV29: =V29*Precio!$J26 -> 0 | AW29: =W29*Precio!$J26 -> 0 | AX29: =X29*Precio!$J26 -> 0 | AY29: =Y29*Precio!$J26 -> 0 | AZ29: =Z29*Precio!$J26 -> 0 | BA29: =AA29*Precio!$J26 -> 0 | ... BE29: =AE29*Precio!$J26 -> 0 | BG29: =IFERROR(D29*Precio!$N26,0) -> 0 | BH29: =IFERROR(E29*Precio!$N26,0) -> 0 | BI29: =IFERROR(F29*Precio!$N26,0) -> 0 | BJ29: =IFERROR(G29*Precio!$N26,0) -> 0 | BK29: =IFERROR(H29*Precio!$N26,0) -> 0 | BL29: =IFERROR(I29*Precio!$N26,0) -> 0 | BM29: =IFERROR(J29*Precio!$N26,0) -> 0 | BN29: =IFERROR(K29*Precio!$N26,0) -> 0 | ... BR29: =IFERROR(O29*Precio!$N26,0) -> 0
C30: =IF(Precio!C27="","",Precio!C27) | P30: =SUM(D30:O30) -> 0 | Q30: =SUM(T30:AE30) -> 0 | S30: =C30 | T30: =IFERROR(D30*Precio!$K27,0) -> 0 | U30: =IFERROR(E30*Precio!$K27,0) -> 0 | V30: =IFERROR(F30*Precio!$K27,0) -> 0 | W30: =IFERROR(G30*Precio!$K27,0) -> 0 | X30: =IFERROR(H30*Precio!$K27,0) -> 0 | Y30: =IFERROR(I30*Precio!$K27,0) -> 0 | Z30: =IFERROR(J30*Precio!$K27,0) -> 0 | AA30: =IFERROR(K30*Precio!$K27,0) -> 0 | ... AE30: =IFERROR(O30*Precio!$K27,0) -> 0 | AG30: =IFERROR(D30*Precio!$G27,0) -> 0 | AH30: =IFERROR(E30*Precio!$G27,0) -> 0 | AI30: =IFERROR(F30*Precio!$G27,0) -> 0 | AJ30: =IFERROR(G30*Precio!$G27,0) -> 0 | AK30: =IFERROR(H30*Precio!$G27,0) -> 0 | AL30: =IFERROR(I30*Precio!$G27,0) -> 0 | AM30: =IFERROR(J30*Precio!$G27,0) -> 0 | AN30: =IFERROR(K30*Precio!$G27,0) -> 0 | ... AR30: =IFERROR(O30*Precio!$G27,0) -> 0 | AT30: =T30*Precio!$J27 -> 0 | AU30: =U30*Precio!$J27 -> 0 | AV30: =V30*Precio!$J27 -> 0 | AW30: =W30*Precio!$J27 -> 0 | AX30: =X30*Precio!$J27 -> 0 | AY30: =Y30*Precio!$J27 -> 0 | AZ30: =Z30*Precio!$J27 -> 0 | BA30: =AA30*Precio!$J27 -> 0 | ... BE30: =AE30*Precio!$J27 -> 0 | BG30: =IFERROR(D30*Precio!$N27,0) -> 0 | BH30: =IFERROR(E30*Precio!$N27,0) -> 0 | BI30: =IFERROR(F30*Precio!$N27,0) -> 0 | BJ30: =IFERROR(G30*Precio!$N27,0) -> 0 | BK30: =IFERROR(H30*Precio!$N27,0) -> 0 | BL30: =IFERROR(I30*Precio!$N27,0) -> 0 | BM30: =IFERROR(J30*Precio!$N27,0) -> 0 | BN30: =IFERROR(K30*Precio!$N27,0) -> 0 | ... BR30: =IFERROR(O30*Precio!$N27,0) -> 0
... C37: =IF(Precio!C34="","",Precio!C34) | P37: =SUM(D37:O37) -> 0 | Q37: =SUM(T37:AE37) -> 0 | S37: =C37 | T37: =IFERROR(D37*Precio!$K34,0) -> 0 | U37: =IFERROR(E37*Precio!$K34,0) -> 0 | V37: =IFERROR(F37*Precio!$K34,0) -> 0 | W37: =IFERROR(G37*Precio!$K34,0) -> 0 | X37: =IFERROR(H37*Precio!$K34,0) -> 0 | Y37: =IFERROR(I37*Precio!$K34,0) -> 0 | Z37: =IFERROR(J37*Precio!$K34,0) -> 0 | AA37: =IFERROR(K37*Precio!$K34,0) -> 0 | ... AE37: =IFERROR(O37*Precio!$K34,0) -> 0 | AG37: =IFERROR(D37*Precio!$G34,0) -> 0 | AH37: =IFERROR(E37*Precio!$G34,0) -> 0 | AI37: =IFERROR(F37*Precio!$G34,0) -> 0 | AJ37: =IFERROR(G37*Precio!$G34,0) -> 0 | AK37: =IFERROR(H37*Precio!$G34,0) -> 0 | AL37: =IFERROR(I37*Precio!$G34,0) -> 0 | AM37: =IFERROR(J37*Precio!$G34,0) -> 0 | AN37: =IFERROR(K37*Precio!$G34,0) -> 0 | ... AR37: =IFERROR(O37*Precio!$G34,0) -> 0 | AT37: =T37*Precio!$J34 -> 0 | AU37: =U37*Precio!$J34 -> 0 | AV37: =V37*Precio!$J34 -> 0 | AW37: =W37*Precio!$J34 -> 0 | AX37: =X37*Precio!$J34 -> 0 | AY37: =Y37*Precio!$J34 -> 0 | AZ37: =Z37*Precio!$J34 -> 0 | BA37: =AA37*Precio!$J34 -> 0 | ... BE37: =AE37*Precio!$J34 -> 0 | BG37: =IFERROR(D37*Precio!$N34,0) -> 0 | BH37: =IFERROR(E37*Precio!$N34,0) -> 0 | BI37: =IFERROR(F37*Precio!$N34,0) -> 0 | BJ37: =IFERROR(G37*Precio!$N34,0) -> 0 | BK37: =IFERROR(H37*Precio!$N34,0) -> 0 | BL37: =IFERROR(I37*Precio!$N34,0) -> 0 | BM37: =IFERROR(J37*Precio!$N34,0) -> 0 | BN37: =IFERROR(K37*Precio!$N34,0) -> 0 | ... BR37: =IFERROR(O37*Precio!$N34,0) -> 0
C38: totales | D38: =SUM(D8:D37) -> 5500 | E38: =SUM(E8:E37) -> 0 | F38: =SUM(F8:F37) -> 0 | G38: =SUM(G8:G37) -> 5500 | H38: =SUM(H8:H37) -> 0 | I38: =SUM(I8:I37) -> 0 | J38: =SUM(J8:J37) -> 5500 | K38: =SUM(K8:K37) -> 0 | ... Q38: =SUM(Q8:Q37) -> 3.5622716e+08 | S38: total | T38: =SUM(T8:T37) -> 89056790 | U38: =SUM(U8:U37) -> 0 | V38: =SUM(V8:V37) -> 0 | W38: =SUM(W8:W37) -> 89056790 | X38: =SUM(X8:X37) -> 0 | Y38: =SUM(Y8:Y37) -> 0 | Z38: =SUM(Z8:Z37) -> 89056790 | AA38: =SUM(AA8:AA37) -> 0 | ... AE38: =SUM(AE8:AE37) -> 0 | AF38: total | AG38: =SUM(AG8:AG37) -> 60113500 | AH38: =SUM(AH8:AH37) -> 0 | AI38: =SUM(AI8:AI37) -> 0 | AJ38: =SUM(AJ8:AJ37) -> 60113500 | AK38: =SUM(AK8:AK37) -> 0 | AL38: =SUM(AL8:AL37) -> 0 | AM38: =SUM(AM8:AM37) -> 60113500 | AN38: =SUM(AN8:AN37) -> 0 | ... AR38: =SUM(AR8:AR37) -> 0 | AS38: total | AT38: =SUM(AT8:AT37) -> 16920790 | AU38: =SUM(AU8:AU37) -> 0 | AV38: =SUM(AV8:AV37) -> 0 | AW38: =SUM(AW8:AW37) -> 16920790 | AX38: =SUM(AX8:AX37) -> 0 | AY38: =SUM(AY8:AY37) -> 0 | AZ38: =SUM(AZ8:AZ37) -> 16920790 | BA38: =SUM(BA8:BA37) -> 0 | ... BE38: =SUM(BE8:BE37) -> 0 | BF38: total | BG38: =SUM(BG8:BG37) -> 12022500 | BH38: =SUM(BH8:BH37) -> 0 | BI38: =SUM(BI8:BI37) -> 0 | BJ38: =SUM(BJ8:BJ37) -> 12022500 | BK38: =SUM(BK8:BK37) -> 0 | BL38: =SUM(BL8:BL37) -> 0 | BM38: =SUM(BM8:BM37) -> 12022500 | BN38: =SUM(BN8:BN37) -> 0 | ... BR38: =SUM(BR8:BR37) -> 0

Sheet Ano3
C4: Seleccione el año -> | D4: resumen | E4: 1 año | F4: 2 años | G4: 3 años
C6: Diseñar la cantidad de ventas para cada producto o servicio en los meses siguientes | T6: Proyección de ingresos | AG6: Los costos variables | AT6: impuestos | BG6: Margen de contribución
C7: Producto o Servicio | D7: =IF(PI!D6=0,"",PI!D6) -> enero | E7: =IFERROR(VLOOKUP(D7,'Aux1'!$O$2:$P$13,2,FALSE),"") -> febrero | F7: =IFERROR(VLOOKUP(E7,'Aux1'!$O$2:$P$13,2,FALSE),"") -> marzo | G7: =IFERROR(VLOOKUP(F7,'Aux1'!$O$2:$P$13,2,FALSE),"") -> abril | H7: =IFERROR(VLOOKUP(G7,'Aux1'!$O$2:$P$13,2,FALSE),"") -> mayo | I7: =IFERROR(VLOOKUP(H7,'Aux1'!$O$2:$P$13,2,FALSE),"") -> junio | J7: =IFERROR(VLOOKUP(I7,'Aux1'!$O$2:$P$13,2,FALSE),"") -> julio | K7: =IFERROR(VLOOKUP(J7,'Aux1'!$O$2:$P$13,2,FALSE),"") -> agosto | L7: =IFERROR(VLOOKUP(K7,'Aux1'!$O$2:$P$13,2,FALSE),"") -> septiembre | ... O7: =IFERROR(VLOOKUP(N7,'Aux1'!$O$2:$P$13,2,FALSE),"") -> diciembre | P7: Las ventas totales | Q7: Total ($) | S7: repetición | T7: enero | U7: febrero | V7: marzo | W7: abril | X7: mayo | Y7: junio | Z7: julio | AA7: agosto | AB7: septiembre | AC7: octubre | AD7: noviembre | AE7: diciembre | AG7: enero | AH7: febrero | AI7: marzo | AJ7: abril | AK7: mayo | AL7: junio | AM7: julio | AN7: agosto | AO7: septiembre | AP7: octubre | AQ7: noviembre | AR7: diciembre | AT7: enero | AU7: febrero | AV7: marzo | AW7: abril | AX7: mayo | AY7: junio | AZ7: julio | BA7: agosto | BB7: septiembre | BC7: octubre | BD7: noviembre | BE7: diciembre | BG7: enero | BH7: febrero | BI7: marzo | BJ7: abril | BK7: mayo | BL7: junio | BM7: julio | BN7: agosto | BO7: septiembre | BP7: octubre | BQ7: noviembre | BR7: diciembre
C8: =IF(Precio!C5="","",Precio!C5) -> Diseño arquitectonico / M2 | D8: 500 | G8: 1000 | J8: 1000 | M8: 2000 | P8: =SUM(D8:O8) -> 4500 | Q8: =SUM(T8:AE8) -> 1.8746111e+08 | S8: =C8 -> Diseño arquitectonico / M2 | T8: =IFERROR(D8*Precio!$K5,0) -> 20829012 | U8: =IFERROR(E8*Precio!$K5,0) -> 0 | V8: =IFERROR(F8*Precio!$K5,0) -> 0 | W8: =IFERROR(G8*Precio!$K5,0) -> 41658025 | X8: =IFERROR(H8*Precio!$K5,0) -> 0 | Y8: =IFERROR(I8*Precio!$K5,0) -> 0 | Z8: =IFERROR(J8*Precio!$K5,0) -> 41658025 | AA8: =IFERROR(K8*Precio!$K5,0) -> 0 | ... AE8: =IFERROR(O8*Precio!$K5,0) -> 0 | AG8: =IFERROR(D8*Precio!$G5,0) -> 14059500 | AH8: =IFERROR(E8*Precio!$G5,0) -> 0 | AI8: =IFERROR(F8*Precio!$G5,0) -> 0 | AJ8: =IFERROR(G8*Precio!$G5,0) -> 28119000 | AK8: =IFERROR(H8*Precio!$G5,0) -> 0 | AL8: =IFERROR(I8*Precio!$G5,0) -> 0 | AM8: =IFERROR(J8*Precio!$G5,0) -> 28119000 | AN8: =IFERROR(K8*Precio!$G5,0) -> 0 | ... AR8: =IFERROR(O8*Precio!$G5,0) -> 0 | AT8: =T8*Precio!$J5 -> 3957512.3 | AU8: =U8*Precio!$J5 -> 0 | AV8: =V8*Precio!$J5 -> 0 | AW8: =W8*Precio!$J5 -> 7915024.7 | AX8: =X8*Precio!$J5 -> 0 | AY8: =Y8*Precio!$J5 -> 0 | AZ8: =Z8*Precio!$J5 -> 7915024.7 | BA8: =AA8*Precio!$J5 -> 0 | ... BE8: =AE8*Precio!$J5 -> 0 | BG8: =IFERROR(D8*Precio!$N5,0) -> 2812000 | BH8: =IFERROR(E8*Precio!$N5,0) -> 0 | BI8: =IFERROR(F8*Precio!$N5,0) -> 0 | BJ8: =IFERROR(G8*Precio!$N5,0) -> 5624000 | BK8: =IFERROR(H8*Precio!$N5,0) -> 0 | BL8: =IFERROR(I8*Precio!$N5,0) -> 0 | BM8: =IFERROR(J8*Precio!$N5,0) -> 5624000 | BN8: =IFERROR(K8*Precio!$N5,0) -> 0 | ... BR8: =IFERROR(O8*Precio!$N5,0) -> 0
C9: =IF(Precio!C6="","",Precio!C6) -> Diseño estructural / M2 | D9: =D8 -> 500 | G9: =G8 -> 1000 | J9: =J8 -> 1000 | M9: =M8 -> 2000 | P9: =SUM(D9:O9) -> 4500 | Q9: =SUM(T9:AE9) -> 1.2541111e+08 | S9: =C9 -> Diseño estructural / M2 | T9: =IFERROR(D9*Precio!$K6,0) -> 13934568 | U9: =IFERROR(E9*Precio!$K6,0) -> 0 | V9: =IFERROR(F9*Precio!$K6,0) -> 0 | W9: =IFERROR(G9*Precio!$K6,0) -> 27869136 | X9: =IFERROR(H9*Precio!$K6,0) -> 0 | Y9: =IFERROR(I9*Precio!$K6,0) -> 0 | Z9: =IFERROR(J9*Precio!$K6,0) -> 27869136 | AA9: =IFERROR(K9*Precio!$K6,0) -> 0 | ... AE9: =IFERROR(O9*Precio!$K6,0) -> 0 | AG9: =IFERROR(D9*Precio!$G6,0) -> 9406000 | AH9: =IFERROR(E9*Precio!$G6,0) -> 0 | AI9: =IFERROR(F9*Precio!$G6,0) -> 0 | AJ9: =IFERROR(G9*Precio!$G6,0) -> 18812000 | AK9: =IFERROR(H9*Precio!$G6,0) -> 0 | AL9: =IFERROR(I9*Precio!$G6,0) -> 0 | AM9: =IFERROR(J9*Precio!$G6,0) -> 18812000 | AN9: =IFERROR(K9*Precio!$G6,0) -> 0 | ... AR9: =IFERROR(O9*Precio!$G6,0) -> 0 | AT9: =T9*Precio!$J6 -> 2647567.9 | AU9: =U9*Precio!$J6 -> 0 | AV9: =V9*Precio!$J6 -> 0 | AW9: =W9*Precio!$J6 -> 5295135.8 | AX9: =X9*Precio!$J6 -> 0 | AY9: =Y9*Precio!$J6 -> 0 | AZ9: =Z9*Precio!$J6 -> 5295135.8 | BA9: =AA9*Precio!$J6 -> 0 | ... BE9: =AE9*Precio!$J6 -> 0 | BG9: =IFERROR(D9*Precio!$N6,0) -> 1881000 | BH9: =IFERROR(E9*Precio!$N6,0) -> 0 | BI9: =IFERROR(F9*Precio!$N6,0) -> 0 | BJ9: =IFERROR(G9*Precio!$N6,0) -> 3762000 | BK9: =IFERROR(H9*Precio!$N6,0) -> 0 | BL9: =IFERROR(I9*Precio!$N6,0) -> 0 | BM9: =IFERROR(J9*Precio!$N6,0) -> 3762000 | BN9: =IFERROR(K9*Precio!$N6,0) -> 0 | ... BR9: =IFERROR(O9*Precio!$N6,0) -> 0
C10: =IF(Precio!C7="","",Precio!C7) -> Diseño redes eléctricas / M2 | D10: =D9 -> 500 | G10: =G9 -> 1000 | J10: =J9 -> 1000 | M10: =M9 -> 2000 | P10: =SUM(D10:O10) -> 4500 | Q10: =SUM(T10:AE10) -> 1.0472778e+08 | S10: =C10 -> Diseño redes eléctricas / M2 | T10: =IFERROR(D10*Precio!$K7,0) -> 11636420 | U10: =IFERROR(E10*Precio!$K7,0) -> 0 | V10: =IFERROR(F10*Precio!$K7,0) -> 0 | W10: =IFERROR(G10*Precio!$K7,0) -> 23272840 | X10: =IFERROR(H10*Precio!$K7,0) -> 0 | Y10: =IFERROR(I10*Precio!$K7,0) -> 0 | Z10: =IFERROR(J10*Precio!$K7,0) -> 23272840 | AA10: =IFERROR(K10*Precio!$K7,0) -> 0 | ... AE10: =IFERROR(O10*Precio!$K7,0) -> 0 | AG10: =IFERROR(D10*Precio!$G7,0) -> 7854500 | AH10: =IFERROR(E10*Precio!$G7,0) -> 0 | AI10: =IFERROR(F10*Precio!$G7,0) -> 0 | AJ10: =IFERROR(G10*Precio!$G7,0) -> 15709000 | AK10: =IFERROR(H10*Precio!$G7,0) -> 0 | AL10: =IFERROR(I10*Precio!$G7,0) -> 0 | AM10: =IFERROR(J10*Precio!$G7,0) -> 15709000 | AN10: =IFERROR(K10*Precio!$G7,0) -> 0 | ... AR10: =IFERROR(O10*Precio!$G7,0) -> 0 | AT10: =T10*Precio!$J7 -> 2210919.8 | AU10: =U10*Precio!$J7 -> 0 | AV10: =V10*Precio!$J7 -> 0 | AW10: =W10*Precio!$J7 -> 4421839.5 | AX10: =X10*Precio!$J7 -> 0 | AY10: =Y10*Precio!$J7 -> 0 | AZ10: =Z10*Precio!$J7 -> 4421839.5 | BA10: =AA10*Precio!$J7 -> 0 | ... BE10: =AE10*Precio!$J7 -> 0 | BG10: =IFERROR(D10*Precio!$N7,0) -> 1571000 | BH10: =IFERROR(E10*Precio!$N7,0) -> 0 | BI10: =IFERROR(F10*Precio!$N7,0) -> 0 | BJ10: =IFERROR(G10*Precio!$N7,0) -> 3142000 | BK10: =IFERROR(H10*Precio!$N7,0) -> 0 | BL10: =IFERROR(I10*Precio!$N7,0) -> 0 | BM10: =IFERROR(J10*Precio!$N7,0) -> 3142000 | BN10: =IFERROR(K10*Precio!$N7,0) -> 0 | ... BR10: =IFERROR(O10*Precio!$N7,0) -> 0
C11: =IF(Precio!C8="","",Precio!C8) -> Diseño redes gases medicinales / M2 | D11: =D10 -> 500 | G11: =G10 -> 1000 | J11: =J10 -> 1000 | M11: =M10 -> 2000 | P11: =SUM(D11:O11) -> 4500 | Q11: =SUM(T11:AE11) -> 26766667 | S11: =C11 -> Diseño redes gases medicinales / M2 | T11: =IFERROR(D11*Precio!$K8,0) -> 2974074.1 | U11: =IFERROR(E11*Precio!$K8,0) -> 0 | V11: =IFERROR(F11*Precio!$K8,0) -> 0 | W11: =IFERROR(G11*Precio!$K8,0) -> 5948148.1 | X11: =IFERROR(H11*Precio!$K8,0) -> 0 | Y11: =IFERROR(I11*Precio!$K8,0) -> 0 | Z11: =IFERROR(J11*Precio!$K8,0) -> 5948148.1 | AA11: =IFERROR(K11*Precio!$K8,0) -> 0 | ... AE11: =IFERROR(O11*Precio!$K8,0) -> 0 | AG11: =IFERROR(D11*Precio!$G8,0) -> 2007500 | AH11: =IFERROR(E11*Precio!$G8,0) -> 0 | AI11: =IFERROR(F11*Precio!$G8,0) -> 0 | AJ11: =IFERROR(G11*Precio!$G8,0) -> 4015000 | AK11: =IFERROR(H11*Precio!$G8,0) -> 0 | AL11: =IFERROR(I11*Precio!$G8,0) -> 0 | AM11: =IFERROR(J11*Precio!$G8,0) -> 4015000 | AN11: =IFERROR(K11*Precio!$G8,0) -> 0 | ... AR11: =IFERROR(O11*Precio!$G8,0) -> 0 | AT11: =T11*Precio!$J8 -> 565074.07 | AU11: =U11*Precio!$J8 -> 0 | AV11: =V11*Precio!$J8 -> 0 | AW11: =W11*Precio!$J8 -> 1130148.1 | AX11: =X11*Precio!$J8 -> 0 | AY11: =Y11*Precio!$J8 -> 0 | AZ11: =Z11*Precio!$J8 -> 1130148.1 | BA11: =AA11*Precio!$J8 -> 0 | ... BE11: =AE11*Precio!$J8 -> 0 | BG11: =IFERROR(D11*Precio!$N8,0) -> 401500 | BH11: =IFERROR(E11*Precio!$N8,0) -> 0 | BI11: =IFERROR(F11*Precio!$N8,0) -> 0 | BJ11: =IFERROR(G11*Precio!$N8,0) -> 803000 | BK11: =IFERROR(H11*Precio!$N8,0) -> 0 | BL11: =IFERROR(I11*Precio!$N8,0) -> 0 | BM11: =IFERROR(J11*Precio!$N8,0) -> 803000 | BN11: =IFERROR(K11*Precio!$N8,0) -> 0 | ... BR11: =IFERROR(O11*Precio!$N8,0) -> 0
C12: =IF(Precio!C9="","",Precio!C9) -> Diseño sistema ventilación mecánica y AA / M2 | D12: =D11 -> 500 | G12: =G11 -> 1000 | J12: =J11 -> 1000 | M12: =M11 -> 2000 | P12: =SUM(D12:O12) -> 4500 | Q12: =SUM(T12:AE12) -> 45572222 | S12: =C12 -> Diseño sistema ventilación mecánica y AA / M2 | T12: =IFERROR(D12*Precio!$K9,0) -> 5063580.2 | U12: =IFERROR(E12*Precio!$K9,0) -> 0 | V12: =IFERROR(F12*Precio!$K9,0) -> 0 | W12: =IFERROR(G12*Precio!$K9,0) -> 10127160 | X12: =IFERROR(H12*Precio!$K9,0) -> 0 | Y12: =IFERROR(I12*Precio!$K9,0) -> 0 | Z12: =IFERROR(J12*Precio!$K9,0) -> 10127160 | AA12: =IFERROR(K12*Precio!$K9,0) -> 0 | ... AE12: =IFERROR(O12*Precio!$K9,0) -> 0 | AG12: =IFERROR(D12*Precio!$G9,0) -> 3418000 | AH12: =IFERROR(E12*Precio!$G9,0) -> 0 | AI12: =IFERROR(F12*Precio!$G9,0) -> 0 | AJ12: =IFERROR(G12*Precio!$G9,0) -> 6836000 | AK12: =IFERROR(H12*Precio!$G9,0) -> 0 | AL12: =IFERROR(I12*Precio!$G9,0) -> 0 | AM12: =IFERROR(J12*Precio!$G9,0) -> 6836000 | AN12: =IFERROR(K12*Precio!$G9,0) -> 0 | ... AR12: =IFERROR(O12*Precio!$G9,0) -> 0 | AT12: =T12*Precio!$J9 -> 962080.25 | AU12: =U12*Precio!$J9 -> 0 | AV12: =V12*Precio!$J9 -> 0 | AW12: =W12*Precio!$J9 -> 1924160.5 | AX12: =X12*Precio!$J9 -> 0 | AY12: =Y12*Precio!$J9 -> 0 | AZ12: =Z12*Precio!$J9 -> 1924160.5 | BA12: =AA12*Precio!$J9 -> 0 | ... BE12: =AE12*Precio!$J9 -> 0 | BG12: =IFERROR(D12*Precio!$N9,0) -> 683500 | BH12: =IFERROR(E12*Precio!$N9,0) -> 0 | BI12: =IFERROR(F12*Precio!$N9,0) -> 0 | BJ12: =IFERROR(G12*Precio!$N9,0) -> 1367000 | BK12: =IFERROR(H12*Precio!$N9,0) -> 0 | BL12: =IFERROR(I12*Precio!$N9,0) -> 0 | BM12: =IFERROR(J12*Precio!$N9,0) -> 1367000 | BN12: =IFERROR(K12*Precio!$N9,0) -> 0 | ... BR12: =IFERROR(O12*Precio!$N9,0) -> 0
C13: =IF(Precio!C10="","",Precio!C10) -> Diseño hidráulico, sanitario y aguas lluvias / M2 | D13: =D12 -> 500 | G13: =G12 -> 1000 | J13: =J12 -> 1000 | M13: =M12 -> 2000 | P13: =SUM(D13:O13) -> 4500 | Q13: =SUM(T13:AE13) -> 81200000 | S13: =C13 -> Diseño hidráulico, sanitario y aguas lluvias / M2 | T13: =IFERROR(D13*Precio!$K10,0) -> 9022222.2 | U13: =IFERROR(E13*Precio!$K10,0) -> 0 | V13: =IFERROR(F13*Precio!$K10,0) -> 0 | W13: =IFERROR(G13*Precio!$K10,0) -> 18044444 | X13: =IFERROR(H13*Precio!$K10,0) -> 0 | Y13: =IFERROR(I13*Precio!$K10,0) -> 0 | Z13: =IFERROR(J13*Precio!$K10,0) -> 18044444 | AA13: =IFERROR(K13*Precio!$K10,0) -> 0 | ... AE13: =IFERROR(O13*Precio!$K10,0) -> 0 | AG13: =IFERROR(D13*Precio!$G10,0) -> 6090000 | AH13: =IFERROR(E13*Precio!$G10,0) -> 0 | AI13: =IFERROR(F13*Precio!$G10,0) -> 0 | AJ13: =IFERROR(G13*Precio!$G10,0) -> 12180000 | AK13: =IFERROR(H13*Precio!$G10,0) -> 0 | AL13: =IFERROR(I13*Precio!$G10,0) -> 0 | AM13: =IFERROR(J13*Precio!$G10,0) -> 12180000 | AN13: =IFERROR(K13*Precio!$G10,0) -> 0 | ... AR13: =IFERROR(O13*Precio!$G10,0) -> 0 | AT13: =T13*Precio!$J10 -> 1714222.2 | AU13: =U13*Precio!$J10 -> 0 | AV13: =V13*Precio!$J10 -> 0 | AW13: =W13*Precio!$J10 -> 3428444.4 | AX13: =X13*Precio!$J10 -> 0 | AY13: =Y13*Precio!$J10 -> 0 | AZ13: =Z13*Precio!$J10 -> 3428444.4 | BA13: =AA13*Precio!$J10 -> 0 | ... BE13: =AE13*Precio!$J10 -> 0 | BG13: =IFERROR(D13*Precio!$N10,0) -> 1218000 | BH13: =IFERROR(E13*Precio!$N10,0) -> 0 | BI13: =IFERROR(F13*Precio!$N10,0) -> 0 | BJ13: =IFERROR(G13*Precio!$N10,0) -> 2436000 | BK13: =IFERROR(H13*Precio!$N10,0) -> 0 | BL13: =IFERROR(I13*Precio!$N10,0) -> 0 | BM13: =IFERROR(J13*Precio!$N10,0) -> 2436000 | BN13: =IFERROR(K13*Precio!$N10,0) -> 0 | ... BR13: =IFERROR(O13*Precio!$N10,0) -> 0
C14: =IF(Precio!C11="","",Precio!C11) -> Diseño red de incendios / M2 | D14: =D13 -> 500 | G14: =G13 -> 1000 | J14: =J13 -> 1000 | M14: =M13 -> 2000 | P14: =SUM(D14:O14) -> 4500 | Q14: =SUM(T14:AE14) -> 46244444 | S14: =C14 -> Diseño red de incendios / M2 | T14: =IFERROR(D14*Precio!$K11,0) -> 5138271.6 | U14: =IFERROR(E14*Precio!$K11,0) -> 0 | V14: =IFERROR(F14*Precio!$K11,0) -> 0 | W14: =IFERROR(G14*Precio!$K11,0) -> 10276543 | X14: =IFERROR(H14*Precio!$K11,0) -> 0 | Y14: =IFERROR(I14*Precio!$K11,0) -> 0 | Z14: =IFERROR(J14*Precio!$K11,0) -> 10276543 | AA14: =IFERROR(K14*Precio!$K11,0) -> 0 | ... AE14: =IFERROR(O14*Precio!$K11,0) -> 0 | AG14: =IFERROR(D14*Precio!$G11,0) -> 3468500 | AH14: =IFERROR(E14*Precio!$G11,0) -> 0 | AI14: =IFERROR(F14*Precio!$G11,0) -> 0 | AJ14: =IFERROR(G14*Precio!$G11,0) -> 6937000 | AK14: =IFERROR(H14*Precio!$G11,0) -> 0 | AL14: =IFERROR(I14*Precio!$G11,0) -> 0 | AM14: =IFERROR(J14*Precio!$G11,0) -> 6937000 | AN14: =IFERROR(K14*Precio!$G11,0) -> 0 | ... AR14: =IFERROR(O14*Precio!$G11,0) -> 0 | AT14: =T14*Precio!$J11 -> 976271.6 | AU14: =U14*Precio!$J11 -> 0 | AV14: =V14*Precio!$J11 -> 0 | AW14: =W14*Precio!$J11 -> 1952543.2 | AX14: =X14*Precio!$J11 -> 0 | AY14: =Y14*Precio!$J11 -> 0 | AZ14: =Z14*Precio!$J11 -> 1952543.2 | BA14: =AA14*Precio!$J11 -> 0 | ... BE14: =AE14*Precio!$J11 -> 0 | BG14: =IFERROR(D14*Precio!$N11,0) -> 693500 | BH14: =IFERROR(E14*Precio!$N11,0) -> 0 | BI14: =IFERROR(F14*Precio!$N11,0) -> 0 | BJ14: =IFERROR(G14*Precio!$N11,0) -> 1387000 | BK14: =IFERROR(H14*Precio!$N11,0) -> 0 | BL14: =IFERROR(I14*Precio!$N11,0) -> 0 | BM14: =IFERROR(J14*Precio!$N11,0) -> 1387000 | BN14: =IFERROR(K14*Precio!$N11,0) -> 0 | ... BR14: =IFERROR(O14*Precio!$N11,0) -> 0
C15: =IF(Precio!C12="","",Precio!C12) -> Levantamiento topográfico / M2 | D15: =D14 -> 500 | G15: =G14 -> 1000 | J15: =J14 -> 1000 | M15: =M14 -> 2000 | P15: =SUM(D15:O15) -> 4500 | Q15: =SUM(T15:AE15) -> 28044444 | S15: =C15 -> Levantamiento topográfico / M2 | T15: =IFERROR(D15*Precio!$K12,0) -> 3116049.4 | U15: =IFERROR(E15*Precio!$K12,0) -> 0 | V15: =IFERROR(F15*Precio!$K12,0) -> 0 | W15: =IFERROR(G15*Precio!$K12,0) -> 6232098.8 | X15: =IFERROR(H15*Precio!$K12,0) -> 0 | Y15: =IFERROR(I15*Precio!$K12,0) -> 0 | Z15: =IFERROR(J15*Precio!$K12,0) -> 6232098.8 | AA15: =IFERROR(K15*Precio!$K12,0) -> 0 | ... AE15: =IFERROR(O15*Precio!$K12,0) -> 0 | AG15: =IFERROR(D15*Precio!$G12,0) -> 2103500 | AH15: =IFERROR(E15*Precio!$G12,0) -> 0 | AI15: =IFERROR(F15*Precio!$G12,0) -> 0 | AJ15: =IFERROR(G15*Precio!$G12,0) -> 4207000 | AK15: =IFERROR(H15*Precio!$G12,0) -> 0 | AL15: =IFERROR(I15*Precio!$G12,0) -> 0 | AM15: =IFERROR(J15*Precio!$G12,0) -> 4207000 | AN15: =IFERROR(K15*Precio!$G12,0) -> 0 | ... AR15: =IFERROR(O15*Precio!$G12,0) -> 0 | AT15: =T15*Precio!$J12 -> 592049.38 | AU15: =U15*Precio!$J12 -> 0 | AV15: =V15*Precio!$J12 -> 0 | AW15: =W15*Precio!$J12 -> 1184098.8 | AX15: =X15*Precio!$J12 -> 0 | AY15: =Y15*Precio!$J12 -> 0 | AZ15: =Z15*Precio!$J12 -> 1184098.8 | BA15: =AA15*Precio!$J12 -> 0 | ... BE15: =AE15*Precio!$J12 -> 0 | BG15: =IFERROR(D15*Precio!$N12,0) -> 420500 | BH15: =IFERROR(E15*Precio!$N12,0) -> 0 | BI15: =IFERROR(F15*Precio!$N12,0) -> 0 | BJ15: =IFERROR(G15*Precio!$N12,0) -> 841000 | BK15: =IFERROR(H15*Precio!$N12,0) -> 0 | BL15: =IFERROR(I15*Precio!$N12,0) -> 0 | BM15: =IFERROR(J15*Precio!$N12,0) -> 841000 | BN15: =IFERROR(K15*Precio!$N12,0) -> 0 | ... BR15: =IFERROR(O15*Precio!$N12,0) -> 0
C16: =IF(Precio!C13="","",Precio!C13) -> Estudio de suelos / M2 | D16: =D15 -> 500 | G16: =G15 -> 1000 | J16: =J15 -> 1000 | M16: =M15 -> 2000 | P16: =SUM(D16:O16) -> 4500 | Q16: =SUM(T16:AE16) -> 76961111 | S16: =C16 -> Estudio de suelos / M2 | T16: =IFERROR(D16*Precio!$K13,0) -> 8551234.6 | U16: =IFERROR(E16*Precio!$K13,0) -> 0 | V16: =IFERROR(F16*Precio!$K13,0) -> 0 | W16: =IFERROR(G16*Precio!$K13,0) -> 17102469 | X16: =IFERROR(H16*Precio!$K13,0) -> 0 | Y16: =IFERROR(I16*Precio!$K13,0) -> 0 | Z16: =IFERROR(J16*Precio!$K13,0) -> 17102469 | AA16: =IFERROR(K16*Precio!$K13,0) -> 0 | ... AE16: =IFERROR(O16*Precio!$K13,0) -> 0 | AG16: =IFERROR(D16*Precio!$G13,0) -> 5772000 | AH16: =IFERROR(E16*Precio!$G13,0) -> 0 | AI16: =IFERROR(F16*Precio!$G13,0) -> 0 | AJ16: =IFERROR(G16*Precio!$G13,0) -> 11544000 | AK16: =IFERROR(H16*Precio!$G13,0) -> 0 | AL16: =IFERROR(I16*Precio!$G13,0) -> 0 | AM16: =IFERROR(J16*Precio!$G13,0) -> 11544000 | AN16: =IFERROR(K16*Precio!$G13,0) -> 0 | ... AR16: =IFERROR(O16*Precio!$G13,0) -> 0 | AT16: =T16*Precio!$J13 -> 1624734.6 | AU16: =U16*Precio!$J13 -> 0 | AV16: =V16*Precio!$J13 -> 0 | AW16: =W16*Precio!$J13 -> 3249469.1 | AX16: =X16*Precio!$J13 -> 0 | AY16: =Y16*Precio!$J13 -> 0 | AZ16: =Z16*Precio!$J13 -> 3249469.1 | BA16: =AA16*Precio!$J13 -> 0 | ... BE16: =AE16*Precio!$J13 -> 0 | BG16: =IFERROR(D16*Precio!$N13,0) -> 1154500 | BH16: =IFERROR(E16*Precio!$N13,0) -> 0 | BI16: =IFERROR(F16*Precio!$N13,0) -> 0 | BJ16: =IFERROR(G16*Precio!$N13,0) -> 2309000 | BK16: =IFERROR(H16*Precio!$N13,0) -> 0 | BL16: =IFERROR(I16*Precio!$N13,0) -> 0 | BM16: =IFERROR(J16*Precio!$N13,0) -> 2309000 | BN16: =IFERROR(K16*Precio!$N13,0) -> 0 | ... BR16: =IFERROR(O16*Precio!$N13,0) -> 0
C17: =IF(Precio!C14="","",Precio!C14) -> Presupuesto / M2 | D17: =D16 -> 500 | G17: =G16 -> 1000 | J17: =J16 -> 1000 | M17: =M16 -> 2000 | P17: =SUM(D17:O17) -> 4500 | Q17: =SUM(T17:AE17) -> 54822222 | S17: =C17 -> Presupuesto / M2 | T17: =IFERROR(D17*Precio!$K14,0) -> 6091358 | U17: =IFERROR(E17*Precio!$K14,0) -> 0 | V17: =IFERROR(F17*Precio!$K14,0) -> 0 | W17: =IFERROR(G17*Precio!$K14,0) -> 12182716 | X17: =IFERROR(H17*Precio!$K14,0) -> 0 | Y17: =IFERROR(I17*Precio!$K14,0) -> 0 | Z17: =IFERROR(J17*Precio!$K14,0) -> 12182716 | AA17: =IFERROR(K17*Precio!$K14,0) -> 0 | ... AE17: =IFERROR(O17*Precio!$K14,0) -> 0 | AG17: =IFERROR(D17*Precio!$G14,0) -> 4111500 | AH17: =IFERROR(E17*Precio!$G14,0) -> 0 | AI17: =IFERROR(F17*Precio!$G14,0) -> 0 | AJ17: =IFERROR(G17*Precio!$G14,0) -> 8223000 | AK17: =IFERROR(H17*Precio!$G14,0) -> 0 | AL17: =IFERROR(I17*Precio!$G14,0) -> 0 | AM17: =IFERROR(J17*Precio!$G14,0) -> 8223000 | AN17: =IFERROR(K17*Precio!$G14,0) -> 0 | ... AR17: =IFERROR(O17*Precio!$G14,0) -> 0 | AT17: =T17*Precio!$J14 -> 1157358 | AU17: =U17*Precio!$J14 -> 0 | AV17: =V17*Precio!$J14 -> 0 | AW17: =W17*Precio!$J14 -> 2314716 | AX17: =X17*Precio!$J14 -> 0 | AY17: =Y17*Precio!$J14 -> 0 | AZ17: =Z17*Precio!$J14 -> 2314716 | BA17: =AA17*Precio!$J14 -> 0 | ... BE17: =AE17*Precio!$J14 -> 0 | BG17: =IFERROR(D17*Precio!$N14,0) -> 822500 | BH17: =IFERROR(E17*Precio!$N14,0) -> 0 | BI17: =IFERROR(F17*Precio!$N14,0) -> 0 | BJ17: =IFERROR(G17*Precio!$N14,0) -> 1645000 | BK17: =IFERROR(H17*Precio!$N14,0) -> 0 | BL17: =IFERROR(I17*Precio!$N14,0) -> 0 | BM17: =IFERROR(J17*Precio!$N14,0) -> 1645000 | BN17: =IFERROR(K17*Precio!$N14,0) -> 0 | ... BR17: =IFERROR(O17*Precio!$N14,0) -> 0
C18: =IF(Precio!C15="","",Precio!C15) -> Imágenes de referencia o Renders / M2 | D18: =D17 -> 500 | G18: =G17 -> 1000 | J18: =J17 -> 1000 | M18: =M17 -> 2000 | P18: =SUM(D18:O18) -> 4500 | Q18: =SUM(T18:AE18) -> 24300000 | S18: =C18 -> Imágenes de referencia o Renders / M2 | T18: =IFERROR(D18*Precio!$K15,0) -> 2700000 | U18: =IFERROR(E18*Precio!$K15,0) -> 0 | V18: =IFERROR(F18*Precio!$K15,0) -> 0 | W18: =IFERROR(G18*Precio!$K15,0) -> 5400000 | X18: =IFERROR(H18*Precio!$K15,0) -> 0 | Y18: =IFERROR(I18*Precio!$K15,0) -> 0 | Z18: =IFERROR(J18*Precio!$K15,0) -> 5400000 | AA18: =IFERROR(K18*Precio!$K15,0) -> 0 | ... AE18: =IFERROR(O18*Precio!$K15,0) -> 0 | AG18: =IFERROR(D18*Precio!$G15,0) -> 1822500 | AH18: =IFERROR(E18*Precio!$G15,0) -> 0 | AI18: =IFERROR(F18*Precio!$G15,0) -> 0 | AJ18: =IFERROR(G18*Precio!$G15,0) -> 3645000 | AK18: =IFERROR(H18*Precio!$G15,0) -> 0 | AL18: =IFERROR(I18*Precio!$G15,0) -> 0 | AM18: =IFERROR(J18*Precio!$G15,0) -> 3645000 | AN18: =IFERROR(K18*Precio!$G15,0) -> 0 | ... AR18: =IFERROR(O18*Precio!$G15,0) -> 0 | AT18: =T18*Precio!$J15 -> 513000 | AU18: =U18*Precio!$J15 -> 0 | AV18: =V18*Precio!$J15 -> 0 | AW18: =W18*Precio!$J15 -> 1026000 | AX18: =X18*Precio!$J15 -> 0 | AY18: =Y18*Precio!$J15 -> 0 | AZ18: =Z18*Precio!$J15 -> 1026000 | BA18: =AA18*Precio!$J15 -> 0 | ... BE18: =AE18*Precio!$J15 -> 0 | BG18: =IFERROR(D18*Precio!$N15,0) -> 364500 | BH18: =IFERROR(E18*Precio!$N15,0) -> 0 | BI18: =IFERROR(F18*Precio!$N15,0) -> 0 | BJ18: =IFERROR(G18*Precio!$N15,0) -> 729000 | BK18: =IFERROR(H18*Precio!$N15,0) -> 0 | BL18: =IFERROR(I18*Precio!$N15,0) -> 0 | BM18: =IFERROR(J18*Precio!$N15,0) -> 729000 | BN18: =IFERROR(K18*Precio!$N15,0) -> 0 | ... BR18: =IFERROR(O18*Precio!$N15,0) -> 0
C19: =IF(Precio!C16="","",Precio!C16) | P19: =SUM(D19:O19) -> 0 | Q19: =SUM(T19:AE19) -> 0 | S19: =C19 | T19: =IFERROR(D19*Precio!$K16,0) -> 0 | U19: =IFERROR(E19*Precio!$K16,0) -> 0 | V19: =IFERROR(F19*Precio!$K16,0) -> 0 | W19: =IFERROR(G19*Precio!$K16,0) -> 0 | X19: =IFERROR(H19*Precio!$K16,0) -> 0 | Y19: =IFERROR(I19*Precio!$K16,0) -> 0 | Z19: =IFERROR(J19*Precio!$K16,0) -> 0 | AA19: =IFERROR(K19*Precio!$K16,0) -> 0 | ... AE19: =IFERROR(O19*Precio!$K16,0) -> 0 | AG19: =IFERROR(D19*Precio!$G16,0) -> 0 | AH19: =IFERROR(E19*Precio!$G16,0) -> 0 | AI19: =IFERROR(F19*Precio!$G16,0) -> 0 | AJ19: =IFERROR(G19*Precio!$G16,0) -> 0 | AK19: =IFERROR(H19*Precio!$G16,0) -> 0 | AL19: =IFERROR(I19*Precio!$G16,0) -> 0 | AM19: =IFERROR(J19*Precio!$G16,0) -> 0 | AN19: =IFERROR(K19*Precio!$G16,0) -> 0 | ... AR19: =IFERROR(O19*Precio!$G16,0) -> 0 | AT19: =T19*Precio!$J16 -> 0 | AU19: =U19*Precio!$J16 -> 0 | AV19: =V19*Precio!$J16 -> 0 | AW19: =W19*Precio!$J16 -> 0 | AX19: =X19*Precio!$J16 -> 0 | AY19: =Y19*Precio!$J16 -> 0 | AZ19: =Z19*Precio!$J16 -> 0 | BA19: =AA19*Precio!$J16 -> 0 | ... BE19: =AE19*Precio!$J16 -> 0 | BG19: =IFERROR(D19*Precio!$N16,0) -> 0 | BH19: =IFERROR(E19*Precio!$N16,0) -> 0 | BI19: =IFERROR(F19*Precio!$N16,0) -> 0 | BJ19: =IFERROR(G19*Precio!$N16,0) -> 0 | BK19: =IFERROR(H19*Precio!$N16,0) -> 0 | BL19: =IFERROR(I19*Precio!$N16,0) -> 0 | BM19: =IFERROR(J19*Precio!$N16,0) -> 0 | BN19: =IFERROR(K19*Precio!$N16,0) -> 0 | ... BR19: =IFERROR(O19*Precio!$N16,0) -> 0
C20: =IF(Precio!C17="","",Precio!C17) | P20: =SUM(D20:O20) -> 0 | Q20: =SUM(T20:AE20) -> 0 | S20: =C20 | T20: =IFERROR(D20*Precio!$K17,0) -> 0 | U20: =IFERROR(E20*Precio!$K17,0) -> 0 | V20: =IFERROR(F20*Precio!$K17,0) -> 0 | W20: =IFERROR(G20*Precio!$K17,0) -> 0 | X20: =IFERROR(H20*Precio!$K17,0) -> 0 | Y20: =IFERROR(I20*Precio!$K17,0) -> 0 | Z20: =IFERROR(J20*Precio!$K17,0) -> 0 | AA20: =IFERROR(K20*Precio!$K17,0) -> 0 | ... AE20: =IFERROR(O20*Precio!$K17,0) -> 0 | AG20: =IFERROR(D20*Precio!$G17,0) -> 0 | AH20: =IFERROR(E20*Precio!$G17,0) -> 0 | AI20: =IFERROR(F20*Precio!$G17,0) -> 0 | AJ20: =IFERROR(G20*Precio!$G17,0) -> 0 | AK20: =IFERROR(H20*Precio!$G17,0) -> 0 | AL20: =IFERROR(I20*Precio!$G17,0) -> 0 | AM20: =IFERROR(J20*Precio!$G17,0) -> 0 | AN20: =IFERROR(K20*Precio!$G17,0) -> 0 | ... AR20: =IFERROR(O20*Precio!$G17,0) -> 0 | AT20: =T20*Precio!$J17 -> 0 | AU20: =U20*Precio!$J17 -> 0 | AV20: =V20*Precio!$J17 -> 0 | AW20: =W20*Precio!$J17 -> 0 | AX20: =X20*Precio!$J17 -> 0 | AY20: =Y20*Precio!$J17 -> 0 | AZ20: =Z20*Precio!$J17 -> 0 | BA20: =AA20*Precio!$J17 -> 0 | ... BE20: =AE20*Precio!$J17 -> 0 | BG20: =IFERROR(D20*Precio!$N17,0) -> 0 | BH20: =IFERROR(E20*Precio!$N17,0) -> 0 | BI20: =IFERROR(F20*Precio!$N17,0) -> 0 | BJ20: =IFERROR(G20*Precio!$N17,0) -> 0 | BK20: =IFERROR(H20*Precio!$N17,0) -> 0 | BL20: =IFERROR(I20*Precio!$N17,0) -> 0 | BM20: =IFERROR(J20*Precio!$N17,0) -> 0 | BN20: =IFERROR(K20*Precio!$N17,0) -> 0 | ... BR20: =IFERROR(O20*Precio!$N17,0) -> 0
C21: =IF(Precio!C18="","",Precio!C18) | P21: =SUM(D21:O21) -> 0 | Q21: =SUM(T21:AE21) -> 0 | S21: =C21 | T21: =IFERROR(D21*Precio!$K18,0) -> 0 | U21: =IFERROR(E21*Precio!$K18,0) -> 0 | V21: =IFERROR(F21*Precio!$K18,0) -> 0 | W21: =IFERROR(G21*Precio!$K18,0) -> 0 | X21: =IFERROR(H21*Precio!$K18,0) -> 0 | Y21: =IFERROR(I21*Precio!$K18,0) -> 0 | Z21: =IFERROR(J21*Precio!$K18,0) -> 0 | AA21: =IFERROR(K21*Precio!$K18,0) -> 0 | ... AE21: =IFERROR(O21*Precio!$K18,0) -> 0 | AG21: =IFERROR(D21*Precio!$G18,0) -> 0 | AH21: =IFERROR(E21*Precio!$G18,0) -> 0 | AI21: =IFERROR(F21*Precio!$G18,0) -> 0 | AJ21: =IFERROR(G21*Precio!$G18,0) -> 0 | AK21: =IFERROR(H21*Precio!$G18,0) -> 0 | AL21: =IFERROR(I21*Precio!$G18,0) -> 0 | AM21: =IFERROR(J21*Precio!$G18,0) -> 0 | AN21: =IFERROR(K21*Precio!$G18,0) -> 0 | ... AR21: =IFERROR(O21*Precio!$G18,0) -> 0 | AT21: =T21*Precio!$J18 -> 0 | AU21: =U21*Precio!$J18 -> 0 | AV21: =V21*Precio!$J18 -> 0 | AW21: =W21*Precio!$J18 -> 0 | AX21: =X21*Precio!$J18 -> 0 | AY21: =Y21*Precio!$J18 -> 0 | AZ21: =Z21*Precio!$J18 -> 0 | BA21: =AA21*Precio!$J18 -> 0 | ... BE21: =AE21*Precio!$J18 -> 0 | BG21: =IFERROR(D21*Precio!$N18,0) -> 0 | BH21: =IFERROR(E21*Precio!$N18,0) -> 0 | BI21: =IFERROR(F21*Precio!$N18,0) -> 0 | BJ21: =IFERROR(G21*Precio!$N18,0) -> 0 | BK21: =IFERROR(H21*Precio!$N18,0) -> 0 | BL21: =IFERROR(I21*Precio!$N18,0) -> 0 | BM21: =IFERROR(J21*Precio!$N18,0) -> 0 | BN21: =IFERROR(K21*Precio!$N18,0) -> 0 | ... BR21: =IFERROR(O21*Precio!$N18,0) -> 0
C22: =IF(Precio!C19="","",Precio!C19) | P22: =SUM(D22:O22) -> 0 | Q22: =SUM(T22:AE22) -> 0 | S22: =C22 | T22: =IFERROR(D22*Precio!$K19,0) -> 0 | U22: =IFERROR(E22*Precio!$K19,0) -> 0 | V22: =IFERROR(F22*Precio!$K19,0) -> 0 | W22: =IFERROR(G22*Precio!$K19,0) -> 0 | X22: =IFERROR(H22*Precio!$K19,0) -> 0 | Y22: =IFERROR(I22*Precio!$K19,0) -> 0 | Z22: =IFERROR(J22*Precio!$K19,0) -> 0 | AA22: =IFERROR(K22*Precio!$K19,0) -> 0 | ... AE22: =IFERROR(O22*Precio!$K19,0) -> 0 | AG22: =IFERROR(D22*Precio!$G19,0) -> 0 | AH22: =IFERROR(E22*Precio!$G19,0) -> 0 | AI22: =IFERROR(F22*Precio!$G19,0) -> 0 | AJ22: =IFERROR(G22*Precio!$G19,0) -> 0 | AK22: =IFERROR(H22*Precio!$G19,0) -> 0 | AL22: =IFERROR(I22*Precio!$G19,0) -> 0 | AM22: =IFERROR(J22*Precio!$G19,0) -> 0 | AN22: =IFERROR(K22*Precio!$G19,0) -> 0 | ... AR22: =IFERROR(O22*Precio!$G19,0) -> 0 | AT22: =T22*Precio!$J19 -> 0 | AU22: =U22*Precio!$J19 -> 0 | AV22: =V22*Precio!$J19 -> 0 | AW22: =W22*Precio!$J19 -> 0 | AX22: =X22*Precio!$J19 -> 0 | AY22: =Y22*Precio!$J19 -> 0 | AZ22: =Z22*Precio!$J19 -> 0 | BA22: =AA22*Precio!$J19 -> 0 | ... BE22: =AE22*Precio!$J19 -> 0 | BG22: =IFERROR(D22*Precio!$N19,0) -> 0 | BH22: =IFERROR(E22*Precio!$N19,0) -> 0 | BI22: =IFERROR(F22*Precio!$N19,0) -> 0 | BJ22: =IFERROR(G22*Precio!$N19,0) -> 0 | BK22: =IFERROR(H22*Precio!$N19,0) -> 0 | BL22: =IFERROR(I22*Precio!$N19,0) -> 0 | BM22: =IFERROR(J22*Precio!$N19,0) -> 0 | BN22: =IFERROR(K22*Precio!$N19,0) -> 0 | ... BR22: =IFERROR(O22*Precio!$N19,0) -> 0
C23: =IF(Precio!C20="","",Precio!C20) | P23: =SUM(D23:O23) -> 0 | Q23: =SUM(T23:AE23) -> 0 | S23: =C23 | T23: =IFERROR(D23*Precio!$K20,0) -> 0 | U23: =IFERROR(E23*Precio!$K20,0) -> 0 | V23: =IFERROR(F23*Precio!$K20,0) -> 0 | W23: =IFERROR(G23*Precio!$K20,0) -> 0 | X23: =IFERROR(H23*Precio!$K20,0) -> 0 | Y23: =IFERROR(I23*Precio!$K20,0) -> 0 | Z23: =IFERROR(J23*Precio!$K20,0) -> 0 | AA23: =IFERROR(K23*Precio!$K20,0) -> 0 | ... AE23: =IFERROR(O23*Precio!$K20,0) -> 0 | AG23: =IFERROR(D23*Precio!$G20,0) -> 0 | AH23: =IFERROR(E23*Precio!$G20,0) -> 0 | AI23: =IFERROR(F23*Precio!$G20,0) -> 0 | AJ23: =IFERROR(G23*Precio!$G20,0) -> 0 | AK23: =IFERROR(H23*Precio!$G20,0) -> 0 | AL23: =IFERROR(I23*Precio!$G20,0) -> 0 | AM23: =IFERROR(J23*Precio!$G20,0) -> 0 | AN23: =IFERROR(K23*Precio!$G20,0) -> 0 | ... AR23: =IFERROR(O23*Precio!$G20,0) -> 0 | AT23: =T23*Precio!$J20 -> 0 | AU23: =U23*Precio!$J20 -> 0 | AV23: =V23*Precio!$J20 -> 0 | AW23: =W23*Precio!$J20 -> 0 | AX23: =X23*Precio!$J20 -> 0 | AY23: =Y23*Precio!$J20 -> 0 | AZ23: =Z23*Precio!$J20 -> 0 | BA23: =AA23*Precio!$J20 -> 0 | ... BE23: =AE23*Precio!$J20 -> 0 | BG23: =IFERROR(D23*Precio!$N20,0) -> 0 | BH23: =IFERROR(E23*Precio!$N20,0) -> 0 | BI23: =IFERROR(F23*Precio!$N20,0) -> 0 | BJ23: =IFERROR(G23*Precio!$N20,0) -> 0 | BK23: =IFERROR(H23*Precio!$N20,0) -> 0 | BL23: =IFERROR(I23*Precio!$N20,0) -> 0 | BM23: =IFERROR(J23*Precio!$N20,0) -> 0 | BN23: =IFERROR(K23*Precio!$N20,0) -> 0 | ... BR23: =IFERROR(O23*Precio!$N20,0) -> 0
C24: =IF(Precio!C21="","",Precio!C21) | P24: =SUM(D24:O24) -> 0 | Q24: =SUM(T24:AE24) -> 0 | S24: =C24 | T24: =IFERROR(D24*Precio!$K21,0) -> 0 | U24: =IFERROR(E24*Precio!$K21,0) -> 0 | V24: =IFERROR(F24*Precio!$K21,0) -> 0 | W24: =IFERROR(G24*Precio!$K21,0) -> 0 | X24: =IFERROR(H24*Precio!$K21,0) -> 0 | Y24: =IFERROR(I24*Precio!$K21,0) -> 0 | Z24: =IFERROR(J24*Precio!$K21,0) -> 0 | AA24: =IFERROR(K24*Precio!$K21,0) -> 0 | ... AE24: =IFERROR(O24*Precio!$K21,0) -> 0 | AG24: =IFERROR(D24*Precio!$G21,0) -> 0 | AH24: =IFERROR(E24*Precio!$G21,0) -> 0 | AI24: =IFERROR(F24*Precio!$G21,0) -> 0 | AJ24: =IFERROR(G24*Precio!$G21,0) -> 0 | AK24: =IFERROR(H24*Precio!$G21,0) -> 0 | AL24: =IFERROR(I24*Precio!$G21,0) -> 0 | AM24: =IFERROR(J24*Precio!$G21,0) -> 0 | AN24: =IFERROR(K24*Precio!$G21,0) -> 0 | ... AR24: =IFERROR(O24*Precio!$G21,0) -> 0 | AT24: =T24*Precio!$J21 -> 0 | AU24: =U24*Precio!$J21 -> 0 | AV24: =V24*Precio!$J21 -> 0 | AW24: =W24*Precio!$J21 -> 0 | AX24: =X24*Precio!$J21 -> 0 | AY24: =Y24*Precio!$J21 -> 0 | AZ24: =Z24*Precio!$J21 -> 0 | BA24: =AA24*Precio!$J21 -> 0 | ... BE24: =AE24*Precio!$J21 -> 0 | BG24: =IFERROR(D24*Precio!$N21,0) -> 0 | BH24: =IFERROR(E24*Precio!$N21,0) -> 0 | BI24: =IFERROR(F24*Precio!$N21,0) -> 0 | BJ24: =IFERROR(G24*Precio!$N21,0) -> 0 | BK24: =IFERROR(H24*Precio!$N21,0) -> 0 | BL24: =IFERROR(I24*Precio!$N21,0) -> 0 | BM24: =IFERROR(J24*Precio!$N21,0) -> 0 | BN24: =IFERROR(K24*Precio!$N21,0) -> 0 | ... BR24: =IFERROR(O24*Precio!$N21,0) -> 0
C25: =IF(Precio!C22="","",Precio!C22) | P25: =SUM(D25:O25) -> 0 | Q25: =SUM(T25:AE25) -> 0 | S25: =C25 | T25: =IFERROR(D25*Precio!$K22,0) -> 0 | U25: =IFERROR(E25*Precio!$K22,0) -> 0 | V25: =IFERROR(F25*Precio!$K22,0) -> 0 | W25: =IFERROR(G25*Precio!$K22,0) -> 0 | X25: =IFERROR(H25*Precio!$K22,0) -> 0 | Y25: =IFERROR(I25*Precio!$K22,0) -> 0 | Z25: =IFERROR(J25*Precio!$K22,0) -> 0 | AA25: =IFERROR(K25*Precio!$K22,0) -> 0 | ... AE25: =IFERROR(O25*Precio!$K22,0) -> 0 | AG25: =IFERROR(D25*Precio!$G22,0) -> 0 | AH25: =IFERROR(E25*Precio!$G22,0) -> 0 | AI25: =IFERROR(F25*Precio!$G22,0) -> 0 | AJ25: =IFERROR(G25*Precio!$G22,0) -> 0 | AK25: =IFERROR(H25*Precio!$G22,0) -> 0 | AL25: =IFERROR(I25*Precio!$G22,0) -> 0 | AM25: =IFERROR(J25*Precio!$G22,0) -> 0 | AN25: =IFERROR(K25*Precio!$G22,0) -> 0 | ... AR25: =IFERROR(O25*Precio!$G22,0) -> 0 | AT25: =T25*Precio!$J22 -> 0 | AU25: =U25*Precio!$J22 -> 0 | AV25: =V25*Precio!$J22 -> 0 | AW25: =W25*Precio!$J22 -> 0 | AX25: =X25*Precio!$J22 -> 0 | AY25: =Y25*Precio!$J22 -> 0 | AZ25: =Z25*Precio!$J22 -> 0 | BA25: =AA25*Precio!$J22 -> 0 | ... BE25: =AE25*Precio!$J22 -> 0 | BG25: =IFERROR(D25*Precio!$N22,0) -> 0 | BH25: =IFERROR(E25*Precio!$N22,0) -> 0 | BI25: =IFERROR(F25*Precio!$N22,0) -> 0 | BJ25: =IFERROR(G25*Precio!$N22,0) -> 0 | BK25: =IFERROR(H25*Precio!$N22,0) -> 0 | BL25: =IFERROR(I25*Precio!$N22,0) -> 0 | BM25: =IFERROR(J25*Precio!$N22,0) -> 0 | BN25: =IFERROR(K25*Precio!$N22,0) -> 0 | ... BR25: =IFERROR(O25*Precio!$N22,0) -> 0
C26: =IF(Precio!C23="","",Precio!C23) | P26: =SUM(D26:O26) -> 0 | Q26: =SUM(T26:AE26) -> 0 | S26: =C26 | T26: =IFERROR(D26*Precio!$K23,0) -> 0 | U26: =IFERROR(E26*Precio!$K23,0) -> 0 | V26: =IFERROR(F26*Precio!$K23,0) -> 0 | W26: =IFERROR(G26*Precio!$K23,0) -> 0 | X26: =IFERROR(H26*Precio!$K23,0) -> 0 | Y26: =IFERROR(I26*Precio!$K23,0) -> 0 | Z26: =IFERROR(J26*Precio!$K23,0) -> 0 | AA26: =IFERROR(K26*Precio!$K23,0) -> 0 | ... AE26: =IFERROR(O26*Precio!$K23,0) -> 0 | AG26: =IFERROR(D26*Precio!$G23,0) -> 0 | AH26: =IFERROR(E26*Precio!$G23,0) -> 0 | AI26: =IFERROR(F26*Precio!$G23,0) -> 0 | AJ26: =IFERROR(G26*Precio!$G23,0) -> 0 | AK26: =IFERROR(H26*Precio!$G23,0) -> 0 | AL26: =IFERROR(I26*Precio!$G23,0) -> 0 | AM26: =IFERROR(J26*Precio!$G23,0) -> 0 | AN26: =IFERROR(K26*Precio!$G23,0) -> 0 | ... AR26: =IFERROR(O26*Precio!$G23,0) -> 0 | AT26: =T26*Precio!$J23 -> 0 | AU26: =U26*Precio!$J23 -> 0 | AV26: =V26*Precio!$J23 -> 0 | AW26: =W26*Precio!$J23 -> 0 | AX26: =X26*Precio!$J23 -> 0 | AY26: =Y26*Precio!$J23 -> 0 | AZ26: =Z26*Precio!$J23 -> 0 | BA26: =AA26*Precio!$J23 -> 0 | ... BE26: =AE26*Precio!$J23 -> 0 | BG26: =IFERROR(D26*Precio!$N23,0) -> 0 | BH26: =IFERROR(E26*Precio!$N23,0) -> 0 | BI26: =IFERROR(F26*Precio!$N23,0) -> 0 | BJ26: =IFERROR(G26*Precio!$N23,0) -> 0 | BK26: =IFERROR(H26*Precio!$N23,0) -> 0 | BL26: =IFERROR(I26*Precio!$N23,0) -> 0 | BM26: =IFERROR(J26*Precio!$N23,0) -> 0 | BN26: =IFERROR(K26*Precio!$N23,0) -> 0 | ... BR26: =IFERROR(O26*Precio!$N23,0) -> 0
C27: =IF(Precio!C24="","",Precio!C24) | P27: =SUM(D27:O27) -> 0 | Q27: =SUM(T27:AE27) -> 0 | S27: =C27 | T27: =IFERROR(D27*Precio!$K24,0) -> 0 | U27: =IFERROR(E27*Precio!$K24,0) -> 0 | V27: =IFERROR(F27*Precio!$K24,0) -> 0 | W27: =IFERROR(G27*Precio!$K24,0) -> 0 | X27: =IFERROR(H27*Precio!$K24,0) -> 0 | Y27: =IFERROR(I27*Precio!$K24,0) -> 0 | Z27: =IFERROR(J27*Precio!$K24,0) -> 0 | AA27: =IFERROR(K27*Precio!$K24,0) -> 0 | ... AE27: =IFERROR(O27*Precio!$K24,0) -> 0 | AG27: =IFERROR(D27*Precio!$G24,0) -> 0 | AH27: =IFERROR(E27*Precio!$G24,0) -> 0 | AI27: =IFERROR(F27*Precio!$G24,0) -> 0 | AJ27: =IFERROR(G27*Precio!$G24,0) -> 0 | AK27: =IFERROR(H27*Precio!$G24,0) -> 0 | AL27: =IFERROR(I27*Precio!$G24,0) -> 0 | AM27: =IFERROR(J27*Precio!$G24,0) -> 0 | AN27: =IFERROR(K27*Precio!$G24,0) -> 0 | ... AR27: =IFERROR(O27*Precio!$G24,0) -> 0 | AT27: =T27*Precio!$J24 -> 0 | AU27: =U27*Precio!$J24 -> 0 | AV27: =V27*Precio!$J24 -> 0 | AW27: =W27*Precio!$J24 -> 0 | AX27: =X27*Precio!$J24 -> 0 | AY27: =Y27*Precio!$J24 -> 0 | AZ27: =Z27*Precio!$J24 -> 0 | BA27: =AA27*Precio!$J24 -> 0 | ... BE27: =AE27*Precio!$J24 -> 0 | BG27: =IFERROR(D27*Precio!$N24,0) -> 0 | BH27: =IFERROR(E27*Precio!$N24,0) -> 0 | BI27: =IFERROR(F27*Precio!$N24,0) -> 0 | BJ27: =IFERROR(G27*Precio!$N24,0) -> 0 | BK27: =IFERROR(H27*Precio!$N24,0) -> 0 | BL27: =IFERROR(I27*Precio!$N24,0) -> 0 | BM27: =IFERROR(J27*Precio!$N24,0) -> 0 | BN27: =IFERROR(K27*Precio!$N24,0) -> 0 | ... BR27: =IFERROR(O27*Precio!$N24,0) -> 0
C28: =IF(Precio!C25="","",Precio!C25) | P28: =SUM(D28:O28) -> 0 | Q28: =SUM(T28:AE28) -> 0 | S28: =C28 | T28: =IFERROR(D28*Precio!$K25,0) -> 0 | U28: =IFERROR(E28*Precio!$K25,0) -> 0 | V28: =IFERROR(F28*Precio!$K25,0) -> 0 | W28: =IFERROR(G28*Precio!$K25,0) -> 0 | X28: =IFERROR(H28*Precio!$K25,0) -> 0 | Y28: =IFERROR(I28*Precio!$K25,0) -> 0 | Z28: =IFERROR(J28*Precio!$K25,0) -> 0 | AA28: =IFERROR(K28*Precio!$K25,0) -> 0 | ... AE28: =IFERROR(O28*Precio!$K25,0) -> 0 | AG28: =IFERROR(D28*Precio!$G25,0) -> 0 | AH28: =IFERROR(E28*Precio!$G25,0) -> 0 | AI28: =IFERROR(F28*Precio!$G25,0) -> 0 | AJ28: =IFERROR(G28*Precio!$G25,0) -> 0 | AK28: =IFERROR(H28*Precio!$G25,0) -> 0 | AL28: =IFERROR(I28*Precio!$G25,0) -> 0 | AM28: =IFERROR(J28*Precio!$G25,0) -> 0 | AN28: =IFERROR(K28*Precio!$G25,0) -> 0 | ... AR28: =IFERROR(O28*Precio!$G25,0) -> 0 | AT28: =T28*Precio!$J25 -> 0 | AU28: =U28*Precio!$J25 -> 0 | AV28: =V28*Precio!$J25 -> 0 | AW28: =W28*Precio!$J25 -> 0 | AX28: =X28*Precio!$J25 -> 0 | AY28: =Y28*Precio!$J25 -> 0 | AZ28: =Z28*Precio!$J25 -> 0 | BA28: =AA28*Precio!$J25 -> 0 | ... BE28: =AE28*Precio!$J25 -> 0 | BG28: =IFERROR(D28*Precio!$N25,0) -> 0 | BH28: =IFERROR(E28*Precio!$N25,0) -> 0 | BI28: =IFERROR(F28*Precio!$N25,0) -> 0 | BJ28: =IFERROR(G28*Precio!$N25,0) -> 0 | BK28: =IFERROR(H28*Precio!$N25,0) -> 0 | BL28: =IFERROR(I28*Precio!$N25,0) -> 0 | BM28: =IFERROR(J28*Precio!$N25,0) -> 0 | BN28: =IFERROR(K28*Precio!$N25,0) -> 0 | ... BR28: =IFERROR(O28*Precio!$N25,0) -> 0
C29: =IF(Precio!C26="","",Precio!C26) | P29: =SUM(D29:O29) -> 0 | Q29: =SUM(T29:AE29) -> 0 | S29: =C29 | T29: =IFERROR(D29*Precio!$K26,0) -> 0 | U29: =IFERROR(E29*Precio!$K26,0) -> 0 | V29: =IFERROR(F29*Precio!$K26,0) -> 0 | W29: =IFERROR(G29*Precio!$K26,0) -> 0 | X29: =IFERROR(H29*Precio!$K26,0) -> 0 | Y29: =IFERROR(I29*Precio!$K26,0) -> 0 | Z29: =IFERROR(J29*Precio!$K26,0) -> 0 | AA29: =IFERROR(K29*Precio!$K26,0) -> 0 | ... AE29: =IFERROR(O29*Precio!$K26,0) -> 0 | AG29: =IFERROR(D29*Precio!$G26,0) -> 0 | AH29: =IFERROR(E29*Precio!$G26,0) -> 0 | AI29: =IFERROR(F29*Precio!$G26,0) -> 0 | AJ29: =IFERROR(G29*Precio!$G26,0) -> 0 | AK29: =IFERROR(H29*Precio!$G26,0) -> 0 | AL29: =IFERROR(I29*Precio!$G26,0) -> 0 | AM29: =IFERROR(J29*Precio!$G26,0) -> 0 | AN29: =IFERROR(K29*Precio!$G26,0) -> 0 | ... AR29: =IFERROR(O29*Precio!$G26,0) -> 0 | AT29: =T29*Precio!$J26 -> 0 | AU29: =U29*Precio!$J26 -> 0 | AV29: =V29*Precio!$J26 -> 0 | AW29: =W29*Precio!$J26 -> 0 | AX29: =X29*Precio!$J26 -> 0 | AY29: =Y29*Precio!$J26 -> 0 | AZ29: =Z29*Precio!$J26 -> 0 | BA29: =AA29*Precio!$J26 -> 0 | ... BE29: =AE29*Precio!$J26 -> 0 | BG29: =IFERROR(D29*Precio!$N26,0) -> 0 | BH29: =IFERROR(E29*Precio!$N26,0) -> 0 | BI29: =IFERROR(F29*Precio!$N26,0) -> 0 | BJ29: =IFERROR(G29*Precio!$N26,0) -> 0 | BK29: =IFERROR(H29*Precio!$N26,0) -> 0 | BL29: =IFERROR(I29*Precio!$N26,0) -> 0 | BM29: =IFERROR(J29*Precio!$N26,0) -> 0 | BN29: =IFERROR(K29*Precio!$N26,0) -> 0 | ... BR29: =IFERROR(O29*Precio!$N26,0) -> 0
C30: =IF(Precio!C27="","",Precio!C27) | P30: =SUM(D30:O30) -> 0 | Q30: =SUM(T30:AE30) -> 0 | S30: =C30 | T30: =IFERROR(D30*Precio!$K27,0) -> 0 | U30: =IFERROR(E30*Precio!$K27,0) -> 0 | V30: =IFERROR(F30*Precio!$K27,0) -> 0 | W30: =IFERROR(G30*Precio!$K27,0) -> 0 | X30: =IFERROR(H30*Precio!$K27,0) -> 0 | Y30: =IFERROR(I30*Precio!$K27,0) -> 0 | Z30: =IFERROR(J30*Precio!$K27,0) -> 0 | AA30: =IFERROR(K30*Precio!$K27,0) -> 0 | ... AE30: =IFERROR(O30*Precio!$K27,0) -> 0 | AG30: =IFERROR(D30*Precio!$G27,0) -> 0 | AH30: =IFERROR(E30*Precio!$G27,0) -> 0 | AI30: =IFERROR(F30*Precio!$G27,0) -> 0 | AJ30: =IFERROR(G30*Precio!$G27,0) -> 0 | AK30: =IFERROR(H30*Precio!$G27,0) -> 0 | AL30: =IFERROR(I30*Precio!$G27,0) -> 0 | AM30: =IFERROR(J30*Precio!$G27,0) -> 0 | AN30: =IFERROR(K30*Precio!$G27,0) -> 0 | ... AR30: =IFERROR(O30*Precio!$G27,0) -> 0 | AT30: =T30*Precio!$J27 -> 0 | AU30: =U30*Precio!$J27 -> 0 | AV30: =V30*Precio!$J27 -> 0 | AW30: =W30*Precio!$J27 -> 0 | AX30: =X30*Precio!$J27 -> 0 | AY30: =Y30*Precio!$J27 -> 0 | AZ30: =Z30*Precio!$J27 -> 0 | BA30: =AA30*Precio!$J27 -> 0 | ... BE30: =AE30*Precio!$J27 -> 0 | BG30: =IFERROR(D30*Precio!$N27,0) -> 0 | BH30: =IFERROR(E30*Precio!$N27,0) -> 0 | BI30: =IFERROR(F30*Precio!$N27,0) -> 0 | BJ30: =IFERROR(G30*Precio!$N27,0) -> 0 | BK30: =IFERROR(H30*Precio!$N27,0) -> 0 | BL30: =IFERROR(I30*Precio!$N27,0) -> 0 | BM30: =IFERROR(J30*Precio!$N27,0) -> 0 | BN30: =IFERROR(K30*Precio!$N27,0) -> 0 | ... BR30: =IFERROR(O30*Precio!$N27,0) -> 0
... C37: =IF(Precio!C34="","",Precio!C34) | P37: =SUM(D37:O37) -> 0 | Q37: =SUM(T37:AE37) -> 0 | S37: =C37 | T37: =IFERROR(D37*Precio!$K34,0) -> 0 | U37: =IFERROR(E37*Precio!$K34,0) -> 0 | V37: =IFERROR(F37*Precio!$K34,0) -> 0 | W37: =IFERROR(G37*Precio!$K34,0) -> 0 | X37: =IFERROR(H37*Precio!$K34,0) -> 0 | Y37: =IFERROR(I37*Precio!$K34,0) -> 0 | Z37: =IFERROR(J37*Precio!$K34,0) -> 0 | AA37: =IFERROR(K37*Precio!$K34,0) -> 0 | ... AE37: =IFERROR(O37*Precio!$K34,0) -> 0 | AG37: =IFERROR(D37*Precio!$G34,0) -> 0 | AH37: =IFERROR(E37*Precio!$G34,0) -> 0 | AI37: =IFERROR(F37*Precio!$G34,0) -> 0 | AJ37: =IFERROR(G37*Precio!$G34,0) -> 0 | AK37: =IFERROR(H37*Precio!$G34,0) -> 0 | AL37: =IFERROR(I37*Precio!$G34,0) -> 0 | AM37: =IFERROR(J37*Precio!$G34,0) -> 0 | AN37: =IFERROR(K37*Precio!$G34,0) -> 0 | ... AR37: =IFERROR(O37*Precio!$G34,0) -> 0 | AT37: =T37*Precio!$J34 -> 0 | AU37: =U37*Precio!$J34 -> 0 | AV37: =V37*Precio!$J34 -> 0 | AW37: =W37*Precio!$J34 -> 0 | AX37: =X37*Precio!$J34 -> 0 | AY37: =Y37*Precio!$J34 -> 0 | AZ37: =Z37*Precio!$J34 -> 0 | BA37: =AA37*Precio!$J34 -> 0 | ... BE37: =AE37*Precio!$J34 -> 0 | BG37: =IFERROR(D37*Precio!$N34,0) -> 0 | BH37: =IFERROR(E37*Precio!$N34,0) -> 0 | BI37: =IFERROR(F37*Precio!$N34,0) -> 0 | BJ37: =IFERROR(G37*Precio!$N34,0) -> 0 | BK37: =IFERROR(H37*Precio!$N34,0) -> 0 | BL37: =IFERROR(I37*Precio!$N34,0) -> 0 | BM37: =IFERROR(J37*Precio!$N34,0) -> 0 | BN37: =IFERROR(K37*Precio!$N34,0) -> 0 | ... BR37: =IFERROR(O37*Precio!$N34,0) -> 0
C38: totales | D38: =SUM(D8:D37) -> 5500 | E38: =SUM(E8:E37) -> 0 | F38: =SUM(F8:F37) -> 0 | G38: =SUM(G8:G37) -> 11000 | H38: =SUM(H8:H37) -> 0 | I38: =SUM(I8:I37) -> 0 | J38: =SUM(J8:J37) -> 11000 | K38: =SUM(K8:K37) -> 0 | ... Q38: =SUM(Q8:Q37) -> 8.0151111e+08 | S38: total | T38: =SUM(T8:T37) -> 89056790 | U38: =SUM(U8:U37) -> 0 | V38: =SUM(V8:V37) -> 0 | W38: =SUM(W8:W37) -> 1.7811358e+08 | X38: =SUM(X8:X37) -> 0 | Y38: =SUM(Y8:Y37) -> 0 | Z38: =SUM(Z8:Z37) -> 1.7811358e+08 | AA38: =SUM(AA8:AA37) -> 0 | ... AE38: =SUM(AE8:AE37) -> 0 | AF38: total | AG38: =SUM(AG8:AG37) -> 60113500 | AH38: =SUM(AH8:AH37) -> 0 | AI38: =SUM(AI8:AI37) -> 0 | AJ38: =SUM(AJ8:AJ37) -> 120227000 | AK38: =SUM(AK8:AK37) -> 0 | AL38: =SUM(AL8:AL37) -> 0 | AM38: =SUM(AM8:AM37) -> 120227000 | AN38: =SUM(AN8:AN37) -> 0 | ... AR38: =SUM(AR8:AR37) -> 0 | AS38: total | AT38: =SUM(AT8:AT37) -> 16920790 | AU38: =SUM(AU8:AU37) -> 0 | AV38: =SUM(AV8:AV37) -> 0 | AW38: =SUM(AW8:AW37) -> 33841580 | AX38: =SUM(AX8:AX37) -> 0 | AY38: =SUM(AY8:AY37) -> 0 | AZ38: =SUM(AZ8:AZ37) -> 33841580 | BA38: =SUM(BA8:BA37) -> 0 | ... BE38: =SUM(BE8:BE37) -> 0 | BF38: total | BG38: =SUM(BG8:BG37) -> 12022500 | BH38: =SUM(BH8:BH37) -> 0 | BI38: =SUM(BI8:BI37) -> 0 | BJ38: =SUM(BJ8:BJ37) -> 24045000 | BK38: =SUM(BK8:BK37) -> 0 | BL38: =SUM(BL8:BL37) -> 0 | BM38: =SUM(BM8:BM37) -> 24045000 | BN38: =SUM(BN8:BN37) -> 0 | ... BR38: =SUM(BR8:BR37) -> 0

Sheet CF
Q2: =L6 -> 1 año | R2: =Q2 -> 1 año | S2: =R2 -> 1 año | T2: =S2 -> 1 año | U2: =T2 -> 1 año | V2: =U2 -> 1 año | W2: =V2 -> 1 año | X2: =W2 -> 1 año | Y2: =X2 -> 1 año | ... AB2: =AA2 -> 1 año | AC2: =L7 -> 2 años | AD2: =AC2 -> 2 años | AE2: =AD2 -> 2 años | AF2: =AE2 -> 2 años | AG2: =AF2 -> 2 años | AH2: =AG2 -> 2 años | AI2: =AH2 -> 2 años | AJ2: =AI2 -> 2 años | AK2: =AJ2 -> 2 años | ... AN2: =AM2 -> 2 años | AO2: =L8 -> 3 años | AP2: =AO2 -> 3 años | AQ2: =AP2 -> 3 años | AR2: =AQ2 -> 3 años | AS2: =AR2 -> 3 años | AT2: =AS2 -> 3 años | AU2: =AT2 -> 3 años | AV2: =AU2 -> 3 años | AW2: =AV2 -> 3 años | ... AZ2: =AY2 -> 3 años | BA2: =L9 -> 0 | BB2: =BA2 -> 0 | BC2: =BB2 -> 0 | BD2: =BC2 -> 0 | BE2: =BD2 -> 0 | BF2: =BE2 -> 0 | BG2: =BF2 -> 0 | BH2: =BG2 -> 0 | BI2: =BH2 -> 0 | ... BL2: =BK2 -> 0 | BM2: =L10 -> 0 | BN2: =BM2 -> 0 | BO2: =BN2 -> 0 | BP2: =BO2 -> 0 | BQ2: =BP2 -> 0 | BR2: =BQ2 -> 0 | BS2: =BR2 -> 0 | BT2: =BS2 -> 0 | BU2: =BT2 -> 0 | ... BX2: =BW2 -> 0
G3: mes | Q3: =O_Inv!N6 -> enero | R3: =O_Inv!O6 -> febrero | S3: =O_Inv!P6 -> marzo | T3: =O_Inv!Q6 -> abril | U3: =O_Inv!R6 -> mayo | V3: =O_Inv!S6 -> junio | W3: =O_Inv!T6 -> julio | X3: =O_Inv!U6 -> agosto | ... BX3: =O_Inv!BU6 -> 0
C4: Costos fijos | G4: Costo Inicio | I4: Costo de Final | Q4: =Q3&Q2 -> enero1 año | R4: =R3&R2 -> febrero1 año | S4: =S3&S2 -> marzo1 año | T4: =T3&T2 -> abril1 año | U4: =U3&U2 -> mayo1 año | V4: =V3&V2 -> junio1 año | W4: =W3&W2 -> julio1 año | X4: =X3&X2 -> agosto1 año | ... BX4: =BX3&BX2 -> 00
C5: descripción | D5: valor | E5: índice de restablecimiento | F5: período | G5: mes | H5: año | I5: mes | J5: año | L5: Año de inicio | M5: Columna comenzando Corresp | N5: columna final Corresp | P5: No es necesario ajustar | Q5: 1 | R5: 2 | S5: 3 | T5: 4 | U5: 5 | V5: 6 | W5: 7 | X5: 8 | Y5: 9 | Z5: 10 | AA5: 11 | AB5: 12 | AC5: 13 | AD5: 14 | AE5: 15 | AF5: 16 | AG5: 17 | AH5: 18 | AI5: 19 | AJ5: 20 | AK5: 21 | AL5: 22 | AM5: 23 | AN5: 24 | AO5: 25 | AP5: 26 | AQ5: 27 | AR5: 28 | AS5: 29 | AT5: 30 | AU5: 31 | AV5: 32 | AW5: 33 | AX5: 34 | AY5: 35 | AZ5: 36 | BA5: 37 | BB5: 38 | BC5: 39 | BD5: 40 | BE5: 41 | BF5: 42 | BG5: 43 | BH5: 44 | BI5: 45 | BJ5: 46 | BK5: 47 | BL5: 48 | BM5: 49 | BN5: 50 | BO5: 51 | BP5: 52 | BQ5: 53 | BR5: 54 | BS5: 55 | BT5: 56 | BU5: 57 | BV5: 58 | BW5: 59 | BX5: 60
C6: Contador | D6: 200000 | E6: 0.1 | F6: Anual | G6: enero | H6: 1 año | I6: diciembre | J6: 3 años | L6: 1 año | M6: =IF(ISERROR(HLOOKUP(G6&H6,$Q$4:$BX$5,2,FALSE)),"",HLOOKUP(G6&H6,$Q$4:$BX$5,2,FALSE)) -> 1 | N6: =IF(ISERROR(HLOOKUP(I6&J6,$Q$4:$BX$5,2,FALSE)),"",HLOOKUP(I6&J6,$Q$4:$BX$5,2,FALSE)) -> 36 | P6: 1 | Q6: =IF(AND(Q$5>=$M6,Q$5<=$N6),IF($F6="SEM REAJUSTE",$D6,"NÃO"),"NÃO") -> NÃO | R6: =IF(AND(R$5>=$M6,R$5<=$N6),IF($F6="SEM REAJUSTE",$D6,"NÃO"),"NÃO") -> NÃO | S6: =IF(AND(S$5>=$M6,S$5<=$N6),IF($F6="SEM REAJUSTE",$D6,"NÃO"),"NÃO") -> NÃO | T6: =IF(AND(T$5>=$M6,T$5<=$N6),IF($F6="SEM REAJUSTE",$D6,"NÃO"),"NÃO") -> NÃO | U6: =IF(AND(U$5>=$M6,U$5<=$N6),IF($F6="SEM REAJUSTE",$D6,"NÃO"),"NÃO") -> NÃO | V6: =IF(AND(V$5>=$M6,V$5<=$N6),IF($F6="SEM REAJUSTE",$D6,"NÃO"),"NÃO") -> NÃO | W6: =IF(AND(W$5>=$M6,W$5<=$N6),IF($F6="SEM REAJUSTE",$D6,"NÃO"),"NÃO") -> NÃO | X6: =IF(AND(X$5>=$M6,X$5<=$N6),IF($F6="SEM REAJUSTE",$D6,"NÃO"),"NÃO") -> NÃO | ... BX6: =IF(AND(BX$5>=$M6,BX$5<=$N6),IF($F6="SEM REAJUSTE",$D6,"NÃO"),"NÃO") -> NÃO
C7: Secretaria | D7: 1200000 | E7: =E6 -> 0.1 | F7: Anual | G7: enero | H7: 1 año | I7: diciembre | J7: 2 años | L7: 2 años | M7: =IF(ISERROR(HLOOKUP(G7&H7,$Q$4:$BX$5,2,FALSE)),"",HLOOKUP(G7&H7,$Q$4:$BX$5,2,FALSE)) -> 1 | N7: =IF(ISERROR(HLOOKUP(I7&J7,$Q$4:$BX$5,2,FALSE)),"",HLOOKUP(I7&J7,$Q$4:$BX$5,2,FALSE)) -> 24 | P7: 2 | Q7: =IF(AND(Q$5>=$M7,Q$5<=$N7),IF($F7="SEM REAJUSTE",$D7,"NÃO"),"NÃO") -> NÃO | R7: =IF(AND(R$5>=$M7,R$5<=$N7),IF($F7="SEM REAJUSTE",$D7,"NÃO"),"NÃO") -> NÃO | S7: =IF(AND(S$5>=$M7,S$5<=$N7),IF($F7="SEM REAJUSTE",$D7,"NÃO"),"NÃO") -> NÃO | T7: =IF(AND(T$5>=$M7,T$5<=$N7),IF($F7="SEM REAJUSTE",$D7,"NÃO"),"NÃO") -> NÃO | U7: =IF(AND(U$5>=$M7,U$5<=$N7),IF($F7="SEM REAJUSTE",$D7,"NÃO"),"NÃO") -> NÃO | V7: =IF(AND(V$5>=$M7,V$5<=$N7),IF($F7="SEM REAJUSTE",$D7,"NÃO"),"NÃO") -> NÃO | W7: =IF(AND(W$5>=$M7,W$5<=$N7),IF($F7="SEM REAJUSTE",$D7,"NÃO"),"NÃO") -> NÃO | X7: =IF(AND(X$5>=$M7,X$5<=$N7),IF($F7="SEM REAJUSTE",$D7,"NÃO"),"NÃO") -> NÃO | ... BX7: =IF(AND(BX$5>=$M7,BX$5<=$N7),IF($F7="SEM REAJUSTE",$D7,"NÃO"),"NÃO") -> NÃO
C8: Arq Auxiliar | D8: 1500000 | E8: =E7 -> 0.1 | F8: Anual | G8: enero | H8: 1 año | I8: diciembre | J8: 2 años | L8: 3 años | M8: =IF(ISERROR(HLOOKUP(G8&H8,$Q$4:$BX$5,2,FALSE)),"",HLOOKUP(G8&H8,$Q$4:$BX$5,2,FALSE)) -> 1 | N8: =IF(ISERROR(HLOOKUP(I8&J8,$Q$4:$BX$5,2,FALSE)),"",HLOOKUP(I8&J8,$Q$4:$BX$5,2,FALSE)) -> 24 | P8: 3 | Q8: =IF(AND(Q$5>=$M8,Q$5<=$N8),IF($F8="SEM REAJUSTE",$D8,"NÃO"),"NÃO") -> NÃO | R8: =IF(AND(R$5>=$M8,R$5<=$N8),IF($F8="SEM REAJUSTE",$D8,"NÃO"),"NÃO") -> NÃO | S8: =IF(AND(S$5>=$M8,S$5<=$N8),IF($F8="SEM REAJUSTE",$D8,"NÃO"),"NÃO") -> NÃO | T8: =IF(AND(T$5>=$M8,T$5<=$N8),IF($F8="SEM REAJUSTE",$D8,"NÃO"),"NÃO") -> NÃO | U8: =IF(AND(U$5>=$M8,U$5<=$N8),IF($F8="SEM REAJUSTE",$D8,"NÃO"),"NÃO") -> NÃO | V8: =IF(AND(V$5>=$M8,V$5<=$N8),IF($F8="SEM REAJUSTE",$D8,"NÃO"),"NÃO") -> NÃO | W8: =IF(AND(W$5>=$M8,W$5<=$N8),IF($F8="SEM REAJUSTE",$D8,"NÃO"),"NÃO") -> NÃO | X8: =IF(AND(X$5>=$M8,X$5<=$N8),IF($F8="SEM REAJUSTE",$D8,"NÃO"),"NÃO") -> NÃO | ... BX8: =IF(AND(BX$5>=$M8,BX$5<=$N8),IF($F8="SEM REAJUSTE",$D8,"NÃO"),"NÃO") -> NÃO
C9: Pago arriendo y servicios públicos | D9: 600000 | E9: =E8 -> 0.1 | F9: Anual | G9: enero | H9: 1 año | I9: diciembre | J9: 3 años | M9: =IF(ISERROR(HLOOKUP(G9&H9,$Q$4:$BX$5,2,FALSE)),"",HLOOKUP(G9&H9,$Q$4:$BX$5,2,FALSE)) -> 1 | N9: =IF(ISERROR(HLOOKUP(I9&J9,$Q$4:$BX$5,2,FALSE)),"",HLOOKUP(I9&J9,$Q$4:$BX$5,2,FALSE)) -> 36 | P9: 4 | Q9: =IF(AND(Q$5>=$M9,Q$5<=$N9),IF($F9="SEM REAJUSTE",$D9,"NÃO"),"NÃO") -> NÃO | R9: =IF(AND(R$5>=$M9,R$5<=$N9),IF($F9="SEM REAJUSTE",$D9,"NÃO"),"NÃO") -> NÃO | S9: =IF(AND(S$5>=$M9,S$5<=$N9),IF($F9="SEM REAJUSTE",$D9,"NÃO"),"NÃO") -> NÃO | T9: =IF(AND(T$5>=$M9,T$5<=$N9),IF($F9="SEM REAJUSTE",$D9,"NÃO"),"NÃO") -> NÃO | U9: =IF(AND(U$5>=$M9,U$5<=$N9),IF($F9="SEM REAJUSTE",$D9,"NÃO"),"NÃO") -> NÃO | V9: =IF(AND(V$5>=$M9,V$5<=$N9),IF($F9="SEM REAJUSTE",$D9,"NÃO"),"NÃO") -> NÃO | W9: =IF(AND(W$5>=$M9,W$5<=$N9),IF($F9="SEM REAJUSTE",$D9,"NÃO"),"NÃO") -> NÃO | X9: =IF(AND(X$5>=$M9,X$5<=$N9),IF($F9="SEM REAJUSTE",$D9,"NÃO"),"NÃO") -> NÃO | ... BX9: =IF(AND(BX$5>=$M9,BX$5<=$N9),IF($F9="SEM REAJUSTE",$D9,"NÃO"),"NÃO") -> NÃO
C10: Pago portal web de licitaciones | D10: 100000 | E10: =E9 -> 0.1 | F10: Anual | G10: enero | H10: 1 año | I10: diciembre | J10: 3 años | M10: =IF(ISERROR(HLOOKUP(G10&H10,$Q$4:$BX$5,2,FALSE)),"",HLOOKUP(G10&H10,$Q$4:$BX$5,2,FALSE)) -> 1 | N10: =IF(ISERROR(HLOOKUP(I10&J10,$Q$4:$BX$5,2,FALSE)),"",HLOOKUP(I10&J10,$Q$4:$BX$5,2,FALSE)) -> 36 | P10: 5 | Q10: =IF(AND(Q$5>=$M10,Q$5<=$N10),IF($F10="SEM REAJUSTE",$D10,"NÃO"),"NÃO") -> NÃO | R10: =IF(AND(R$5>=$M10,R$5<=$N10),IF($F10="SEM REAJUSTE",$D10,"NÃO"),"NÃO") -> NÃO | S10: =IF(AND(S$5>=$M10,S$5<=$N10),IF($F10="SEM REAJUSTE",$D10,"NÃO"),"NÃO") -> NÃO | T10: =IF(AND(T$5>=$M10,T$5<=$N10),IF($F10="SEM REAJUSTE",$D10,"NÃO"),"NÃO") -> NÃO | U10: =IF(AND(U$5>=$M10,U$5<=$N10),IF($F10="SEM REAJUSTE",$D10,"NÃO"),"NÃO") -> NÃO | V10: =IF(AND(V$5>=$M10,V$5<=$N10),IF($F10="SEM REAJUSTE",$D10,"NÃO"),"NÃO") -> NÃO | W10: =IF(AND(W$5>=$M10,W$5<=$N10),IF($F10="SEM REAJUSTE",$D10,"NÃO"),"NÃO") -> NÃO | X10: =IF(AND(X$5>=$M10,X$5<=$N10),IF($F10="SEM REAJUSTE",$D10,"NÃO"),"NÃO") -> NÃO | ... BX10: =IF(AND(BX$5>=$M10,BX$5<=$N10),IF($F10="SEM REAJUSTE",$D10,"NÃO"),"NÃO") -> NÃO
C11: Pago Coordinador diseños - EA | D11: 1500000 | E11: =E10 -> 0.1 | F11: Anual | G11: enero | H11: 1 año | I11: diciembre | J11: 1 año | M11: =IF(ISERROR(HLOOKUP(G11&H11,$Q$4:$BX$5,2,FALSE)),"",HLOOKUP(G11&H11,$Q$4:$BX$5,2,FALSE)) -> 1 | N11: =IF(ISERROR(HLOOKUP(I11&J11,$Q$4:$BX$5,2,FALSE)),"",HLOOKUP(I11&J11,$Q$4:$BX$5,2,FALSE)) -> 12 | P11: 6 | Q11: =IF(AND(Q$5>=$M11,Q$5<=$N11),IF($F11="SEM REAJUSTE",$D11,"NÃO"),"NÃO") -> NÃO | R11: =IF(AND(R$5>=$M11,R$5<=$N11),IF($F11="SEM REAJUSTE",$D11,"NÃO"),"NÃO") -> NÃO | S11: =IF(AND(S$5>=$M11,S$5<=$N11),IF($F11="SEM REAJUSTE",$D11,"NÃO"),"NÃO") -> NÃO | T11: =IF(AND(T$5>=$M11,T$5<=$N11),IF($F11="SEM REAJUSTE",$D11,"NÃO"),"NÃO") -> NÃO | U11: =IF(AND(U$5>=$M11,U$5<=$N11),IF($F11="SEM REAJUSTE",$D11,"NÃO"),"NÃO") -> NÃO | V11: =IF(AND(V$5>=$M11,V$5<=$N11),IF($F11="SEM REAJUSTE",$D11,"NÃO"),"NÃO") -> NÃO | W11: =IF(AND(W$5>=$M11,W$5<=$N11),IF($F11="SEM REAJUSTE",$D11,"NÃO"),"NÃO") -> NÃO | X11: =IF(AND(X$5>=$M11,X$5<=$N11),IF($F11="SEM REAJUSTE",$D11,"NÃO"),"NÃO") -> NÃO | ... BX11: =IF(AND(BX$5>=$M11,BX$5<=$N11),IF($F11="SEM REAJUSTE",$D11,"NÃO"),"NÃO") -> NÃO
M12: =IF(ISERROR(HLOOKUP(G12&H12,$Q$4:$BX$5,2,FALSE)),"",HLOOKUP(G12&H12,$Q$4:$BX$5,2,FALSE)) | N12: =IF(ISERROR(HLOOKUP(I12&J12,$Q$4:$BX$5,2,FALSE)),"",HLOOKUP(I12&J12,$Q$4:$BX$5,2,FALSE)) | P12: 7 | Q12: =IF(AND(Q$5>=$M12,Q$5<=$N12),IF($F12="SEM REAJUSTE",$D12,"NÃO"),"NÃO") -> NÃO | R12: =IF(AND(R$5>=$M12,R$5<=$N12),IF($F12="SEM REAJUSTE",$D12,"NÃO"),"NÃO") -> NÃO | S12: =IF(AND(S$5>=$M12,S$5<=$N12),IF($F12="SEM REAJUSTE",$D12,"NÃO"),"NÃO") -> NÃO | T12: =IF(AND(T$5>=$M12,T$5<=$N12),IF($F12="SEM REAJUSTE",$D12,"NÃO"),"NÃO") -> NÃO | U12: =IF(AND(U$5>=$M12,U$5<=$N12),IF($F12="SEM REAJUSTE",$D12,"NÃO"),"NÃO") -> NÃO | V12: =IF(AND(V$5>=$M12,V$5<=$N12),IF($F12="SEM REAJUSTE",$D12,"NÃO"),"NÃO") -> NÃO | W12: =IF(AND(W$5>=$M12,W$5<=$N12),IF($F12="SEM REAJUSTE",$D12,"NÃO"),"NÃO") -> NÃO | X12: =IF(AND(X$5>=$M12,X$5<=$N12),IF($F12="SEM REAJUSTE",$D12,"NÃO"),"NÃO") -> NÃO | ... BX12: =IF(AND(BX$5>=$M12,BX$5<=$N12),IF($F12="SEM REAJUSTE",$D12,"NÃO"),"NÃO") -> NÃO
M13: =IF(ISERROR(HLOOKUP(G13&H13,$Q$4:$BX$5,2,FALSE)),"",HLOOKUP(G13&H13,$Q$4:$BX$5,2,FALSE)) | N13: =IF(ISERROR(HLOOKUP(I13&J13,$Q$4:$BX$5,2,FALSE)),"",HLOOKUP(I13&J13,$Q$4:$BX$5,2,FALSE)) | P13: 8 | Q13: =IF(AND(Q$5>=$M13,Q$5<=$N13),IF($F13="SEM REAJUSTE",$D13,"NÃO"),"NÃO") -> NÃO | R13: =IF(AND(R$5>=$M13,R$5<=$N13),IF($F13="SEM REAJUSTE",$D13,"NÃO"),"NÃO") -> NÃO | S13: =IF(AND(S$5>=$M13,S$5<=$N13),IF($F13="SEM REAJUSTE",$D13,"NÃO"),"NÃO") -> NÃO | T13: =IF(AND(T$5>=$M13,T$5<=$N13),IF($F13="SEM REAJUSTE",$D13,"NÃO"),"NÃO") -> NÃO | U13: =IF(AND(U$5>=$M13,U$5<=$N13),IF($F13="SEM REAJUSTE",$D13,"NÃO"),"NÃO") -> NÃO | V13: =IF(AND(V$5>=$M13,V$5<=$N13),IF($F13="SEM REAJUSTE",$D13,"NÃO"),"NÃO") -> NÃO | W13: =IF(AND(W$5>=$M13,W$5<=$N13),IF($F13="SEM REAJUSTE",$D13,"NÃO"),"NÃO") -> NÃO | X13: =IF(AND(X$5>=$M13,X$5<=$N13),IF($F13="SEM REAJUSTE",$D13,"NÃO"),"NÃO") -> NÃO | ... BX13: =IF(AND(BX$5>=$M13,BX$5<=$N13),IF($F13="SEM REAJUSTE",$D13,"NÃO"),"NÃO") -> NÃO
M14: =IF(ISERROR(HLOOKUP(G14&H14,$Q$4:$BX$5,2,FALSE)),"",HLOOKUP(G14&H14,$Q$4:$BX$5,2,FALSE)) | N14: =IF(ISERROR(HLOOKUP(I14&J14,$Q$4:$BX$5,2,FALSE)),"",HLOOKUP(I14&J14,$Q$4:$BX$5,2,FALSE)) | P14: 9 | Q14: =IF(AND(Q$5>=$M14,Q$5<=$N14),IF($F14="SEM REAJUSTE",$D14,"NÃO"),"NÃO") -> NÃO | R14: =IF(AND(R$5>=$M14,R$5<=$N14),IF($F14="SEM REAJUSTE",$D14,"NÃO"),"NÃO") -> NÃO | S14: =IF(AND(S$5>=$M14,S$5<=$N14),IF($F14="SEM REAJUSTE",$D14,"NÃO"),"NÃO") -> NÃO | T14: =IF(AND(T$5>=$M14,T$5<=$N14),IF($F14="SEM REAJUSTE",$D14,"NÃO"),"NÃO") -> NÃO | U14: =IF(AND(U$5>=$M14,U$5<=$N14),IF($F14="SEM REAJUSTE",$D14,"NÃO"),"NÃO") -> NÃO | V14: =IF(AND(V$5>=$M14,V$5<=$N14),IF($F14="SEM REAJUSTE",$D14,"NÃO"),"NÃO") -> NÃO | W14: =IF(AND(W$5>=$M14,W$5<=$N14),IF($F14="SEM REAJUSTE",$D14,"NÃO"),"NÃO") -> NÃO | X14: =IF(AND(X$5>=$M14,X$5<=$N14),IF($F14="SEM REAJUSTE",$D14,"NÃO"),"NÃO") -> NÃO | ... BX14: =IF(AND(BX$5>=$M14,BX$5<=$N14),IF($F14="SEM REAJUSTE",$D14,"NÃO"),"NÃO") -> NÃO
M15: =IF(ISERROR(HLOOKUP(G15&H15,$Q$4:$BX$5,2,FALSE)),"",HLOOKUP(G15&H15,$Q$4:$BX$5,2,FALSE)) | N15: =IF(ISERROR(HLOOKUP(I15&J15,$Q$4:$BX$5,2,FALSE)),"",HLOOKUP(I15&J15,$Q$4:$BX$5,2,FALSE)) | P15: 10 | Q15: =IF(AND(Q$5>=$M15,Q$5<=$N15),IF($F15="SEM REAJUSTE",$D15,"NÃO"),"NÃO") -> NÃO | R15: =IF(AND(R$5>=$M15,R$5<=$N15),IF($F15="SEM REAJUSTE",$D15,"NÃO"),"NÃO") -> NÃO | S15: =IF(AND(S$5>=$M15,S$5<=$N15),IF($F15="SEM REAJUSTE",$D15,"NÃO"),"NÃO") -> NÃO | T15: =IF(AND(T$5>=$M15,T$5<=$N15),IF($F15="SEM REAJUSTE",$D15,"NÃO"),"NÃO") -> NÃO | U15: =IF(AND(U$5>=$M15,U$5<=$N15),IF($F15="SEM REAJUSTE",$D15,"NÃO"),"NÃO") -> NÃO | V15: =IF(AND(V$5>=$M15,V$5<=$N15),IF($F15="SEM REAJUSTE",$D15,"NÃO"),"NÃO") -> NÃO | W15: =IF(AND(W$5>=$M15,W$5<=$N15),IF($F15="SEM REAJUSTE",$D15,"NÃO"),"NÃO") -> NÃO | X15: =IF(AND(X$5>=$M15,X$5<=$N15),IF($F15="SEM REAJUSTE",$D15,"NÃO"),"NÃO") -> NÃO | ... BX15: =IF(AND(BX$5>=$M15,BX$5<=$N15),IF($F15="SEM REAJUSTE",$D15,"NÃO"),"NÃO") -> NÃO
M16: =IF(ISERROR(HLOOKUP(G16&H16,$Q$4:$BX$5,2,FALSE)),"",HLOOKUP(G16&H16,$Q$4:$BX$5,2,FALSE)) | N16: =IF(ISERROR(HLOOKUP(I16&J16,$Q$4:$BX$5,2,FALSE)),"",HLOOKUP(I16&J16,$Q$4:$BX$5,2,FALSE)) | P16: 11 | Q16: =IF(AND(Q$5>=$M16,Q$5<=$N16),IF($F16="SEM REAJUSTE",$D16,"NÃO"),"NÃO") -> NÃO | R16: =IF(AND(R$5>=$M16,R$5<=$N16),IF($F16="SEM REAJUSTE",$D16,"NÃO"),"NÃO") -> NÃO | S16: =IF(AND(S$5>=$M16,S$5<=$N16),IF($F16="SEM REAJUSTE",$D16,"NÃO"),"NÃO") -> NÃO | T16: =IF(AND(T$5>=$M16,T$5<=$N16),IF($F16="SEM REAJUSTE",$D16,"NÃO"),"NÃO") -> NÃO | U16: =IF(AND(U$5>=$M16,U$5<=$N16),IF($F16="SEM REAJUSTE",$D16,"NÃO"),"NÃO") -> NÃO | V16: =IF(AND(V$5>=$M16,V$5<=$N16),IF($F16="SEM REAJUSTE",$D16,"NÃO"),"NÃO") -> NÃO | W16: =IF(AND(W$5>=$M16,W$5<=$N16),IF($F16="SEM REAJUSTE",$D16,"NÃO"),"NÃO") -> NÃO | X16: =IF(AND(X$5>=$M16,X$5<=$N16),IF($F16="SEM REAJUSTE",$D16,"NÃO"),"NÃO") -> NÃO | ... BX16: =IF(AND(BX$5>=$M16,BX$5<=$N16),IF($F16="SEM REAJUSTE",$D16,"NÃO"),"NÃO") -> NÃO
M17: =IF(ISERROR(HLOOKUP(G17&H17,$Q$4:$BX$5,2,FALSE)),"",HLOOKUP(G17&H17,$Q$4:$BX$5,2,FALSE)) | N17: =IF(ISERROR(HLOOKUP(I17&J17,$Q$4:$BX$5,2,FALSE)),"",HLOOKUP(I17&J17,$Q$4:$BX$5,2,FALSE)) | P17: 12 | Q17: =IF(AND(Q$5>=$M17,Q$5<=$N17),IF($F17="SEM REAJUSTE",$D17,"NÃO"),"NÃO") -> NÃO | R17: =IF(AND(R$5>=$M17,R$5<=$N17),IF($F17="SEM REAJUSTE",$D17,"NÃO"),"NÃO") -> NÃO | S17: =IF(AND(S$5>=$M17,S$5<=$N17),IF($F17="SEM REAJUSTE",$D17,"NÃO"),"NÃO") -> NÃO | T17: =IF(AND(T$5>=$M17,T$5<=$N17),IF($F17="SEM REAJUSTE",$D17,"NÃO"),"NÃO") -> NÃO | U17: =IF(AND(U$5>=$M17,U$5<=$N17),IF($F17="SEM REAJUSTE",$D17,"NÃO"),"NÃO") -> NÃO | V17: =IF(AND(V$5>=$M17,V$5<=$N17),IF($F17="SEM REAJUSTE",$D17,"NÃO"),"NÃO") -> NÃO | W17: =IF(AND(W$5>=$M17,W$5<=$N17),IF($F17="SEM REAJUSTE",$D17,"NÃO"),"NÃO") -> NÃO | X17: =IF(AND(X$5>=$M17,X$5<=$N17),IF($F17="SEM REAJUSTE",$D17,"NÃO"),"NÃO") -> NÃO | ... BX17: =IF(AND(BX$5>=$M17,BX$5<=$N17),IF($F17="SEM REAJUSTE",$D17,"NÃO"),"NÃO") -> NÃO
M18: =IF(ISERROR(HLOOKUP(G18&H18,$Q$4:$BX$5,2,FALSE)),"",HLOOKUP(G18&H18,$Q$4:$BX$5,2,FALSE)) | N18: =IF(ISERROR(HLOOKUP(I18&J18,$Q$4:$BX$5,2,FALSE)),"",HLOOKUP(I18&J18,$Q$4:$BX$5,2,FALSE)) | P18: 13 | Q18: =IF(AND(Q$5>=$M18,Q$5<=$N18),IF($F18="SEM REAJUSTE",$D18,"NÃO"),"NÃO") -> NÃO | R18: =IF(AND(R$5>=$M18,R$5<=$N18),IF($F18="SEM REAJUSTE",$D18,"NÃO"),"NÃO") -> NÃO | S18: =IF(AND(S$5>=$M18,S$5<=$N18),IF($F18="SEM REAJUSTE",$D18,"NÃO"),"NÃO") -> NÃO | T18: =IF(AND(T$5>=$M18,T$5<=$N18),IF($F18="SEM REAJUSTE",$D18,"NÃO"),"NÃO") -> NÃO | U18: =IF(AND(U$5>=$M18,U$5<=$N18),IF($F18="SEM REAJUSTE",$D18,"NÃO"),"NÃO") -> NÃO | V18: =IF(AND(V$5>=$M18,V$5<=$N18),IF($F18="SEM REAJUSTE",$D18,"NÃO"),"NÃO") -> NÃO | W18: =IF(AND(W$5>=$M18,W$5<=$N18),IF($F18="SEM REAJUSTE",$D18,"NÃO"),"NÃO") -> NÃO | X18: =IF(AND(X$5>=$M18,X$5<=$N18),IF($F18="SEM REAJUSTE",$D18,"NÃO"),"NÃO") -> NÃO | ... BX18: =IF(AND(BX$5>=$M18,BX$5<=$N18),IF($F18="SEM REAJUSTE",$D18,"NÃO"),"NÃO") -> NÃO
M19: =IF(ISERROR(HLOOKUP(G19&H19,$Q$4:$BX$5,2,FALSE)),"",HLOOKUP(G19&H19,$Q$4:$BX$5,2,FALSE)) | N19: =IF(ISERROR(HLOOKUP(I19&J19,$Q$4:$BX$5,2,FALSE)),"",HLOOKUP(I19&J19,$Q$4:$BX$5,2,FALSE)) | P19: 14 | Q19: =IF(AND(Q$5>=$M19,Q$5<=$N19),IF($F19="SEM REAJUSTE",$D19,"NÃO"),"NÃO") -> NÃO | R19: =IF(AND(R$5>=$M19,R$5<=$N19),IF($F19="SEM REAJUSTE",$D19,"NÃO"),"NÃO") -> NÃO | S19: =IF(AND(S$5>=$M19,S$5<=$N19),IF($F19="SEM REAJUSTE",$D19,"NÃO"),"NÃO") -> NÃO | T19: =IF(AND(T$5>=$M19,T$5<=$N19),IF($F19="SEM REAJUSTE",$D19,"NÃO"),"NÃO") -> NÃO | U19: =IF(AND(U$5>=$M19,U$5<=$N19),IF($F19="SEM REAJUSTE",$D19,"NÃO"),"NÃO") -> NÃO | V19: =IF(AND(V$5>=$M19,V$5<=$N19),IF($F19="SEM REAJUSTE",$D19,"NÃO"),"NÃO") -> NÃO | W19: =IF(AND(W$5>=$M19,W$5<=$N19),IF($F19="SEM REAJUSTE",$D19,"NÃO"),"NÃO") -> NÃO | X19: =IF(AND(X$5>=$M19,X$5<=$N19),IF($F19="SEM REAJUSTE",$D19,"NÃO"),"NÃO") -> NÃO | ... BX19: =IF(AND(BX$5>=$M19,BX$5<=$N19),IF($F19="SEM REAJUSTE",$D19,"NÃO"),"NÃO") -> NÃO
M20: =IF(ISERROR(HLOOKUP(G20&H20,$Q$4:$BX$5,2,FALSE)),"",HLOOKUP(G20&H20,$Q$4:$BX$5,2,FALSE)) | N20: =IF(ISERROR(HLOOKUP(I20&J20,$Q$4:$BX$5,2,FALSE)),"",HLOOKUP(I20&J20,$Q$4:$BX$5,2,FALSE)) | P20: 15 | Q20: =IF(AND(Q$5>=$M20,Q$5<=$N20),IF($F20="SEM REAJUSTE",$D20,"NÃO"),"NÃO") -> NÃO | R20: =IF(AND(R$5>=$M20,R$5<=$N20),IF($F20="SEM REAJUSTE",$D20,"NÃO"),"NÃO") -> NÃO | S20: =IF(AND(S$5>=$M20,S$5<=$N20),IF($F20="SEM REAJUSTE",$D20,"NÃO"),"NÃO") -> NÃO | T20: =IF(AND(T$5>=$M20,T$5<=$N20),IF($F20="SEM REAJUSTE",$D20,"NÃO"),"NÃO") -> NÃO | U20: =IF(AND(U$5>=$M20,U$5<=$N20),IF($F20="SEM REAJUSTE",$D20,"NÃO"),"NÃO") -> NÃO | V20: =IF(AND(V$5>=$M20,V$5<=$N20),IF($F20="SEM REAJUSTE",$D20,"NÃO"),"NÃO") -> NÃO | W20: =IF(AND(W$5>=$M20,W$5<=$N20),IF($F20="SEM REAJUSTE",$D20,"NÃO"),"NÃO") -> NÃO | X20: =IF(AND(X$5>=$M20,X$5<=$N20),IF($F20="SEM REAJUSTE",$D20,"NÃO"),"NÃO") -> NÃO | ... BX20: =IF(AND(BX$5>=$M20,BX$5<=$N20),IF($F20="SEM REAJUSTE",$D20,"NÃO"),"NÃO") -> NÃO
M21: =IF(ISERROR(HLOOKUP(G21&H21,$Q$4:$BX$5,2,FALSE)),"",HLOOKUP(G21&H21,$Q$4:$BX$5,2,FALSE)) | N21: =IF(ISERROR(HLOOKUP(I21&J21,$Q$4:$BX$5,2,FALSE)),"",HLOOKUP(I21&J21,$Q$4:$BX$5,2,FALSE)) | P21: 16 | Q21: =IF(AND(Q$5>=$M21,Q$5<=$N21),IF($F21="SEM REAJUSTE",$D21,"NÃO"),"NÃO") -> NÃO | R21: =IF(AND(R$5>=$M21,R$5<=$N21),IF($F21="SEM REAJUSTE",$D21,"NÃO"),"NÃO") -> NÃO | S21: =IF(AND(S$5>=$M21,S$5<=$N21),IF($F21="SEM REAJUSTE",$D21,"NÃO"),"NÃO") -> NÃO | T21: =IF(AND(T$5>=$M21,T$5<=$N21),IF($F21="SEM REAJUSTE",$D21,"NÃO"),"NÃO") -> NÃO | U21: =IF(AND(U$5>=$M21,U$5<=$N21),IF($F21="SEM REAJUSTE",$D21,"NÃO"),"NÃO") -> NÃO | V21: =IF(AND(V$5>=$M21,V$5<=$N21),IF($F21="SEM REAJUSTE",$D21,"NÃO"),"NÃO") -> NÃO | W21: =IF(AND(W$5>=$M21,W$5<=$N21),IF($F21="SEM REAJUSTE",$D21,"NÃO"),"NÃO") -> NÃO | X21: =IF(AND(X$5>=$M21,X$5<=$N21),IF($F21="SEM REAJUSTE",$D21,"NÃO"),"NÃO") -> NÃO | ... BX21: =IF(AND(BX$5>=$M21,BX$5<=$N21),IF($F21="SEM REAJUSTE",$D21,"NÃO"),"NÃO") -> NÃO
M22: =IF(ISERROR(HLOOKUP(G22&H22,$Q$4:$BX$5,2,FALSE)),"",HLOOKUP(G22&H22,$Q$4:$BX$5,2,FALSE)) | N22: =IF(ISERROR(HLOOKUP(I22&J22,$Q$4:$BX$5,2,FALSE)),"",HLOOKUP(I22&J22,$Q$4:$BX$5,2,FALSE)) | P22: 17 | Q22: =IF(AND(Q$5>=$M22,Q$5<=$N22),IF($F22="SEM REAJUSTE",$D22,"NÃO"),"NÃO") -> NÃO | R22: =IF(AND(R$5>=$M22,R$5<=$N22),IF($F22="SEM REAJUSTE",$D22,"NÃO"),"NÃO") -> NÃO | S22: =IF(AND(S$5>=$M22,S$5<=$N22),IF($F22="SEM REAJUSTE",$D22,"NÃO"),"NÃO") -> NÃO | T22: =IF(AND(T$5>=$M22,T$5<=$N22),IF($F22="SEM REAJUSTE",$D22,"NÃO"),"NÃO") -> NÃO | U22: =IF(AND(U$5>=$M22,U$5<=$N22),IF($F22="SEM REAJUSTE",$D22,"NÃO"),"NÃO") -> NÃO | V22: =IF(AND(V$5>=$M22,V$5<=$N22),IF($F22="SEM REAJUSTE",$D22,"NÃO"),"NÃO") -> NÃO | W22: =IF(AND(W$5>=$M22,W$5<=$N22),IF($F22="SEM REAJUSTE",$D22,"NÃO"),"NÃO") -> NÃO | X22: =IF(AND(X$5>=$M22,X$5<=$N22),IF($F22="SEM REAJUSTE",$D22,"NÃO"),"NÃO") -> NÃO | ... BX22: =IF(AND(BX$5>=$M22,BX$5<=$N22),IF($F22="SEM REAJUSTE",$D22,"NÃO"),"NÃO") -> NÃO
M23: =IF(ISERROR(HLOOKUP(G23&H23,$Q$4:$BX$5,2,FALSE)),"",HLOOKUP(G23&H23,$Q$4:$BX$5,2,FALSE)) | N23: =IF(ISERROR(HLOOKUP(I23&J23,$Q$4:$BX$5,2,FALSE)),"",HLOOKUP(I23&J23,$Q$4:$BX$5,2,FALSE)) | P23: 18 | Q23: =IF(AND(Q$5>=$M23,Q$5<=$N23),IF($F23="SEM REAJUSTE",$D23,"NÃO"),"NÃO") -> NÃO | R23: =IF(AND(R$5>=$M23,R$5<=$N23),IF($F23="SEM REAJUSTE",$D23,"NÃO"),"NÃO") -> NÃO | S23: =IF(AND(S$5>=$M23,S$5<=$N23),IF($F23="SEM REAJUSTE",$D23,"NÃO"),"NÃO") -> NÃO | T23: =IF(AND(T$5>=$M23,T$5<=$N23),IF($F23="SEM REAJUSTE",$D23,"NÃO"),"NÃO") -> NÃO | U23: =IF(AND(U$5>=$M23,U$5<=$N23),IF($F23="SEM REAJUSTE",$D23,"NÃO"),"NÃO") -> NÃO | V23: =IF(AND(V$5>=$M23,V$5<=$N23),IF($F23="SEM REAJUSTE",$D23,"NÃO"),"NÃO") -> NÃO | W23: =IF(AND(W$5>=$M23,W$5<=$N23),IF($F23="SEM REAJUSTE",$D23,"NÃO"),"NÃO") -> NÃO | X23: =IF(AND(X$5>=$M23,X$5<=$N23),IF($F23="SEM REAJUSTE",$D23,"NÃO"),"NÃO") -> NÃO | ... BX23: =IF(AND(BX$5>=$M23,BX$5<=$N23),IF($F23="SEM REAJUSTE",$D23,"NÃO"),"NÃO") -> NÃO
... M35: =IF(ISERROR(HLOOKUP(G35&H35,$Q$4:$BX$5,2,FALSE)),"",HLOOKUP(G35&H35,$Q$4:$BX$5,2,FALSE)) | N35: =IF(ISERROR(HLOOKUP(I35&J35,$Q$4:$BX$5,2,FALSE)),"",HLOOKUP(I35&J35,$Q$4:$BX$5,2,FALSE)) | P35: 30 | Q35: =IF(AND(Q$5>=$M35,Q$5<=$N35),IF($F35="SEM REAJUSTE",$D35,"NÃO"),"NÃO") -> NÃO | R35: =IF(AND(R$5>=$M35,R$5<=$N35),IF($F35="SEM REAJUSTE",$D35,"NÃO"),"NÃO") -> NÃO | S35: =IF(AND(S$5>=$M35,S$5<=$N35),IF($F35="SEM REAJUSTE",$D35,"NÃO"),"NÃO") -> NÃO | T35: =IF(AND(T$5>=$M35,T$5<=$N35),IF($F35="SEM REAJUSTE",$D35,"NÃO"),"NÃO") -> NÃO | U35: =IF(AND(U$5>=$M35,U$5<=$N35),IF($F35="SEM REAJUSTE",$D35,"NÃO"),"NÃO") -> NÃO | V35: =IF(AND(V$5>=$M35,V$5<=$N35),IF($F35="SEM REAJUSTE",$D35,"NÃO"),"NÃO") -> NÃO | W35: =IF(AND(W$5>=$M35,W$5<=$N35),IF($F35="SEM REAJUSTE",$D35,"NÃO"),"NÃO") -> NÃO | X35: =IF(AND(X$5>=$M35,X$5<=$N35),IF($F35="SEM REAJUSTE",$D35,"NÃO"),"NÃO") -> NÃO | ... BX35: =IF(AND(BX$5>=$M35,BX$5<=$N35),IF($F35="SEM REAJUSTE",$D35,"NÃO"),"NÃO") -> NÃO
Q36: la | R36: la | S36: la | T36: la | U36: la | V36: la | W36: la | X36: la | Y36: la | Z36: la | AA36: la | AB36: la | AC36: la | AD36: la | AE36: la | AF36: la | AG36: la | AH36: la | AI36: la | AJ36: la | AK36: la | AL36: la | AM36: la | AN36: la | AO36: la | AP36: la | AQ36: la | AR36: la | AS36: la | AT36: la | AU36: la | AV36: la | AW36: la | AX36: la | AY36: la | AZ36: la | BA36: la | BB36: la | BC36: la | BD36: la | BE36: la | BF36: la | BG36: la | BH36: la | BI36: la | BJ36: la | BK36: la | BL36: la | BM36: la | BN36: la | BO36: la | BP36: la | BQ36: la | BR36: la | BS36: la | BT36: la | BU36: la | BV36: la | BW36: la | BX36: la | CB36: JAN2017 | CC36: FEV2017 | CD36: MAR2017 | CE36: ABR2017 | CF36: MAI2017 | CG36: JUN2017 | CH36: JUL2017 | CI36: AGO2017 | CJ36: SET2017 | CK36: OUT2017 | CL36: NOV2017 | CM36: DEZ2017 | CN36: JAN2018 | CO36: FEV2018 | CP36: MAR2018 | CQ36: ABR2018 | CR36: MAI2018 | CS36: JUN2018 | CT36: JUL2018 | CU36: AGO2018 | CV36: SET2018 | CW36: OUT2018 | CX36: NOV2018 | CY36: DEZ2018 | CZ36: JAN2019 | DA36: FEV2019 | DB36: MAR2019 | DC36: ABR2019 | DD36: MAI2019 | DE36: JUN2019 | DF36: JUL2019 | DG36: AGO2019 | DH36: SET2019 | DI36: OUT2019 | DJ36: NOV2019 | DK36: DEZ2019 | DL36: JAN2020 | DM36: FEV2020 | DN36: MAR2020 | DO36: ABR2020 | DP36: MAI2020 | DQ36: JUN2020 | DR36: JUL2020 | DS36: AGO2020 | DT36: SET2020 | DU36: OUT2020 | DV36: NOV2020 | DW36: DEZ2020 | DX36: JAN2021 | DY36: FEV2021 | DZ36: MAR2021 | EA36: ABR2021 | EB36: MAI2021 | EC36: JUN2021 | ED36: JUL2021 | EE36: AGO2021 | EF36: SET2021 | EG36: OUT2021 | EH36: NOV2021 | EI36: DEZ2021
P37: mensual | Q37: 1 | R37: 2 | S37: 3 | T37: 4 | U37: 5 | V37: 6 | W37: 7 | X37: 8 | Y37: 9 | Z37: 10 | AA37: 11 | AB37: 12 | AC37: 13 | AD37: 14 | AE37: 15 | AF37: 16 | AG37: 17 | AH37: 18 | AI37: 19 | AJ37: 20 | AK37: 21 | AL37: 22 | AM37: 23 | AN37: 24 | AO37: 25 | AP37: 26 | AQ37: 27 | AR37: 28 | AS37: 29 | AT37: 30 | AU37: 31 | AV37: 32 | AW37: 33 | AX37: 34 | AY37: 35 | AZ37: 36 | BA37: 37 | BB37: 38 | BC37: 39 | BD37: 40 | BE37: 41 | BF37: 42 | BG37: 43 | BH37: 44 | BI37: 45 | BJ37: 46 | BK37: 47 | BL37: 48 | BM37: 49 | BN37: 50 | BO37: 51 | BP37: 52 | BQ37: 53 | BR37: 54 | BS37: 55 | BT37: 56 | BU37: 57 | BV37: 58 | BW37: 59 | BX37: 60 | BZ37: reajuste | CA37: mensual | CB37: 1 | CC37: 2 | CD37: 3 | CE37: 4 | CF37: 5 | CG37: 6 | CH37: 7 | CI37: 8 | CJ37: 9 | CK37: 10 | CL37: 11 | CM37: 12 | CN37: 13 | CO37: 14 | CP37: 15 | CQ37: 16 | CR37: 17 | CS37: 18 | CT37: 19 | CU37: 20 | CV37: 21 | CW37: 22 | CX37: 23 | CY37: 24 | CZ37: 25 | DA37: 26 | DB37: 27 | DC37: 28 | DD37: 29 | DE37: 30 | DF37: 31 | DG37: 32 | DH37: 33 | DI37: 34 | DJ37: 35 | DK37: 36 | DL37: 37 | DM37: 38 | DN37: 39 | DO37: 40 | DP37: 41 | DQ37: 42 | DR37: 43 | DS37: 44 | DT37: 45 | DU37: 46 | DV37: 47 | DW37: 48 | DX37: 49 | DY37: 50 | DZ37: 51 | EA37: 52 | EB37: 53 | EC37: 54 | ED37: 55 | EE37: 56 | EF37: 57 | EG37: 58 | EH37: 59 | EI37: 60
P38: 1 | Q38: =IF(AND(Q$5>=$M6,Q$5<=$N6),IF($F6="MENSAL",$D6,"NÃO"),"NÃO") -> NÃO | R38: =IF(AND(R$5>=$M6,R$5<=$N6),IF($F6="MENSAL",IF(Q38="NÃO",$D6,(Q38*$E6)+Q38),"NÃO"),"NÃO") -> NÃO | S38: =IF(AND(S$5>=$M6,S$5<=$N6),IF($F6="MENSAL",IF(R38="NÃO",$D6,(R38*$E6)+R38),"NÃO"),"NÃO") -> NÃO | T38: =IF(AND(T$5>=$M6,T$5<=$N6),IF($F6="MENSAL",IF(S38="NÃO",$D6,(S38*$E6)+S38),"NÃO"),"NÃO") -> NÃO | U38: =IF(AND(U$5>=$M6,U$5<=$N6),IF($F6="MENSAL",IF(T38="NÃO",$D6,(T38*$E6)+T38),"NÃO"),"NÃO") -> NÃO | V38: =IF(AND(V$5>=$M6,V$5<=$N6),IF($F6="MENSAL",IF(U38="NÃO",$D6,(U38*$E6)+U38),"NÃO"),"NÃO") -> NÃO | W38: =IF(AND(W$5>=$M6,W$5<=$N6),IF($F6="MENSAL",IF(V38="NÃO",$D6,(V38*$E6)+V38),"NÃO"),"NÃO") -> NÃO | X38: =IF(AND(X$5>=$M6,X$5<=$N6),IF($F6="MENSAL",IF(W38="NÃO",$D6,(W38*$E6)+W38),"NÃO"),"NÃO") -> NÃO | Y38: =IF(AND(Y$5>=$M6,Y$5<=$N6),IF($F6="MENSAL",IF(X38="NÃO",$D6,(X38*$E6)+X38),"NÃO"),"NÃO") -> NÃO | ... BX38: =IF(AND(BX$5>=$M6,BX$5<=$N6),IF($F6="MENSAL",IF(BW38="NÃO",$D6,(BW38*$E6)+BW38),"NÃO"),"NÃO") -> NÃO | CA38: 1 | CB38: =Q38 -> NÃO | CC38: =IF(R38="Não",R38,IF(AND(CB38="Não",R38<>"Não"),R38,CB38*(1+$E6))) -> NÃO | CD38: =IF(S38="Não",S38,IF(AND(CC38="Não",S38<>"Não"),S38,CC38*(1+$E6))) -> NÃO | CE38: =IF(T38="Não",T38,IF(AND(CD38="Não",T38<>"Não"),T38,CD38*(1+$E6))) -> NÃO | CF38: =IF(U38="Não",U38,IF(AND(CE38="Não",U38<>"Não"),U38,CE38*(1+$E6))) -> NÃO | CG38: =IF(V38="Não",V38,IF(AND(CF38="Não",V38<>"Não"),V38,CF38*(1+$E6))) -> NÃO | CH38: =IF(W38="Não",W38,IF(AND(CG38="Não",W38<>"Não"),W38,CG38*(1+$E6))) -> NÃO | CI38: =IF(X38="Não",X38,IF(AND(CH38="Não",X38<>"Não"),X38,CH38*(1+$E6))) -> NÃO | CJ38: =IF(Y38="Não",Y38,IF(AND(CI38="Não",Y38<>"Não"),Y38,CI38*(1+$E6))) -> NÃO | ... EI38: =IF(BX38="Não",BX38,IF(AND(EH38="Não",BX38<>"Não"),BX38,EH38*(1+$E6))) -> NÃO
P39: 2 | Q39: =IF(AND(Q$5>=$M7,Q$5<=$N7),IF($F7="MENSAL",$D7,"NÃO"),"NÃO") -> NÃO | R39: =IF(AND(R$5>=$M7,R$5<=$N7),IF($F7="MENSAL",IF(Q39="NÃO",$D7,(Q39*$E7)+Q39),"NÃO"),"NÃO") -> NÃO | S39: =IF(AND(S$5>=$M7,S$5<=$N7),IF($F7="MENSAL",IF(R39="NÃO",$D7,(R39*$E7)+R39),"NÃO"),"NÃO") -> NÃO | T39: =IF(AND(T$5>=$M7,T$5<=$N7),IF($F7="MENSAL",IF(S39="NÃO",$D7,(S39*$E7)+S39),"NÃO"),"NÃO") -> NÃO | U39: =IF(AND(U$5>=$M7,U$5<=$N7),IF($F7="MENSAL",IF(T39="NÃO",$D7,(T39*$E7)+T39),"NÃO"),"NÃO") -> NÃO | V39: =IF(AND(V$5>=$M7,V$5<=$N7),IF($F7="MENSAL",IF(U39="NÃO",$D7,(U39*$E7)+U39),"NÃO"),"NÃO") -> NÃO | W39: =IF(AND(W$5>=$M7,W$5<=$N7),IF($F7="MENSAL",IF(V39="NÃO",$D7,(V39*$E7)+V39),"NÃO"),"NÃO") -> NÃO | X39: =IF(AND(X$5>=$M7,X$5<=$N7),IF($F7="MENSAL",IF(W39="NÃO",$D7,(W39*$E7)+W39),"NÃO"),"NÃO") -> NÃO | Y39: =IF(AND(Y$5>=$M7,Y$5<=$N7),IF($F7="MENSAL",IF(X39="NÃO",$D7,(X39*$E7)+X39),"NÃO"),"NÃO") -> NÃO | ... BX39: =IF(AND(BX$5>=$M7,BX$5<=$N7),IF($F7="MENSAL",IF(BW39="NÃO",$D7,(BW39*$E7)+BW39),"NÃO"),"NÃO") -> NÃO | CA39: 2 | CB39: =Q39 -> NÃO | CC39: =IF(R39="Não",R39,IF(AND(CB39="Não",R39<>"Não"),R39,CB39*(1+$E7))) -> NÃO | CD39: =IF(S39="Não",S39,IF(AND(CC39="Não",S39<>"Não"),S39,CC39*(1+$E7))) -> NÃO | CE39: =IF(T39="Não",T39,IF(AND(CD39="Não",T39<>"Não"),T39,CD39*(1+$E7))) -> NÃO | CF39: =IF(U39="Não",U39,IF(AND(CE39="Não",U39<>"Não"),U39,CE39*(1+$E7))) -> NÃO | CG39: =IF(V39="Não",V39,IF(AND(CF39="Não",V39<>"Não"),V39,CF39*(1+$E7))) -> NÃO | CH39: =IF(W39="Não",W39,IF(AND(CG39="Não",W39<>"Não"),W39,CG39*(1+$E7))) -> NÃO | CI39: =IF(X39="Não",X39,IF(AND(CH39="Não",X39<>"Não"),X39,CH39*(1+$E7))) -> NÃO | CJ39: =IF(Y39="Não",Y39,IF(AND(CI39="Não",Y39<>"Não"),Y39,CI39*(1+$E7))) -> NÃO | ... EI39: =IF(BX39="Não",BX39,IF(AND(EH39="Não",BX39<>"Não"),BX39,EH39*(1+$E7))) -> NÃO
P40: 3 | Q40: =IF(AND(Q$5>=$M8,Q$5<=$N8),IF($F8="MENSAL",$D8,"NÃO"),"NÃO") -> NÃO | R40: =IF(AND(R$5>=$M8,R$5<=$N8),IF($F8="MENSAL",IF(Q40="NÃO",$D8,(Q40*$E8)+Q40),"NÃO"),"NÃO") -> NÃO | S40: =IF(AND(S$5>=$M8,S$5<=$N8),IF($F8="MENSAL",IF(R40="NÃO",$D8,(R40*$E8)+R40),"NÃO"),"NÃO") -> NÃO | T40: =IF(AND(T$5>=$M8,T$5<=$N8),IF($F8="MENSAL",IF(S40="NÃO",$D8,(S40*$E8)+S40),"NÃO"),"NÃO") -> NÃO | U40: =IF(AND(U$5>=$M8,U$5<=$N8),IF($F8="MENSAL",IF(T40="NÃO",$D8,(T40*$E8)+T40),"NÃO"),"NÃO") -> NÃO | V40: =IF(AND(V$5>=$M8,V$5<=$N8),IF($F8="MENSAL",IF(U40="NÃO",$D8,(U40*$E8)+U40),"NÃO"),"NÃO") -> NÃO | W40: =IF(AND(W$5>=$M8,W$5<=$N8),IF($F8="MENSAL",IF(V40="NÃO",$D8,(V40*$E8)+V40),"NÃO"),"NÃO") -> NÃO | X40: =IF(AND(X$5>=$M8,X$5<=$N8),IF($F8="MENSAL",IF(W40="NÃO",$D8,(W40*$E8)+W40),"NÃO"),"NÃO") -> NÃO | Y40: =IF(AND(Y$5>=$M8,Y$5<=$N8),IF($F8="MENSAL",IF(X40="NÃO",$D8,(X40*$E8)+X40),"NÃO"),"NÃO") -> NÃO | ... BX40: =IF(AND(BX$5>=$M8,BX$5<=$N8),IF($F8="MENSAL",IF(BW40="NÃO",$D8,(BW40*$E8)+BW40),"NÃO"),"NÃO") -> NÃO | CA40: 3 | CB40: =Q40 -> NÃO | CC40: =IF(R40="Não",R40,IF(AND(CB40="Não",R40<>"Não"),R40,CB40*(1+$E8))) -> NÃO | CD40: =IF(S40="Não",S40,IF(AND(CC40="Não",S40<>"Não"),S40,CC40*(1+$E8))) -> NÃO | CE40: =IF(T40="Não",T40,IF(AND(CD40="Não",T40<>"Não"),T40,CD40*(1+$E8))) -> NÃO | CF40: =IF(U40="Não",U40,IF(AND(CE40="Não",U40<>"Não"),U40,CE40*(1+$E8))) -> NÃO | CG40: =IF(V40="Não",V40,IF(AND(CF40="Não",V40<>"Não"),V40,CF40*(1+$E8))) -> NÃO | CH40: =IF(W40="Não",W40,IF(AND(CG40="Não",W40<>"Não"),W40,CG40*(1+$E8))) -> NÃO | CI40: =IF(X40="Não",X40,IF(AND(CH40="Não",X40<>"Não"),X40,CH40*(1+$E8))) -> NÃO | CJ40: =IF(Y40="Não",Y40,IF(AND(CI40="Não",Y40<>"Não"),Y40,CI40*(1+$E8))) -> NÃO | ... EI40: =IF(BX40="Não",BX40,IF(AND(EH40="Não",BX40<>"Não"),BX40,EH40*(1+$E8))) -> NÃO
P41: 4 | Q41: =IF(AND(Q$5>=$M9,Q$5<=$N9),IF($F9="MENSAL",$D9,"NÃO"),"NÃO") -> NÃO | R41: =IF(AND(R$5>=$M9,R$5<=$N9),IF($F9="MENSAL",IF(Q41="NÃO",$D9,(Q41*$E9)+Q41),"NÃO"),"NÃO") -> NÃO | S41: =IF(AND(S$5>=$M9,S$5<=$N9),IF($F9="MENSAL",IF(R41="NÃO",$D9,(R41*$E9)+R41),"NÃO"),"NÃO") -> NÃO | T41: =IF(AND(T$5>=$M9,T$5<=$N9),IF($F9="MENSAL",IF(S41="NÃO",$D9,(S41*$E9)+S41),"NÃO"),"NÃO") -> NÃO | U41: =IF(AND(U$5>=$M9,U$5<=$N9),IF($F9="MENSAL",IF(T41="NÃO",$D9,(T41*$E9)+T41),"NÃO"),"NÃO") -> NÃO | V41: =IF(AND(V$5>=$M9,V$5<=$N9),IF($F9="MENSAL",IF(U41="NÃO",$D9,(U41*$E9)+U41),"NÃO"),"NÃO") -> NÃO | W41: =IF(AND(W$5>=$M9,W$5<=$N9),IF($F9="MENSAL",IF(V41="NÃO",$D9,(V41*$E9)+V41),"NÃO"),"NÃO") -> NÃO | X41: =IF(AND(X$5>=$M9,X$5<=$N9),IF($F9="MENSAL",IF(W41="NÃO",$D9,(W41*$E9)+W41),"NÃO"),"NÃO") -> NÃO | Y41: =IF(AND(Y$5>=$M9,Y$5<=$N9),IF($F9="MENSAL",IF(X41="NÃO",$D9,(X41*$E9)+X41),"NÃO"),"NÃO") -> NÃO | ... BX41: =IF(AND(BX$5>=$M9,BX$5<=$N9),IF($F9="MENSAL",IF(BW41="NÃO",$D9,(BW41*$E9)+BW41),"NÃO"),"NÃO") -> NÃO | CA41: 4 | CB41: =Q41 -> NÃO | CC41: =IF(R41="Não",R41,IF(AND(CB41="Não",R41<>"Não"),R41,CB41*(1+$E9))) -> NÃO | CD41: =IF(S41="Não",S41,IF(AND(CC41="Não",S41<>"Não"),S41,CC41*(1+$E9))) -> NÃO | CE41: =IF(T41="Não",T41,IF(AND(CD41="Não",T41<>"Não"),T41,CD41*(1+$E9))) -> NÃO | CF41: =IF(U41="Não",U41,IF(AND(CE41="Não",U41<>"Não"),U41,CE41*(1+$E9))) -> NÃO | CG41: =IF(V41="Não",V41,IF(AND(CF41="Não",V41<>"Não"),V41,CF41*(1+$E9))) -> NÃO | CH41: =IF(W41="Não",W41,IF(AND(CG41="Não",W41<>"Não"),W41,CG41*(1+$E9))) -> NÃO | CI41: =IF(X41="Não",X41,IF(AND(CH41="Não",X41<>"Não"),X41,CH41*(1+$E9))) -> NÃO | CJ41: =IF(Y41="Não",Y41,IF(AND(CI41="Não",Y41<>"Não"),Y41,CI41*(1+$E9))) -> NÃO | ... EI41: =IF(BX41="Não",BX41,IF(AND(EH41="Não",BX41<>"Não"),BX41,EH41*(1+$E9))) -> NÃO
P42: 5 | Q42: =IF(AND(Q$5>=$M10,Q$5<=$N10),IF($F10="MENSAL",$D10,"NÃO"),"NÃO") -> NÃO | R42: =IF(AND(R$5>=$M10,R$5<=$N10),IF($F10="MENSAL",IF(Q42="NÃO",$D10,(Q42*$E10)+Q42),"NÃO"),"NÃO") -> NÃO | S42: =IF(AND(S$5>=$M10,S$5<=$N10),IF($F10="MENSAL",IF(R42="NÃO",$D10,(R42*$E10)+R42),"NÃO"),"NÃO") -> NÃO | T42: =IF(AND(T$5>=$M10,T$5<=$N10),IF($F10="MENSAL",IF(S42="NÃO",$D10,(S42*$E10)+S42),"NÃO"),"NÃO") -> NÃO | U42: =IF(AND(U$5>=$M10,U$5<=$N10),IF($F10="MENSAL",IF(T42="NÃO",$D10,(T42*$E10)+T42),"NÃO"),"NÃO") -> NÃO | V42: =IF(AND(V$5>=$M10,V$5<=$N10),IF($F10="MENSAL",IF(U42="NÃO",$D10,(U42*$E10)+U42),"NÃO"),"NÃO") -> NÃO | W42: =IF(AND(W$5>=$M10,W$5<=$N10),IF($F10="MENSAL",IF(V42="NÃO",$D10,(V42*$E10)+V42),"NÃO"),"NÃO") -> NÃO | X42: =IF(AND(X$5>=$M10,X$5<=$N10),IF($F10="MENSAL",IF(W42="NÃO",$D10,(W42*$E10)+W42),"NÃO"),"NÃO") -> NÃO | Y42: =IF(AND(Y$5>=$M10,Y$5<=$N10),IF($F10="MENSAL",IF(X42="NÃO",$D10,(X42*$E10)+X42),"NÃO"),"NÃO") -> NÃO | ... BX42: =IF(AND(BX$5>=$M10,BX$5<=$N10),IF($F10="MENSAL",IF(BW42="NÃO",$D10,(BW42*$E10)+BW42),"NÃO"),"NÃO") -> NÃO | CA42: 5 | CB42: =Q42 -> NÃO | CC42: =IF(R42="Não",R42,IF(AND(CB42="Não",R42<>"Não"),R42,CB42*(1+$E10))) -> NÃO | CD42: =IF(S42="Não",S42,IF(AND(CC42="Não",S42<>"Não"),S42,CC42*(1+$E10))) -> NÃO | CE42: =IF(T42="Não",T42,IF(AND(CD42="Não",T42<>"Não"),T42,CD42*(1+$E10))) -> NÃO | CF42: =IF(U42="Não",U42,IF(AND(CE42="Não",U42<>"Não"),U42,CE42*(1+$E10))) -> NÃO | CG42: =IF(V42="Não",V42,IF(AND(CF42="Não",V42<>"Não"),V42,CF42*(1+$E10))) -> NÃO | CH42: =IF(W42="Não",W42,IF(AND(CG42="Não",W42<>"Não"),W42,CG42*(1+$E10))) -> NÃO | CI42: =IF(X42="Não",X42,IF(AND(CH42="Não",X42<>"Não"),X42,CH42*(1+$E10))) -> NÃO | CJ42: =IF(Y42="Não",Y42,IF(AND(CI42="Não",Y42<>"Não"),Y42,CI42*(1+$E10))) -> NÃO | ... EI42: =IF(BX42="Não",BX42,IF(AND(EH42="Não",BX42<>"Não"),BX42,EH42*(1+$E10))) -> NÃO
P43: 6 | Q43: =IF(AND(Q$5>=$M11,Q$5<=$N11),IF($F11="MENSAL",$D11,"NÃO"),"NÃO") -> NÃO | R43: =IF(AND(R$5>=$M11,R$5<=$N11),IF($F11="MENSAL",IF(Q43="NÃO",$D11,(Q43*$E11)+Q43),"NÃO"),"NÃO") -> NÃO | S43: =IF(AND(S$5>=$M11,S$5<=$N11),IF($F11="MENSAL",IF(R43="NÃO",$D11,(R43*$E11)+R43),"NÃO"),"NÃO") -> NÃO | T43: =IF(AND(T$5>=$M11,T$5<=$N11),IF($F11="MENSAL",IF(S43="NÃO",$D11,(S43*$E11)+S43),"NÃO"),"NÃO") -> NÃO | U43: =IF(AND(U$5>=$M11,U$5<=$N11),IF($F11="MENSAL",IF(T43="NÃO",$D11,(T43*$E11)+T43),"NÃO"),"NÃO") -> NÃO | V43: =IF(AND(V$5>=$M11,V$5<=$N11),IF($F11="MENSAL",IF(U43="NÃO",$D11,(U43*$E11)+U43),"NÃO"),"NÃO") -> NÃO | W43: =IF(AND(W$5>=$M11,W$5<=$N11),IF($F11="MENSAL",IF(V43="NÃO",$D11,(V43*$E11)+V43),"NÃO"),"NÃO") -> NÃO | X43: =IF(AND(X$5>=$M11,X$5<=$N11),IF($F11="MENSAL",IF(W43="NÃO",$D11,(W43*$E11)+W43),"NÃO"),"NÃO") -> NÃO | Y43: =IF(AND(Y$5>=$M11,Y$5<=$N11),IF($F11="MENSAL",IF(X43="NÃO",$D11,(X43*$E11)+X43),"NÃO"),"NÃO") -> NÃO | ... BX43: =IF(AND(BX$5>=$M11,BX$5<=$N11),IF($F11="MENSAL",IF(BW43="NÃO",$D11,(BW43*$E11)+BW43),"NÃO"),"NÃO") -> NÃO | CA43: 6 | CB43: =Q43 -> NÃO | CC43: =IF(R43="Não",R43,IF(AND(CB43="Não",R43<>"Não"),R43,CB43*(1+$E11))) -> NÃO | CD43: =IF(S43="Não",S43,IF(AND(CC43="Não",S43<>"Não"),S43,CC43*(1+$E11))) -> NÃO | CE43: =IF(T43="Não",T43,IF(AND(CD43="Não",T43<>"Não"),T43,CD43*(1+$E11))) -> NÃO | CF43: =IF(U43="Não",U43,IF(AND(CE43="Não",U43<>"Não"),U43,CE43*(1+$E11))) -> NÃO | CG43: =IF(V43="Não",V43,IF(AND(CF43="Não",V43<>"Não"),V43,CF43*(1+$E11))) -> NÃO | CH43: =IF(W43="Não",W43,IF(AND(CG43="Não",W43<>"Não"),W43,CG43*(1+$E11))) -> NÃO | CI43: =IF(X43="Não",X43,IF(AND(CH43="Não",X43<>"Não"),X43,CH43*(1+$E11))) -> NÃO | CJ43: =IF(Y43="Não",Y43,IF(AND(CI43="Não",Y43<>"Não"),Y43,CI43*(1+$E11))) -> NÃO | ... EI43: =IF(BX43="Não",BX43,IF(AND(EH43="Não",BX43<>"Não"),BX43,EH43*(1+$E11))) -> NÃO
P44: 7 | Q44: =IF(AND(Q$5>=$M12,Q$5<=$N12),IF($F12="MENSAL",$D12,"NÃO"),"NÃO") -> NÃO | R44: =IF(AND(R$5>=$M12,R$5<=$N12),IF($F12="MENSAL",IF(Q44="NÃO",$D12,(Q44*$E12)+Q44),"NÃO"),"NÃO") -> NÃO | S44: =IF(AND(S$5>=$M12,S$5<=$N12),IF($F12="MENSAL",IF(R44="NÃO",$D12,(R44*$E12)+R44),"NÃO"),"NÃO") -> NÃO | T44: =IF(AND(T$5>=$M12,T$5<=$N12),IF($F12="MENSAL",IF(S44="NÃO",$D12,(S44*$E12)+S44),"NÃO"),"NÃO") -> NÃO | U44: =IF(AND(U$5>=$M12,U$5<=$N12),IF($F12="MENSAL",IF(T44="NÃO",$D12,(T44*$E12)+T44),"NÃO"),"NÃO") -> NÃO | V44: =IF(AND(V$5>=$M12,V$5<=$N12),IF($F12="MENSAL",IF(U44="NÃO",$D12,(U44*$E12)+U44),"NÃO"),"NÃO") -> NÃO | W44: =IF(AND(W$5>=$M12,W$5<=$N12),IF($F12="MENSAL",IF(V44="NÃO",$D12,(V44*$E12)+V44),"NÃO"),"NÃO") -> NÃO | X44: =IF(AND(X$5>=$M12,X$5<=$N12),IF($F12="MENSAL",IF(W44="NÃO",$D12,(W44*$E12)+W44),"NÃO"),"NÃO") -> NÃO | Y44: =IF(AND(Y$5>=$M12,Y$5<=$N12),IF($F12="MENSAL",IF(X44="NÃO",$D12,(X44*$E12)+X44),"NÃO"),"NÃO") -> NÃO | ... BX44: =IF(AND(BX$5>=$M12,BX$5<=$N12),IF($F12="MENSAL",IF(BW44="NÃO",$D12,(BW44*$E12)+BW44),"NÃO"),"NÃO") -> NÃO | CA44: 7 | CB44: =Q44 -> NÃO | CC44: =IF(R44="Não",R44,IF(AND(CB44="Não",R44<>"Não"),R44,CB44*(1+$E12))) -> NÃO | CD44: =IF(S44="Não",S44,IF(AND(CC44="Não",S44<>"Não"),S44,CC44*(1+$E12))) -> NÃO | CE44: =IF(T44="Não",T44,IF(AND(CD44="Não",T44<>"Não"),T44,CD44*(1+$E12))) -> NÃO | CF44: =IF(U44="Não",U44,IF(AND(CE44="Não",U44<>"Não"),U44,CE44*(1+$E12))) -> NÃO | CG44: =IF(V44="Não",V44,IF(AND(CF44="Não",V44<>"Não"),V44,CF44*(1+$E12))) -> NÃO | CH44: =IF(W44="Não",W44,IF(AND(CG44="Não",W44<>"Não"),W44,CG44*(1+$E12))) -> NÃO | CI44: =IF(X44="Não",X44,IF(AND(CH44="Não",X44<>"Não"),X44,CH44*(1+$E12))) -> NÃO | CJ44: =IF(Y44="Não",Y44,IF(AND(CI44="Não",Y44<>"Não"),Y44,CI44*(1+$E12))) -> NÃO | ... EI44: =IF(BX44="Não",BX44,IF(AND(EH44="Não",BX44<>"Não"),BX44,EH44*(1+$E12))) -> NÃO
P45: 8 | Q45: =IF(AND(Q$5>=$M13,Q$5<=$N13),IF($F13="MENSAL",$D13,"NÃO"),"NÃO") -> NÃO | R45: =IF(AND(R$5>=$M13,R$5<=$N13),IF($F13="MENSAL",IF(Q45="NÃO",$D13,(Q45*$E13)+Q45),"NÃO"),"NÃO") -> NÃO | S45: =IF(AND(S$5>=$M13,S$5<=$N13),IF($F13="MENSAL",IF(R45="NÃO",$D13,(R45*$E13)+R45),"NÃO"),"NÃO") -> NÃO | T45: =IF(AND(T$5>=$M13,T$5<=$N13),IF($F13="MENSAL",IF(S45="NÃO",$D13,(S45*$E13)+S45),"NÃO"),"NÃO") -> NÃO | U45: =IF(AND(U$5>=$M13,U$5<=$N13),IF($F13="MENSAL",IF(T45="NÃO",$D13,(T45*$E13)+T45),"NÃO"),"NÃO") -> NÃO | V45: =IF(AND(V$5>=$M13,V$5<=$N13),IF($F13="MENSAL",IF(U45="NÃO",$D13,(U45*$E13)+U45),"NÃO"),"NÃO") -> NÃO | W45: =IF(AND(W$5>=$M13,W$5<=$N13),IF($F13="MENSAL",IF(V45="NÃO",$D13,(V45*$E13)+V45),"NÃO"),"NÃO") -> NÃO | X45: =IF(AND(X$5>=$M13,X$5<=$N13),IF($F13="MENSAL",IF(W45="NÃO",$D13,(W45*$E13)+W45),"NÃO"),"NÃO") -> NÃO | Y45: =IF(AND(Y$5>=$M13,Y$5<=$N13),IF($F13="MENSAL",IF(X45="NÃO",$D13,(X45*$E13)+X45),"NÃO"),"NÃO") -> NÃO | ... BX45: =IF(AND(BX$5>=$M13,BX$5<=$N13),IF($F13="MENSAL",IF(BW45="NÃO",$D13,(BW45*$E13)+BW45),"NÃO"),"NÃO") -> NÃO | CA45: 8 | CB45: =Q45 -> NÃO | CC45: =IF(R45="Não",R45,IF(AND(CB45="Não",R45<>"Não"),R45,CB45*(1+$E13))) -> NÃO | CD45: =IF(S45="Não",S45,IF(AND(CC45="Não",S45<>"Não"),S45,CC45*(1+$E13))) -> NÃO | CE45: =IF(T45="Não",T45,IF(AND(CD45="Não",T45<>"Não"),T45,CD45*(1+$E13))) -> NÃO | CF45: =IF(U45="Não",U45,IF(AND(CE45="Não",U45<>"Não"),U45,CE45*(1+$E13))) -> NÃO | CG45: =IF(V45="Não",V45,IF(AND(CF45="Não",V45<>"Não"),V45,CF45*(1+$E13))) -> NÃO | CH45: =IF(W45="Não",W45,IF(AND(CG45="Não",W45<>"Não"),W45,CG45*(1+$E13))) -> NÃO | CI45: =IF(X45="Não",X45,IF(AND(CH45="Não",X45<>"Não"),X45,CH45*(1+$E13))) -> NÃO | CJ45: =IF(Y45="Não",Y45,IF(AND(CI45="Não",Y45<>"Não"),Y45,CI45*(1+$E13))) -> NÃO | ... EI45: =IF(BX45="Não",BX45,IF(AND(EH45="Não",BX45<>"Não"),BX45,EH45*(1+$E13))) -> NÃO
